Workbook
Name _ftn1: '2'!#REF!
Name _ftnref1: '1'!$D$27
Name _ftnref3: '2'!$D$9

Sheet Capa
A1: MEGplan MEGIA 2026 | E1: Registro de Avaliações PPQG MEGIA | J1: #VALUE!
A2: v0
I3: Token de licenciamento anual--->
A5: Organiz.: | I5: =IF(E$7<>ABS(YEAR(TODAY())-$J$3),"Não Licenciada","") -> Não Licenciada
A6: Nível: | B6: 0 | C6: Processos Gerenciais que aparecerem em vermelho são de outro Nível e não devem ser respondidos. Usar Nível zero para "B".
A7: CNPJ: | E7: =IF(ISNUMBER(VALUE(RIGHT(B7,2))), VALUE(RIGHT(B7,2)),0) -> 0
A8: O documento com os Critérios PPQG MEGIA estão disponíveis no site www.ppqg.org.br. Os Critérios (abas) de 1 a 7 avaliam Processos Gerenciais e os Itens (abas) de 8.1 a 8.7 avaliam os Resultados no Critério 8. A pontuação alcançada na avaliação é apresentada na aba 'Quadro Geral'. Para planilha não licenciada, o cálculo é válido apenas para Critério 1 e Item 8.1. Para licenciar e ter garantia contra falhas e suporte remoto, solicitar token numérico de licenciamento, passando o CNPJ e Nome da Empresa ou Instituição para 'ajuda@compumax.com.br' ou, se for Examinador do ciclo, solicitar ao IPEG. A renovação anual do token é gratuita para a planilha do ciclo e deve ser solicitada no email citado. As abas de 1 a 8.7 estão protegidas pela senha "/" para proteger fórmulas contra alteração acidental. Se a senha for modificada ou fórmulas alteradas, não há garantia. | J8: Controle de versão
P9: Pts | Q9: Qtd
A10: Estatísticas | P10: 125 | Q10: 26
C11: Estatísticas | P11: 250 | Q11: 48
A12: Critério | C12: PGs Tots | D12: PGs Avals | E12: % | G12: Pesos dos Graus de avaliação de PGs para o Nível | P12: 500 | Q12: 66
A13: 1 | C13: =COUNTIF('1'!A5:'1'!A30,"=1") -> 6 | D13: =COUNTIFS('1'!A4:'1'!A30,">0",'1'!K4:'1'!K30,"<>") -> 0 | E13: =D13/C13 -> 0 | G13: 1 | H13: 2 | I13: 3 | J13: 4 | P13: 1000 | Q13: 80
A14: 2 | C14: =COUNTIF('2'!A5:'2'!A28,"=1") -> 5 | D14: =COUNTIFS('2'!A4:'2'!A28,">0",'2'!M4:'2'!M28,"<>") -> 0 | E14: =D14/C14 -> 0 | G14: =IF($B$6=0,100,IF($B$6=1,50,IF($B$6=2,33,25))) -> 100 | H14: =IF($B$6=0,100,IF($B$6=1,100,IF($B$6=2,67,50))) -> 100 | I14: =IF($B$6=0,100,IF($B$6=1,100,IF($B$6=2,100,75))) -> 100 | J14: =IF($B$6=0,100,IF($B$6=1,100,IF($B$6=2,100,100))) -> 100
A15: 3 | C15: =COUNTIF('3'!A5:'3'!A22,"=1") -> 3 | D15: =COUNTIFS('3'!A4:'3'!A22,">0",'3'!M4:'3'!M22,"<>") -> 0 | E15: =D15/C15 -> 0
A16: 4 | C16: =COUNTIF('4'!A5:'4'!A19,"=1") -> 2 | D16: =COUNTIFS('4'!A4:'4'!A19,">0",'4'!M4:'4'!M19,"<>") -> 0 | E16: =D16/C16 -> 0
A17: 5 | C17: =COUNTIF('5'!A5:'5'!A23,"=1") -> 1 | D17: =COUNTIFS('5'!A4:'5'!A23,">0",'5'!M4:'5'!M23,"<>") -> 0 | E17: =D17/C17 -> 0
A18: 6 | C18: =COUNTIF('6'!A5:'6'!A20,"=1") -> 3 | D18: =COUNTIFS('6'!A4:'6'!A20,">0",'6'!M4:'6'!M20,"<>") -> 0 | E18: =D18/C18 -> 0
A19: 7 | C19: =COUNTIF('7'!A5:'7'!A27,"=1") -> 6 | D19: =COUNTIFS('7'!A4:'7'!A27,">0",'7'!M4:'7'!M27,"<>") -> 0 | E19: =D19/C19 -> 0
A20: Total | C20: =SUM(C13:C19) -> 26 | D20: =SUM(D13:D19) -> 0 | E20: =D20/C20 -> 0
A22: #VALUE! | I22: Desenvolvido por

Sheet 1
D1: =Capa!A1 -> MEGplan MEGIA 2026 | F1: Fatores de avaliação
B2: Nv | C2: Cód | F2: Enx | G2: Proa | H2: Digit | I2: IA? | J2: Abrg | K2: Efet | L2: Inov | M2: Orig? | N2: Bônus | O2: Comentário | P2: + / - | Q2: Prática
D3: =IF(SUM(A4:A30)<=0,0,COUNTIFS(A4:A30,">0",K4:K30,"<>")/SUM(A4:A30)) -> 0 | F3: =MIN(IF(OR(Capa!$B$6=0,Capa!$B$6=1),AVERAGE(F6,F12,F21),(F6*'Quadro Geral'!D5+F12*'Quadro Geral'!D6+F21*'Quadro Geral'!D7)/'Quadro Geral'!D4)+N3,1) -> 0 | N3: =IF(OR(AND(Capa!$B$6=2,I4>0),AND(Capa!$B$6=3,I4>1)),0.05,0)+IF(AND(Capa!$B$6=3,I4=1),0.02,0)+IF(OR(AND(Capa!$B$6=2,M4>0),AND(Capa!$B$6=3,M4>1)),0.05,0)+IF(AND(Capa!$B$6=3,M4=1),0.02,0) -> 0
B4: =IF(ISBLANK(C4),"",IF(ISERR(SEARCH(C4&"\","<B>\<1>\<2>\<3>\")),IF(AND(NOT(ISBLANK(B2)),B2<=3),B2,""), IF(SEARCH(C4&"\","<B>\<1>\<2>\<3>\")=1,0,IF(SEARCH(C4&"\","<B>\<1>\<2>\<3>\")=5,1,IF(SEARCH(C4&"\","<B>\<1>\<2>\<3>\")=9,2,IF(SEARCH(C4&"\","<B>\<1>\<2>\<3>\")=13,3,"")))))) | D4: CRITÉRIO 1 - LIDERANÇA | E4: Este Critério avalia os processos gerenciais de desenvolvimento da cultura, governança e exercício da liderança. | F4: =AVERAGE(F7,F13,F22) -> 0 | G4: =AVERAGE(G7,G13,G22) -> 0 | H4: =AVERAGE(H7,H13,H22) -> 0 | I4: =I7+I13+I22 -> 0 | J4: =AVERAGE(J7,J13,J22) -> 0 | K4: =AVERAGE(K7,K13,K22) -> 0 | L4: =AVERAGE(L7,L13,L22) -> 0 | M4: =M7+M13+M22 -> 0
B5: =IF(ISBLANK(C5),"",IF(ISERR(SEARCH(C5&"\","<B>\<1>\<2>\<3>\")),IF(AND(NOT(ISBLANK(#REF!)),#REF!<=3),#REF!,""), IF(SEARCH(C5&"\","<B>\<1>\<2>\<3>\")=1,0,IF(SEARCH(C5&"\","<B>\<1>\<2>\<3>\")=5,1,IF(SEARCH(C5&"\","<B>\<1>\<2>\<3>\")=9,2,IF(SEARCH(C5&"\","<B>\<1>\<2>\<3>\")=13,3,""))))))
B6: =IF(ISBLANK(C6),"",IF(ISERR(SEARCH(C6&"\","<B>\<1>\<2>\<3>\")),IF(AND(NOT(ISBLANK(B5)),B5<=3),B5,""), IF(SEARCH(C6&"\","<B>\<1>\<2>\<3>\")=1,0,IF(SEARCH(C6&"\","<B>\<1>\<2>\<3>\")=5,1,IF(SEARCH(C6&"\","<B>\<1>\<2>\<3>\")=9,2,IF(SEARCH(C6&"\","<B>\<1>\<2>\<3>\")=13,3,"")))))) | D6: ='Quadro Geral'!B5 -> 1.1 Desenvolvimento da cultura | F6: =(F7*20+G7*10+H7*10+J7*30+K7*15+L7*15)/100 -> 0
B7: =IF(ISBLANK(C7),"",IF(ISERR(SEARCH(C7&"\","<B>\<1>\<2>\<3>\")),IF(AND(NOT(ISBLANK(B6)),B6<=3),B6,""), IF(SEARCH(C7&"\","<B>\<1>\<2>\<3>\")=1,0,IF(SEARCH(C7&"\","<B>\<1>\<2>\<3>\")=5,1,IF(SEARCH(C7&"\","<B>\<1>\<2>\<3>\")=9,2,IF(SEARCH(C7&"\","<B>\<1>\<2>\<3>\")=13,3,"")))))) | D7: =IF(SUM(A8:A11)<=0,0,COUNTIF(K8:K11,"<>")/SUM(A8:A11)) -> 0 | E7: Finalidade | F7: =(COUNTIFS($A7:$A11,">0",$C7:$C11,"=PG",F7:F11,"=1")*Capa!$G$14+COUNTIFS($A7:$A11,">0",$C7:$C11,"=PG",F7:F11,"=2")*Capa!$H$14+COUNTIFS($A7:$A11,">0",$C7:$C11,"=PG",F7:F11,"=3")*Capa!$I$14+COUNTIFS($A7:$A11,">0",$C7:$C11,"=PG",F7:F11,"=4")*Capa!$J$14)/(COUNTIFS($A7:$A11,">0",$C7:$C11,"=PG")*100) -> 0 | G7: =(COUNTIFS($A7:$A11,">0",$C7:$C11,"=PG",G7:G11,"=1")*Capa!$G$14+COUNTIFS($A7:$A11,">0",$C7:$C11,"=PG",G7:G11,"=2")*Capa!$H$14+COUNTIFS($A7:$A11,">0",$C7:$C11,"=PG",G7:G11,"=3")*Capa!$I$14+COUNTIFS($A7:$A11,">0",$C7:$C11,"=PG",G7:G11,"=4")*Capa!$J$14)/(COUNTIFS($A7:$A11,">0",$C7:$C11,"=PG")*100) -> 0 | H7: =(COUNTIFS($A7:$A11,">0",$C7:$C11,"=PG",H7:H11,"=1")*Capa!$G$14+COUNTIFS($A7:$A11,">0",$C7:$C11,"=PG",H7:H11,"=2")*Capa!$H$14+COUNTIFS($A7:$A11,">0",$C7:$C11,"=PG",H7:H11,"=3")*Capa!$I$14+COUNTIFS($A7:$A11,">0",$C7:$C11,"=PG",H7:H11,"=4")*Capa!$J$14)/(COUNTIFS($A7:$A11,">0",$C7:$C11,"=PG")*100) -> 0 | I7: =COUNTIFS($A8:$A10,">0",I8:I10,">0") -> 0 | J7: =(COUNTIFS($A7:$A11,">0",$C7:$C11,"=PG",J7:J11,"=1")*Capa!$G$14+COUNTIFS($A7:$A11,">0",$C7:$C11,"=PG",J7:J11,"=2")*Capa!$H$14+COUNTIFS($A7:$A11,">0",$C7:$C11,"=PG",J7:J11,"=3")*Capa!$I$14+COUNTIFS($A7:$A11,">0",$C7:$C11,"=PG",J7:J11,"=4")*Capa!$J$14)/(COUNTIFS($A7:$A11,">0",$C7:$C11,"=PG")*100) -> 0 | K7: =(COUNTIFS($A7:$A11,">0",$C7:$C11,"=PG",K7:K11,"=1")*Capa!$G$14+COUNTIFS($A7:$A11,">0",$C7:$C11,"=PG",K7:K11,"=2")*Capa!$H$14+COUNTIFS($A7:$A11,">0",$C7:$C11,"=PG",K7:K11,"=3")*Capa!$I$14+COUNTIFS($A7:$A11,">0",$C7:$C11,"=PG",K7:K11,"=4")*Capa!$J$14)/(COUNTIFS($A7:$A11,">0",$C7:$C11,"=PG")*100) -> 0 | L7: =(COUNTIFS($A7:$A11,">0",$C7:$C11,"=PG",L7:L11,"=1")*Capa!$G$14+COUNTIFS($A7:$A11,">0",$C7:$C11,"=PG",L7:L11,"=2")*Capa!$H$14+COUNTIFS($A7:$A11,">0",$C7:$C11,"=PG",L7:L11,"=3")*Capa!$I$14+COUNTIFS($A7:$A11,">0",$C7:$C11,"=PG",L7:L11,"=4")*Capa!$J$14)/(COUNTIFS($A7:$A11,">0",$C7:$C11,"=PG")*100) -> 0 | M7: =COUNTIFS($A8:$A10,">0",M8:M10,">0") -> 0
A8: =IF(Capa!$B$6>=B8,1,0) -> 1 | B8: 0 | C8: PG | D8: a) Definição de valores, princípios e outras diretrizes organizacionais comprometidas com o desenvolvimento sustentável | E8: Enfatizar a filosofia e direcionamento valorizados pela organização para poder realizar sua visão de futuro, com desenvolvimento sustentável e geração de valor para as partes interessadas.
A9: =IF(Capa!$B$6>=B9,1,0) -> 0 | B9: 1 | C9: PG | D9: b) Conduta ética nas relações | E9: Formalizar, disseminar, atender e permitir o controle da integridade de ações e do atendimento a padrões de conduta esperados e avaliar a sua observância, nas relações internas e com demais partes interessadas.
A10: =IF(Capa!$B$6>=B10,1,0) -> 0 | B10: 2 | C10: PG | D10: c) Promoção de mudanças culturais | E10: Compreender os traços culturais existentes, funcionais e disfuncionais , estabelecendo e implementando planos para a mudança cultural, que promovam as estratégias, a excelência da gestão e o desenvolvimento sustentável.
B11: =IF(ISBLANK(C11),"",IF(ISERR(SEARCH(C11&"\","<B>\<1>\<2>\<3>\")),IF(AND(NOT(ISBLANK(#REF!)),#REF!<=3),#REF!,""), IF(SEARCH(C11&"\","<B>\<1>\<2>\<3>\")=1,0,IF(SEARCH(C11&"\","<B>\<1>\<2>\<3>\")=5,1,IF(SEARCH(C11&"\","<B>\<1>\<2>\<3>\")=9,2,IF(SEARCH(C11&"\","<B>\<1>\<2>\<3>\")=13,3,""))))))
B12: =IF(ISBLANK(C12),"",IF(ISERR(SEARCH(C12&"\","<B>\<1>\<2>\<3>\")),IF(AND(NOT(ISBLANK(B11)),B11<=3),B11,""), IF(SEARCH(C12&"\","<B>\<1>\<2>\<3>\")=1,0,IF(SEARCH(C12&"\","<B>\<1>\<2>\<3>\")=5,1,IF(SEARCH(C12&"\","<B>\<1>\<2>\<3>\")=9,2,IF(SEARCH(C12&"\","<B>\<1>\<2>\<3>\")=13,3,"")))))) | D12: ='Quadro Geral'!B6 -> 1.2 Governança | F12: =(F13*20+G13*10+H13*10+J13*30+K13*15+L13*15)/100 -> 0
B13: =IF(ISBLANK(C13),"",IF(ISERR(SEARCH(C13&"\","<B>\<1>\<2>\<3>\")),IF(AND(NOT(ISBLANK(B12)),B12<=3),B12,""), IF(SEARCH(C13&"\","<B>\<1>\<2>\<3>\")=1,0,IF(SEARCH(C13&"\","<B>\<1>\<2>\<3>\")=5,1,IF(SEARCH(C13&"\","<B>\<1>\<2>\<3>\")=9,2,IF(SEARCH(C13&"\","<B>\<1>\<2>\<3>\")=13,3,"")))))) | D13: =IF(SUM(A14:A20)<=0,0,COUNTIF(K14:K20,"<>")/SUM(A14:A20)) -> 0 | E13: Finalidade | F13: =(COUNTIFS($A13:$A20,">0",$C13:$C20,"=PG",F13:F20,"=1")*Capa!$G$14+COUNTIFS($A13:$A20,">0",$C13:$C20,"=PG",F13:F20,"=2")*Capa!$H$14+COUNTIFS($A13:$A20,">0",$C13:$C20,"=PG",F13:F20,"=3")*Capa!$I$14+COUNTIFS($A13:$A20,">0",$C13:$C20,"=PG",F13:F20,"=4")*Capa!$J$14)/(COUNTIFS($A13:$A20,">0",$C13:$C20,"=PG")*100) -> 0 | G13: =(COUNTIFS($A13:$A20,">0",$C13:$C20,"=PG",G13:G20,"=1")*Capa!$G$14+COUNTIFS($A13:$A20,">0",$C13:$C20,"=PG",G13:G20,"=2")*Capa!$H$14+COUNTIFS($A13:$A20,">0",$C13:$C20,"=PG",G13:G20,"=3")*Capa!$I$14+COUNTIFS($A13:$A20,">0",$C13:$C20,"=PG",G13:G20,"=4")*Capa!$J$14)/(COUNTIFS($A13:$A20,">0",$C13:$C20,"=PG")*100) -> 0 | H13: =(COUNTIFS($A13:$A20,">0",$C13:$C20,"=PG",H13:H20,"=1")*Capa!$G$14+COUNTIFS($A13:$A20,">0",$C13:$C20,"=PG",H13:H20,"=2")*Capa!$H$14+COUNTIFS($A13:$A20,">0",$C13:$C20,"=PG",H13:H20,"=3")*Capa!$I$14+COUNTIFS($A13:$A20,">0",$C13:$C20,"=PG",H13:H20,"=4")*Capa!$J$14)/(COUNTIFS($A13:$A20,">0",$C13:$C20,"=PG")*100) -> 0 | I13: =COUNTIFS($A14:$A19,">0",I14:I19,">0") -> 0 | J13: =(COUNTIFS($A13:$A20,">0",$C13:$C20,"=PG",J13:J20,"=1")*Capa!$G$14+COUNTIFS($A13:$A20,">0",$C13:$C20,"=PG",J13:J20,"=2")*Capa!$H$14+COUNTIFS($A13:$A20,">0",$C13:$C20,"=PG",J13:J20,"=3")*Capa!$I$14+COUNTIFS($A13:$A20,">0",$C13:$C20,"=PG",J13:J20,"=4")*Capa!$J$14)/(COUNTIFS($A13:$A20,">0",$C13:$C20,"=PG")*100) -> 0 | K13: =(COUNTIFS($A13:$A20,">0",$C13:$C20,"=PG",K13:K20,"=1")*Capa!$G$14+COUNTIFS($A13:$A20,">0",$C13:$C20,"=PG",K13:K20,"=2")*Capa!$H$14+COUNTIFS($A13:$A20,">0",$C13:$C20,"=PG",K13:K20,"=3")*Capa!$I$14+COUNTIFS($A13:$A20,">0",$C13:$C20,"=PG",K13:K20,"=4")*Capa!$J$14)/(COUNTIFS($A13:$A20,">0",$C13:$C20,"=PG")*100) -> 0 | L13: =(COUNTIFS($A13:$A20,">0",$C13:$C20,"=PG",L13:L20,"=1")*Capa!$G$14+COUNTIFS($A13:$A20,">0",$C13:$C20,"=PG",L13:L20,"=2")*Capa!$H$14+COUNTIFS($A13:$A20,">0",$C13:$C20,"=PG",L13:L20,"=3")*Capa!$I$14+COUNTIFS($A13:$A20,">0",$C13:$C20,"=PG",L13:L20,"=4")*Capa!$J$14)/(COUNTIFS($A13:$A20,">0",$C13:$C20,"=PG")*100) -> 0 | M13: =COUNTIFS($A14:$A19,">0",M14:M19,">0") -> 0
A14: =IF(Capa!$B$6>=B14,1,0) -> 0 | B14: 3 | C14: PG | D14: a) Estruturação da governança baseada em boas práticas | E14: Buscar assegurar o estabelecimento de rumos e controle externo independentes e íntegros sobre a organização, de forma compatível com os melhores modelos e práticas, considerando a capacidade das lideranças da estrutura, de orientar decisões, tratar dilemas relevantes, administrar interesses concorrentes e utilizar os resultados obtidos para o aprimoramento da gestão.
A15: =IF(Capa!$B$6>=B15,1,0) -> 0 | B15: 1 | C15: PG | D15: b) Controle de riscos | E15: Monitorar o levantamento e o tratamento dos riscos existentes, de acordo com prioridades determinadas pelo nível de exposição a consequências adversas e favoráveis das incertezas e pelo nível de resiliência almejado para o negócio.
A16: 1 | B16: 2 | C16: PG | D16: c) Continuidade do negócio | E16: Manter estrutura específica, com acesso a recursos essenciais pré-definidos, incluindo rede de radiocomunicação móvel independente, e métodos necessários para restaurar tempestivamente a capacidade gerencial e operacional ao regime de normalidade após eventos de ruptura potenciais. Promover a resiliência do negócio frente a eventos de ruptura, o tratamento dos riscos associados, a simulação de prontidão e da capacidade de restauração e a prestação de contas da atualização e viabilidade dos planos aos controladores e instâncias de controle de outras partes interessadas nos temas aplicáveis.
A17: =IF(Capa!$B$6>=B17,1,0) -> 0 | B17: 2 | C17: PG | D17: d) Conformidade regulatória e com diretrizes internas e externas | E17: Controlar com independência a legalidade e a aderência às diretrizes do controlador, de outras instâncias de controle internas e externas, incluindo de contratos e órgãos reguladores.
A18: =IF(Capa!$B$6>=B18,1,0) -> 1 | B18: 0 | C18: PG | D18: e) Prestação de contas de fatores chave às partes interessadas aplicáveis, incluindo das ações de desenvolvimento sustentável | E18: Dar transparência sobre os resultados e riscos aos controladores e instâncias de controle internas e externas nos temas aplicáveis, incluindo relativos ao desenvolvimento sustentável, resiliência e continuidade do negócio, segurança digital e conformidade com diretrizes e contratos.
A19: =IF(Capa!$B$6>=B19,1,0) -> 0 | B19: 1 | C19: PG | D19: f) Acompanhamento do tratamento de denúncias relevantes de partes interessadas | E19: Indicar oportunidades de ajustes nas diretrizes organizacionais para prevenção de fatos geradores de denúncias e verificar a implementação dos ajustes e comunicar as partes envolvidas.
B20: =IF(ISBLANK(C20),"",IF(ISERR(SEARCH(C20&"\","<B>\<1>\<2>\<3>\")),IF(AND(NOT(ISBLANK(#REF!)),#REF!<=3),#REF!,""), IF(SEARCH(C20&"\","<B>\<1>\<2>\<3>\")=1,0,IF(SEARCH(C20&"\","<B>\<1>\<2>\<3>\")=5,1,IF(SEARCH(C20&"\","<B>\<1>\<2>\<3>\")=9,2,IF(SEARCH(C20&"\","<B>\<1>\<2>\<3>\")=13,3,""))))))
B21: =IF(ISBLANK(C21),"",IF(ISERR(SEARCH(C21&"\","<B>\<1>\<2>\<3>\")),IF(AND(NOT(ISBLANK(B20)),B20<=3),B20,""), IF(SEARCH(C21&"\","<B>\<1>\<2>\<3>\")=1,0,IF(SEARCH(C21&"\","<B>\<1>\<2>\<3>\")=5,1,IF(SEARCH(C21&"\","<B>\<1>\<2>\<3>\")=9,2,IF(SEARCH(C21&"\","<B>\<1>\<2>\<3>\")=13,3,"")))))) | D21: ='Quadro Geral'!B7 -> 1.3 Exercício da liderança | F21: =(F22*20+G22*10+H22*10+J22*30+K22*15+L22*15)/100 -> 0
B22: =IF(ISBLANK(C22),"",IF(ISERR(SEARCH(C22&"\","<B>\<1>\<2>\<3>\")),IF(AND(NOT(ISBLANK(B21)),B21<=3),B21,""), IF(SEARCH(C22&"\","<B>\<1>\<2>\<3>\")=1,0,IF(SEARCH(C22&"\","<B>\<1>\<2>\<3>\")=5,1,IF(SEARCH(C22&"\","<B>\<1>\<2>\<3>\")=9,2,IF(SEARCH(C22&"\","<B>\<1>\<2>\<3>\")=13,3,"")))))) | D22: =IF(SUM(A23:A30)<=0,0,COUNTIF(K23:K30,"<>")/SUM(A23:A30)) -> 0 | E22: Finalidade | F22: =(COUNTIFS($A22:$A30,">0",$C22:$C30,"=PG",F22:F30,"=1")*Capa!$G$14+COUNTIFS($A22:$A30,">0",$C22:$C30,"=PG",F22:F30,"=2")*Capa!$H$14+COUNTIFS($A22:$A30,">0",$C22:$C30,"=PG",F22:F30,"=3")*Capa!$I$14+COUNTIFS($A22:$A30,">0",$C22:$C30,"=PG",F22:F30,"=4")*Capa!$J$14)/(COUNTIFS($A22:$A30,">0",$C22:$C30,"=PG")*100) -> 0 | G22: =(COUNTIFS($A22:$A30,">0",$C22:$C30,"=PG",G22:G30,"=1")*Capa!$G$14+COUNTIFS($A22:$A30,">0",$C22:$C30,"=PG",G22:G30,"=2")*Capa!$H$14+COUNTIFS($A22:$A30,">0",$C22:$C30,"=PG",G22:G30,"=3")*Capa!$I$14+COUNTIFS($A22:$A30,">0",$C22:$C30,"=PG",G22:G30,"=4")*Capa!$J$14)/(COUNTIFS($A22:$A30,">0",$C22:$C30,"=PG")*100) -> 0 | H22: =(COUNTIFS($A22:$A30,">0",$C22:$C30,"=PG",H22:H30,"=1")*Capa!$G$14+COUNTIFS($A22:$A30,">0",$C22:$C30,"=PG",H22:H30,"=2")*Capa!$H$14+COUNTIFS($A22:$A30,">0",$C22:$C30,"=PG",H22:H30,"=3")*Capa!$I$14+COUNTIFS($A22:$A30,">0",$C22:$C30,"=PG",H22:H30,"=4")*Capa!$J$14)/(COUNTIFS($A22:$A30,">0",$C22:$C30,"=PG")*100) -> 0 | I22: =COUNTIFS($A23:$A29,">0",I23:I29,">0") -> 0 | J22: =(COUNTIFS($A22:$A30,">0",$C22:$C30,"=PG",J22:J30,"=1")*Capa!$G$14+COUNTIFS($A22:$A30,">0",$C22:$C30,"=PG",J22:J30,"=2")*Capa!$H$14+COUNTIFS($A22:$A30,">0",$C22:$C30,"=PG",J22:J30,"=3")*Capa!$I$14+COUNTIFS($A22:$A30,">0",$C22:$C30,"=PG",J22:J30,"=4")*Capa!$J$14)/(COUNTIFS($A22:$A30,">0",$C22:$C30,"=PG")*100) -> 0 | K22: =(COUNTIFS($A22:$A30,">0",$C22:$C30,"=PG",K22:K30,"=1")*Capa!$G$14+COUNTIFS($A22:$A30,">0",$C22:$C30,"=PG",K22:K30,"=2")*Capa!$H$14+COUNTIFS($A22:$A30,">0",$C22:$C30,"=PG",K22:K30,"=3")*Capa!$I$14+COUNTIFS($A22:$A30,">0",$C22:$C30,"=PG",K22:K30,"=4")*Capa!$J$14)/(COUNTIFS($A22:$A30,">0",$C22:$C30,"=PG")*100) -> 0 | L22: =(COUNTIFS($A22:$A30,">0",$C22:$C30,"=PG",L22:L30,"=1")*Capa!$G$14+COUNTIFS($A22:$A30,">0",$C22:$C30,"=PG",L22:L30,"=2")*Capa!$H$14+COUNTIFS($A22:$A30,">0",$C22:$C30,"=PG",L22:L30,"=3")*Capa!$I$14+COUNTIFS($A22:$A30,">0",$C22:$C30,"=PG",L22:L30,"=4")*Capa!$J$14)/(COUNTIFS($A22:$A30,">0",$C22:$C30,"=PG")*100) -> 0 | M22: =COUNTIFS($A23:$A29,">0",M23:M29,">0") -> 0
A23: =IF(Capa!$B$6>=B23,1,0) -> 0 | B23: 1 | C23: PG | D23: a) Interação da direção com as partes interessadas | E23: Avaliar o relacionamento em nível estratégico, identificar oportunidades e prioridades, demonstrar comprometimento e gerar credibilidade, sem intermediários, em comunicação direta com dirigentes das partes interessadas priorizadas..
A24: 1 | B24: 2 | C24: PG | D24: b) Monitoramento de cenários pela direção | E24: Liderar avaliações de potenciais mudanças de cenários, internos e externos, e os riscos associados, verificando a adequação do controle de riscos e dos planos para a continuidade do negócio.
A25: =IF(Capa!$B$6>=B25,1,0) -> 1 | B25: 0 | C25: PG | D25: c) Tomada de decisão, considerando as partes impactadas | E25: Decidir, no sistema de liderança apropriado, da alçada do líder ou em colegiado, acerca dos melhores rumos a seguir, à luz dos riscos para as partes impactadas, utilizando informações e experiências, com apoio de inteligência artificial aplicável, e assegurar a comunicação aos atores impactados pelas decisões tomadas, nos diferentes níveis e processos.
A26: =IF(Capa!$B$6>=B26,1,0) -> 0 | B26: 1 | C26: PG | D26: d) Acompanhamento das decisões tomadas pela direção | E26: Garantir que as ações deliberadas sejam comunicadas aos atores impactados pelas decisões tomadas, nos diferentes níveis e processos, e implementadas correta, tempestivamente e verificando sua eficácia.
A27: =IF(Capa!$B$6>=B27,1,0) -> 0 | B27: 3 | C27: PG | D27: e) Comunicação ativa de fatos relevantes às partes interessadas | E27: Manter as partes interessadas a par dos fatos relevantes que as afetem, fortalecendo o relacionamento ético e a confiança, e assegurar canais de acesso efetivos à organização.
A28: =IF(Capa!$B$6>=B28,1,0) -> 0 | B28: 2 | C28: PG | D28: f) Acompanhamento, pela direção, do tratamento de manifestações relevantes de partes interessadas | E28: Assegurar a resposta, tempestiva e com resolubilidade, das manifestações mais importantes das partes interessadas e atuar nas causas raízes do sistema de gestão, de forma integrada, para prevenir recorrência.
A29: =IF(Capa!$B$6>=B29,1,0) -> 1 | B29: 0 | C29: PG | D29: g) Adoção de modelo de gestão compatível com a excelência | E29: Configurar um sistema gerencial que promova os Fundamentos da Excelência, de forma compatível com o modelo de negócio, facilitando o entendimento do sistema pelos atores.
B30: =IF(ISBLANK(C30),"",IF(ISERR(SEARCH(C30&"\","<B>\<1>\<2>\<3>\")),IF(AND(NOT(ISBLANK(#REF!)),#REF!<=3),#REF!,""), IF(SEARCH(C30&"\","<B>\<1>\<2>\<3>\")=1,0,IF(SEARCH(C30&"\","<B>\<1>\<2>\<3>\")=5,1,IF(SEARCH(C30&"\","<B>\<1>\<2>\<3>\")=9,2,IF(SEARCH(C30&"\","<B>\<1>\<2>\<3>\")=13,3,""))))))

Sheet 2
D1: =Capa!A1 -> MEGplan MEGIA 2026 | F1: Fatores de avaliação
B2: Nv | C2: Cód | F2: Enx | G2: Proa | H2: Digit | I2: IA? | J2: Abrg | K2: Efet | L2: Inov | M2: Orig? | N2: Bônus | O2: Comentário | P2: + / - | Q2: Prática
D3: =IF(SUM(A4:A28)<=0,0,COUNTIFS(A4:A28,"=1",M4:M28,"<>")/SUM(A4:A28)) -> 0 | F3: =MIN(IF(OR(Capa!$B$6=0,Capa!$B$6=1),AVERAGE(F6,F13,F21),(F6*'Quadro Geral'!D9+F13*'Quadro Geral'!D10+F21*'Quadro Geral'!D11)/'Quadro Geral'!D8)+N3,1) -> 0 | N3: =IF(OR(AND(Capa!$B$6=2,I4>0),AND(Capa!$B$6=3,I4>1)),0.05,0)+IF(AND(Capa!$B$6=3,I4=1),0.02,0)+IF(OR(AND(Capa!$B$6=2,M4>0),AND(Capa!$B$6=3,M4>1)),0.05,0)+IF(AND(Capa!$B$6=3,M4=1),0.02,0) -> 0
B4: =IF(ISBLANK(C4),"",IF(ISERR(SEARCH(C4&"\","<B>\<1>\<2>\<3>\")),IF(AND(NOT(ISBLANK(B2)),B2<=3),B2,""), IF(SEARCH(C4&"\","<B>\<1>\<2>\<3>\")=1,0,IF(SEARCH(C4&"\","<B>\<1>\<2>\<3>\")=5,1,IF(SEARCH(C4&"\","<B>\<1>\<2>\<3>\")=9,2,IF(SEARCH(C4&"\","<B>\<1>\<2>\<3>\")=13,3,"")))))) | D4: CRITÉRIO 2 - ESTRATÉGIAS | E4: Este Critério avalia os processos gerenciais relativos à formulação das estratégias, desdobramento das estratégias e análise do desempenho da organização. | F4: =AVERAGE(F7,F14,F22) -> 0 | G4: =AVERAGE(G7,G14,G21) -> 0 | H4: =AVERAGE(H7,H14,H21) -> 0 | I4: =I7+I14+I22 -> 0 | J4: =AVERAGE(J7,J14,J21) -> 0 | K4: =AVERAGE(K7,K14,K21) -> 0 | L4: =AVERAGE(L7,L14,L21) -> 0 | M4: =M7+M14+M22 -> 0
B5: =IF(ISBLANK(C5),"",IF(ISERR(SEARCH(C5&"\","<B>\<1>\<2>\<3>\")),IF(AND(NOT(ISBLANK(#REF!)),#REF!<=3),#REF!,""), IF(SEARCH(C5&"\","<B>\<1>\<2>\<3>\")=1,0,IF(SEARCH(C5&"\","<B>\<1>\<2>\<3>\")=5,1,IF(SEARCH(C5&"\","<B>\<1>\<2>\<3>\")=9,2,IF(SEARCH(C5&"\","<B>\<1>\<2>\<3>\")=13,3,""))))))
B6: =IF(ISBLANK(C6),"",IF(ISERR(SEARCH(C6&"\","<B>\<1>\<2>\<3>\")),IF(AND(NOT(ISBLANK(B5)),B5<=3),B5,""), IF(SEARCH(C6&"\","<B>\<1>\<2>\<3>\")=1,0,IF(SEARCH(C6&"\","<B>\<1>\<2>\<3>\")=5,1,IF(SEARCH(C6&"\","<B>\<1>\<2>\<3>\")=9,2,IF(SEARCH(C6&"\","<B>\<1>\<2>\<3>\")=13,3,"")))))) | D6: ='Quadro Geral'!B9 -> 2.1 Formulação de estratégias | F6: =(F7*20+G7*10+H7*10+J7*30+K7*15+L7*15)/100 -> 0
B7: =IF(ISBLANK(C7),"",IF(ISERR(SEARCH(C7&"\","<B>\<1>\<2>\<3>\")),IF(AND(NOT(ISBLANK(B6)),B6<=3),B6,""), IF(SEARCH(C7&"\","<B>\<1>\<2>\<3>\")=1,0,IF(SEARCH(C7&"\","<B>\<1>\<2>\<3>\")=5,1,IF(SEARCH(C7&"\","<B>\<1>\<2>\<3>\")=9,2,IF(SEARCH(C7&"\","<B>\<1>\<2>\<3>\")=13,3,"")))))) | D7: =IF(SUM(A9:A12)<=0,0,COUNTIF(M9:M12,"<>")/SUM(A9:A12)) -> 0 | E7: Finalidade | F7: =(COUNTIFS($A7:$A12,">0",$C7:$C12,"=PG",F7:F12,"=1")*Capa!$G$14+COUNTIFS($A7:$A12,">0",$C7:$C12,"=PG",F7:F12,"=2")*Capa!$H$14+COUNTIFS($A7:$A12,">0",$C7:$C12,"=PG",F7:F12,"=3")*Capa!$I$14+COUNTIFS($A7:$A12,">0",$C7:$C12,"=PG",F7:F12,"=4")*Capa!$J$14)/(COUNTIFS($A7:$A12,">0",$C7:$C12,"=PG")*100) -> 0 | G7: =(COUNTIFS($A7:$A12,">0",$C7:$C12,"=PG",G7:G12,"=1")*Capa!$G$14+COUNTIFS($A7:$A12,">0",$C7:$C12,"=PG",G7:G12,"=2")*Capa!$H$14+COUNTIFS($A7:$A12,">0",$C7:$C12,"=PG",G7:G12,"=3")*Capa!$I$14+COUNTIFS($A7:$A12,">0",$C7:$C12,"=PG",G7:G12,"=4")*Capa!$J$14)/(COUNTIFS($A7:$A12,">0",$C7:$C12,"=PG")*100) -> 0 | H7: =(COUNTIFS($A7:$A12,">0",$C7:$C12,"=PG",H7:H12,"=1")*Capa!$G$14+COUNTIFS($A7:$A12,">0",$C7:$C12,"=PG",H7:H12,"=2")*Capa!$H$14+COUNTIFS($A7:$A12,">0",$C7:$C12,"=PG",H7:H12,"=3")*Capa!$I$14+COUNTIFS($A7:$A12,">0",$C7:$C12,"=PG",H7:H12,"=4")*Capa!$J$14)/(COUNTIFS($A7:$A12,">0",$C7:$C12,"=PG")*100) -> 0 | I7: =COUNTIFS($A9:$A11,">0",I9:I11,">0") -> 0 | J7: =(COUNTIFS($A7:$A12,">0",$C7:$C12,"=PG",J7:J12,"=1")*Capa!$G$14+COUNTIFS($A7:$A12,">0",$C7:$C12,"=PG",J7:J12,"=2")*Capa!$H$14+COUNTIFS($A7:$A12,">0",$C7:$C12,"=PG",J7:J12,"=3")*Capa!$I$14+COUNTIFS($A7:$A12,">0",$C7:$C12,"=PG",J7:J12,"=4")*Capa!$J$14)/(COUNTIFS($A7:$A12,">0",$C7:$C12,"=PG")*100) -> 0 | K7: =(COUNTIFS($A7:$A12,">0",$C7:$C12,"=PG",K7:K12,"=1")*Capa!$G$14+COUNTIFS($A7:$A12,">0",$C7:$C12,"=PG",K7:K12,"=2")*Capa!$H$14+COUNTIFS($A7:$A12,">0",$C7:$C12,"=PG",K7:K12,"=3")*Capa!$I$14+COUNTIFS($A7:$A12,">0",$C7:$C12,"=PG",K7:K12,"=4")*Capa!$J$14)/(COUNTIFS($A7:$A12,">0",$C7:$C12,"=PG")*100) -> 0 | L7: =(COUNTIFS($A7:$A12,">0",$C7:$C12,"=PG",L7:L12,"=1")*Capa!$G$14+COUNTIFS($A7:$A12,">0",$C7:$C12,"=PG",L7:L12,"=2")*Capa!$H$14+COUNTIFS($A7:$A12,">0",$C7:$C12,"=PG",L7:L12,"=3")*Capa!$I$14+COUNTIFS($A7:$A12,">0",$C7:$C12,"=PG",L7:L12,"=4")*Capa!$J$14)/(COUNTIFS($A7:$A12,">0",$C7:$C12,"=PG")*100) -> 0 | M7: =COUNTIFS($A9:$A10,">0",M9:M10,">0") -> 0
A8: =IF(Capa!$B$6>=B8,1,0) -> 1 | B8: 0 | C8: PG | D8: a) Definição da esfera de influência e objetivos | E8: Inventariar e conhecer as partes interessadas e redes de pessoas ou organizações que são influenciadas pela organização e que a influenciam, identificando os anseios e interações mútuas e sua importância relativa (pesos), para as partes e para o desenvolvimento sustentável, e estabelecer o rumos esperados pelos proprietários, mantenedores ou instituidores, associados à visão e/ou missão crítica ou objeto social da organização.
A9: =IF(Capa!$B$6>=B9,1,0) -> 0 | B9: 1 | C9: PG | D9: b) Mapeamento de adversidades e oportunidades e formas de tratamento | E9: Identificar e a avaliar continuamente os possíveis impactos das adversidades e oportunidades, atuais e emergentes, provenientes da análise dos ambientes interno e externo, para o alcance dos objetivos, e estabelecer estratégias potenciais ágeis para tratar esses aspectos.
A10: =IF(Capa!$B$6>=B10,1,0) -> 1 | B10: 0 | C10: PG | D10: c) Atualização das estratégias, seus indicadores e metas de curto e longo prazos | E10: Rever e decidir13, considerando as mudanças de cenários, entre as estratégias potenciais, aquelas a serem adotadas para maximizar o retorno frente aos objetivos, definindo indicadores14 e metas para avaliar o progresso das estratégias escolhidas.
A11: =IF(Capa!$B$6>=B11,1,0) -> 0 | B11: 3 | C11: PG | D11: d) Desenvolvimento das competências essenciais para o êxito das estratégias | E11: Identificar e adquirir conhecimentos, habilidades e atitudes essenciais para implementar e sustentar as estratégias adotadas.
B12: =IF(ISBLANK(C12),"",IF(ISERR(SEARCH(C12&"\","<B>\<1>\<2>\<3>\")),IF(AND(NOT(ISBLANK(#REF!)),#REF!<=3),#REF!,""), IF(SEARCH(C12&"\","<B>\<1>\<2>\<3>\")=1,0,IF(SEARCH(C12&"\","<B>\<1>\<2>\<3>\")=5,1,IF(SEARCH(C12&"\","<B>\<1>\<2>\<3>\")=9,2,IF(SEARCH(C12&"\","<B>\<1>\<2>\<3>\")=13,3,""))))))
B13: =IF(ISBLANK(C13),"",IF(ISERR(SEARCH(C13&"\","<B>\<1>\<2>\<3>\")),IF(AND(NOT(ISBLANK(B12)),B12<=3),B12,""), IF(SEARCH(C13&"\","<B>\<1>\<2>\<3>\")=1,0,IF(SEARCH(C13&"\","<B>\<1>\<2>\<3>\")=5,1,IF(SEARCH(C13&"\","<B>\<1>\<2>\<3>\")=9,2,IF(SEARCH(C13&"\","<B>\<1>\<2>\<3>\")=13,3,"")))))) | D13: ='Quadro Geral'!B10 -> 2.2 Desdobramento de estratégias | F13: =(F14*20+G14*10+H14*10+J14*30+K14*15+L14*15)/100 -> 0
B14: =IF(ISBLANK(C14),"",IF(ISERR(SEARCH(C14&"\","<B>\<1>\<2>\<3>\")),IF(AND(NOT(ISBLANK(B13)),B13<=3),B13,""), IF(SEARCH(C14&"\","<B>\<1>\<2>\<3>\")=1,0,IF(SEARCH(C14&"\","<B>\<1>\<2>\<3>\")=5,1,IF(SEARCH(C14&"\","<B>\<1>\<2>\<3>\")=9,2,IF(SEARCH(C14&"\","<B>\<1>\<2>\<3>\")=13,3,"")))))) | D14: =IF(SUM(A15:A20)<=0,0,COUNTIF(M15:M20,"<>")/SUM(A15:A20)) -> 0 | E14: Finalidade | F14: =(COUNTIFS($A14:$A20,">0",$C14:$C20,"=PG",F14:F20,"=1")*Capa!$G$14+COUNTIFS($A14:$A20,">0",$C14:$C20,"=PG",F14:F20,"=2")*Capa!$H$14+COUNTIFS($A14:$A20,">0",$C14:$C20,"=PG",F14:F20,"=3")*Capa!$I$14+COUNTIFS($A14:$A20,">0",$C14:$C20,"=PG",F14:F20,"=4")*Capa!$J$14)/(COUNTIFS($A14:$A20,">0",$C14:$C20,"=PG")*100) -> 0 | G14: =(COUNTIFS($A14:$A20,">0",$C14:$C20,"=PG",G14:G20,"=1")*Capa!$G$14+COUNTIFS($A14:$A20,">0",$C14:$C20,"=PG",G14:G20,"=2")*Capa!$H$14+COUNTIFS($A14:$A20,">0",$C14:$C20,"=PG",G14:G20,"=3")*Capa!$I$14+COUNTIFS($A14:$A20,">0",$C14:$C20,"=PG",G14:G20,"=4")*Capa!$J$14)/(COUNTIFS($A14:$A20,">0",$C14:$C20,"=PG")*100) -> 0 | H14: =(COUNTIFS($A14:$A20,">0",$C14:$C20,"=PG",H14:H20,"=1")*Capa!$G$14+COUNTIFS($A14:$A20,">0",$C14:$C20,"=PG",H14:H20,"=2")*Capa!$H$14+COUNTIFS($A14:$A20,">0",$C14:$C20,"=PG",H14:H20,"=3")*Capa!$I$14+COUNTIFS($A14:$A20,">0",$C14:$C20,"=PG",H14:H20,"=4")*Capa!$J$14)/(COUNTIFS($A14:$A20,">0",$C14:$C20,"=PG")*100) -> 0 | I14: =COUNTIFS($A15:$A19,">0",I15:I19,">0") -> 0 | J14: =(COUNTIFS($A14:$A20,">0",$C14:$C20,"=PG",J14:J20,"=1")*Capa!$G$14+COUNTIFS($A14:$A20,">0",$C14:$C20,"=PG",J14:J20,"=2")*Capa!$H$14+COUNTIFS($A14:$A20,">0",$C14:$C20,"=PG",J14:J20,"=3")*Capa!$I$14+COUNTIFS($A14:$A20,">0",$C14:$C20,"=PG",J14:J20,"=4")*Capa!$J$14)/(COUNTIFS($A14:$A20,">0",$C14:$C20,"=PG")*100) -> 0 | K14: =(COUNTIFS($A14:$A20,">0",$C14:$C20,"=PG",K14:K20,"=1")*Capa!$G$14+COUNTIFS($A14:$A20,">0",$C14:$C20,"=PG",K14:K20,"=2")*Capa!$H$14+COUNTIFS($A14:$A20,">0",$C14:$C20,"=PG",K14:K20,"=3")*Capa!$I$14+COUNTIFS($A14:$A20,">0",$C14:$C20,"=PG",K14:K20,"=4")*Capa!$J$14)/(COUNTIFS($A14:$A20,">0",$C14:$C20,"=PG")*100) -> 0 | L14: =(COUNTIFS($A14:$A20,">0",$C14:$C20,"=PG",L14:L20,"=1")*Capa!$G$14+COUNTIFS($A14:$A20,">0",$C14:$C20,"=PG",L14:L20,"=2")*Capa!$H$14+COUNTIFS($A14:$A20,">0",$C14:$C20,"=PG",L14:L20,"=3")*Capa!$I$14+COUNTIFS($A14:$A20,">0",$C14:$C20,"=PG",L14:L20,"=4")*Capa!$J$14)/(COUNTIFS($A14:$A20,">0",$C14:$C20,"=PG")*100) -> 0 | M14: =COUNTIFS($A15:$A19,">0",M15:M19,">0") -> 0
A15: =IF(Capa!$B$6>=B15,1,0) -> 0 | B15: 3 | C15: PG | D15: a) Definição dos processos e responsáveis | E15: Reavaliar o agrupamento de atividades operacionais e gerenciais em processos para atender as estratégias formuladas e metas almejadas, incluindo decorrentes de possíveis mudanças no modelo de negócio, e estabelecer responsabilidades pelo seu deempenho.
A16: =IF(Capa!$B$6>=B16,1,0) -> 0 | B16: 2 | C16: PG | D16: b) Tratamento das mudanças necessárias para o êxito das estratégias | E16: Identificar e encontrar formas de superar as dificuldades, incluindo barreiras culturais, decorrentes das estratégias formuladas, desenvolvendo as competências necessárias.
A17: =IF(Capa!$B$6>=B17,1,0) -> 1 | B17: 0 | C17: PG | D17: c) Desdobramento das metas para os processos | E17: Compatibilizar os indicadores e metas para os processos primários, de suporte e de gestão, em todos os níveis da estrutura, com os indicadores e metas estratégicas, iniciando o planejamento dos processos (Critério 7)
A18: =IF(Capa!$B$6>=B18,1,0) -> 0 | B18: 1 | C18: PG | D18: d) Alinhamento de metas e planos entre os processos | E18: Assegurar a coerência entre as metas e a harmonia de planos estabelecidos para os diferentes processos.
A19: =IF(Capa!$B$6>=B19,1,0) -> 0 | B19: 2 | C19: PG | D19: e) Monitoramento integrado do andamento dos planos estratégicos e seus recursos | E19: Verificar se os planos estão sendo implementados tempestiva e sincronizadamente e se os recursos estão disponíveis para isso.
B20: =IF(ISBLANK(C20),"",IF(ISERR(SEARCH(C20&"\","<B>\<1>\<2>\<3>\")),IF(AND(NOT(ISBLANK(#REF!)),#REF!<=3),#REF!,""), IF(SEARCH(C20&"\","<B>\<1>\<2>\<3>\")=1,0,IF(SEARCH(C20&"\","<B>\<1>\<2>\<3>\")=5,1,IF(SEARCH(C20&"\","<B>\<1>\<2>\<3>\")=9,2,IF(SEARCH(C20&"\","<B>\<1>\<2>\<3>\")=13,3,""))))))
B21: =IF(ISBLANK(C21),"",IF(ISERR(SEARCH(C21&"\","<B>\<1>\<2>\<3>\")),IF(AND(NOT(ISBLANK(B20)),B20<=3),B20,""), IF(SEARCH(C21&"\","<B>\<1>\<2>\<3>\")=1,0,IF(SEARCH(C21&"\","<B>\<1>\<2>\<3>\")=5,1,IF(SEARCH(C21&"\","<B>\<1>\<2>\<3>\")=9,2,IF(SEARCH(C21&"\","<B>\<1>\<2>\<3>\")=13,3,"")))))) | D21: ='Quadro Geral'!B11 -> 2.3 Análise de desempenho da organização | F21: =(F22*20+G22*10+H22*10+J22*30+K22*15+L22*15)/100 -> 0
B22: =IF(ISBLANK(C22),"",IF(ISERR(SEARCH(C22&"\","<B>\<1>\<2>\<3>\")),IF(AND(NOT(ISBLANK(B21)),B21<=3),B21,""), IF(SEARCH(C22&"\","<B>\<1>\<2>\<3>\")=1,0,IF(SEARCH(C22&"\","<B>\<1>\<2>\<3>\")=5,1,IF(SEARCH(C22&"\","<B>\<1>\<2>\<3>\")=9,2,IF(SEARCH(C22&"\","<B>\<1>\<2>\<3>\")=13,3,"")))))) | D22: =IF(SUM(A23:A28)<=0,0,COUNTIF(M23:M28,"<>")/SUM(A23:A28)) -> 0 | E22: Finalidade | F22: =(COUNTIFS($A22:$A28,">0",$C22:$C28,"=PG",F22:F28,"=1")*Capa!$G$14+COUNTIFS($A22:$A28,">0",$C22:$C28,"=PG",F22:F28,"=2")*Capa!$H$14+COUNTIFS($A22:$A28,">0",$C22:$C28,"=PG",F22:F28,"=3")*Capa!$I$14+COUNTIFS($A22:$A28,">0",$C22:$C28,"=PG",F22:F28,"=4")*Capa!$J$14)/(COUNTIFS($A22:$A28,">0",$C22:$C28,"=PG")*100) -> 0 | G22: =(COUNTIFS($A22:$A28,">0",$C22:$C28,"=PG",G22:G28,"=1")*Capa!$G$14+COUNTIFS($A22:$A28,">0",$C22:$C28,"=PG",G22:G28,"=2")*Capa!$H$14+COUNTIFS($A22:$A28,">0",$C22:$C28,"=PG",G22:G28,"=3")*Capa!$I$14+COUNTIFS($A22:$A28,">0",$C22:$C28,"=PG",G22:G28,"=4")*Capa!$J$14)/(COUNTIFS($A22:$A28,">0",$C22:$C28,"=PG")*100) -> 0 | H22: =(COUNTIFS($A22:$A28,">0",$C22:$C28,"=PG",H22:H28,"=1")*Capa!$G$14+COUNTIFS($A22:$A28,">0",$C22:$C28,"=PG",H22:H28,"=2")*Capa!$H$14+COUNTIFS($A22:$A28,">0",$C22:$C28,"=PG",H22:H28,"=3")*Capa!$I$14+COUNTIFS($A22:$A28,">0",$C22:$C28,"=PG",H22:H28,"=4")*Capa!$J$14)/(COUNTIFS($A22:$A28,">0",$C22:$C28,"=PG")*100) -> 0 | I22: =COUNTIFS($A23:$A27,">0",I23:I27,">0") -> 0 | J22: =(COUNTIFS($A22:$A28,">0",$C22:$C28,"=PG",J22:J28,"=1")*Capa!$G$14+COUNTIFS($A22:$A28,">0",$C22:$C28,"=PG",J22:J28,"=2")*Capa!$H$14+COUNTIFS($A22:$A28,">0",$C22:$C28,"=PG",J22:J28,"=3")*Capa!$I$14+COUNTIFS($A22:$A28,">0",$C22:$C28,"=PG",J22:J28,"=4")*Capa!$J$14)/(COUNTIFS($A22:$A28,">0",$C22:$C28,"=PG")*100) -> 0 | K22: =(COUNTIFS($A22:$A28,">0",$C22:$C28,"=PG",K22:K28,"=1")*Capa!$G$14+COUNTIFS($A22:$A28,">0",$C22:$C28,"=PG",K22:K28,"=2")*Capa!$H$14+COUNTIFS($A22:$A28,">0",$C22:$C28,"=PG",K22:K28,"=3")*Capa!$I$14+COUNTIFS($A22:$A28,">0",$C22:$C28,"=PG",K22:K28,"=4")*Capa!$J$14)/(COUNTIFS($A22:$A28,">0",$C22:$C28,"=PG")*100) -> 0 | L22: =(COUNTIFS($A22:$A28,">0",$C22:$C28,"=PG",L22:L28,"=1")*Capa!$G$14+COUNTIFS($A22:$A28,">0",$C22:$C28,"=PG",L22:L28,"=2")*Capa!$H$14+COUNTIFS($A22:$A28,">0",$C22:$C28,"=PG",L22:L28,"=3")*Capa!$I$14+COUNTIFS($A22:$A28,">0",$C22:$C28,"=PG",L22:L28,"=4")*Capa!$J$14)/(COUNTIFS($A22:$A28,">0",$C22:$C28,"=PG")*100) -> 0 | M22: =COUNTIFS($A23:$A27,">0",M23:M27,">0") -> 0
A23: =IF(Capa!$B$6>=B23,1,0) -> 0 | B23: 2 | C23: PG | D23: a) Levantamento de informações sobre o cenário atual e suas tendências. | E23: Disponibilizar um conjunto de informações essenciais para compreender o cenário atual interno e externo, bem como suas tendências, para contextualizar a avaliação do desempenho organizacional.
A24: =IF(Capa!$B$6>=B24,1,0) -> 1 | B24: 0 | C24: PG | D24: b) Definição das informações comparativas pertinentes para a tomada de decisão | E24: Definir quais são os referenciais pertinentes e suas fontes que permitem avaliar a competitividade dos resultados estratégicos das diferentes perspectivas do Critério 8 - Resultados.
A25: =IF(Capa!$B$6>=B25,1,0) -> 1 | B25: 0 | C25: PG | D25: c) Análise do desempenho organizacional, considerando requisitos de partes interessadas, referenciais comparativos pertinentes e variáveis do ambiente externo | E25: Verificar o alcance de metas, competitividade e sustentabilidade dos resultados mensurados e as possíveis causas de desvios e variações, considerando os cenários internos e externos.
A26: =IF(Capa!$B$6>=B26,1,0) -> 0 | B26: 1 | C26: PG | D26: d) Revisão das estratégias e metas em tempo adequado às mudanças do contexto | E26: Ajustar os planos estratégicos e as metas às mudanças de cenários internos e externos, quando necessário.
A27: =IF(Capa!$B$6>=B27,1,0) -> 0 | B27: 3 | C27: PG | D27: e) Acompanhamento das decisões tomadas para alcance do desempenho planejado | E27: Verificar se as decisões decorrentes da análise do desempenho foram ou estão sendo providenciadas.
B28: =IF(ISBLANK(C28),"",IF(ISERR(SEARCH(C28&"\","<B>\<1>\<2>\<3>\")),IF(AND(NOT(ISBLANK(#REF!)),#REF!<=3),#REF!,""), IF(SEARCH(C28&"\","<B>\<1>\<2>\<3>\")=1,0,IF(SEARCH(C28&"\","<B>\<1>\<2>\<3>\")=5,1,IF(SEARCH(C28&"\","<B>\<1>\<2>\<3>\")=9,2,IF(SEARCH(C28&"\","<B>\<1>\<2>\<3>\")=13,3,""))))))

Sheet 3
D1: =Capa!A1 -> MEGplan MEGIA 2026 | F1: Fatores de avaliação
B2: Nv | C2: Cód | F2: Enx | G2: Proa | H2: Digit | I2: IA? | J2: Abrg | K2: Efet | L2: Inov | M2: Orig? | N2: Bônus | O2: Comentário | P2: + / - | Q2: Prática
D3: =IF(SUM(A4:A22)<=0,0,COUNTIFS(A4:A22,"=1",M4:M22,"<>")/SUM(A4:A22)) -> 0 | F3: =MIN(IF(OR(Capa!$B$6=0,Capa!$B$6=1),AVERAGE(F6,F16),(F6*'Quadro Geral'!D13+F16*'Quadro Geral'!D14)/'Quadro Geral'!D12)+N3,1) -> 0 | N3: =IF(OR(AND(Capa!$B$6=2,I4>0),AND(Capa!$B$6=3,I4>1)),0.05,0)+IF(AND(Capa!$B$6=3,I4=1),0.02,0)+IF(OR(AND(Capa!$B$6=2,M4>0),AND(Capa!$B$6=3,M4>1)),0.05,0)+IF(AND(Capa!$B$6=3,M4=1),0.02,0) -> 0
B4: =IF(ISBLANK(C4),"",IF(ISERR(SEARCH(C4&"\","<B>\<1>\<2>\<3>\")),IF(AND(NOT(ISBLANK(B2)),B2<=3),B2,""), IF(SEARCH(C4&"\","<B>\<1>\<2>\<3>\")=1,0,IF(SEARCH(C4&"\","<B>\<1>\<2>\<3>\")=5,1,IF(SEARCH(C4&"\","<B>\<1>\<2>\<3>\")=9,2,IF(SEARCH(C4&"\","<B>\<1>\<2>\<3>\")=13,3,"")))))) | D4: CRITÉRIO 3 - CLIENTES | E4: Este Critério avalia os processos gerenciais relativos ao mercado e atuação sustentável e experiência sustentável. | F4: =AVERAGE(F7,F17) -> 0 | G4: =AVERAGE(G7,G17) -> 0 | H4: =AVERAGE(H7,H17) -> 0 | I4: =I7+I17 -> 0 | J4: =AVERAGE(J7,J17) -> 0 | K4: =AVERAGE(K7,K17) -> 0 | L4: =AVERAGE(L7,L17) -> 0 | M4: =M7+M17 -> 0
B5: =IF(ISBLANK(C5),"",IF(ISERR(SEARCH(C5&"\","<B>\<1>\<2>\<3>\")),IF(AND(NOT(ISBLANK(#REF!)),#REF!<=3),#REF!,""), IF(SEARCH(C5&"\","<B>\<1>\<2>\<3>\")=1,0,IF(SEARCH(C5&"\","<B>\<1>\<2>\<3>\")=5,1,IF(SEARCH(C5&"\","<B>\<1>\<2>\<3>\")=9,2,IF(SEARCH(C5&"\","<B>\<1>\<2>\<3>\")=13,3,""))))))
B6: =IF(ISBLANK(C6),"",IF(ISERR(SEARCH(C6&"\","<B>\<1>\<2>\<3>\")),IF(AND(NOT(ISBLANK(B5)),B5<=3),B5,""), IF(SEARCH(C6&"\","<B>\<1>\<2>\<3>\")=1,0,IF(SEARCH(C6&"\","<B>\<1>\<2>\<3>\")=5,1,IF(SEARCH(C6&"\","<B>\<1>\<2>\<3>\")=9,2,IF(SEARCH(C6&"\","<B>\<1>\<2>\<3>\")=13,3,"")))))) | D6: 3.1 Mercado e atuação sustentável | F6: =(F7*20+G7*10+H7*10+J7*30+K7*15+L7*15)/100 -> 0
B7: =IF(ISBLANK(C7),"",IF(ISERR(SEARCH(C7&"\","<B>\<1>\<2>\<3>\")),IF(AND(NOT(ISBLANK(B6)),B6<=3),B6,""), IF(SEARCH(C7&"\","<B>\<1>\<2>\<3>\")=1,0,IF(SEARCH(C7&"\","<B>\<1>\<2>\<3>\")=5,1,IF(SEARCH(C7&"\","<B>\<1>\<2>\<3>\")=9,2,IF(SEARCH(C7&"\","<B>\<1>\<2>\<3>\")=13,3,"")))))) | D7: =IF(SUM(A8:A15)<=0,0,COUNTIF(M8:M15,"<>")/SUM(A8:A15)) -> 0 | E7: Finalidade | F7: =(COUNTIFS($A7:$A15,">0",$C7:$C15,"=PG",F7:F15,"=1")*Capa!$G$14+COUNTIFS($A7:$A15,">0",$C7:$C15,"=PG",F7:F15,"=2")*Capa!$H$14+COUNTIFS($A7:$A15,">0",$C7:$C15,"=PG",F7:F15,"=3")*Capa!$I$14+COUNTIFS($A7:$A15,">0",$C7:$C15,"=PG",F7:F15,"=4")*Capa!$J$14)/(COUNTIFS($A7:$A15,">0",$C7:$C15,"=PG")*100) -> 0 | G7: =(COUNTIFS($A7:$A15,">0",$C7:$C15,"=PG",G7:G15,"=1")*Capa!$G$14+COUNTIFS($A7:$A15,">0",$C7:$C15,"=PG",G7:G15,"=2")*Capa!$H$14+COUNTIFS($A7:$A15,">0",$C7:$C15,"=PG",G7:G15,"=3")*Capa!$I$14+COUNTIFS($A7:$A15,">0",$C7:$C15,"=PG",G7:G15,"=4")*Capa!$J$14)/(COUNTIFS($A7:$A15,">0",$C7:$C15,"=PG")*100) -> 0 | H7: =(COUNTIFS($A7:$A15,">0",$C7:$C15,"=PG",H7:H15,"=1")*Capa!$G$14+COUNTIFS($A7:$A15,">0",$C7:$C15,"=PG",H7:H15,"=2")*Capa!$H$14+COUNTIFS($A7:$A15,">0",$C7:$C15,"=PG",H7:H15,"=3")*Capa!$I$14+COUNTIFS($A7:$A15,">0",$C7:$C15,"=PG",H7:H15,"=4")*Capa!$J$14)/(COUNTIFS($A7:$A15,">0",$C7:$C15,"=PG")*100) -> 0 | I7: =COUNTIFS($A8:$A14,">0",I8:I14,">0") -> 0 | J7: =(COUNTIFS($A7:$A15,">0",$C7:$C15,"=PG",J7:J15,"=1")*Capa!$G$14+COUNTIFS($A7:$A15,">0",$C7:$C15,"=PG",J7:J15,"=2")*Capa!$H$14+COUNTIFS($A7:$A15,">0",$C7:$C15,"=PG",J7:J15,"=3")*Capa!$I$14+COUNTIFS($A7:$A15,">0",$C7:$C15,"=PG",J7:J15,"=4")*Capa!$J$14)/(COUNTIFS($A7:$A15,">0",$C7:$C15,"=PG")*100) -> 0 | K7: =(COUNTIFS($A7:$A15,">0",$C7:$C15,"=PG",K7:K15,"=1")*Capa!$G$14+COUNTIFS($A7:$A15,">0",$C7:$C15,"=PG",K7:K15,"=2")*Capa!$H$14+COUNTIFS($A7:$A15,">0",$C7:$C15,"=PG",K7:K15,"=3")*Capa!$I$14+COUNTIFS($A7:$A15,">0",$C7:$C15,"=PG",K7:K15,"=4")*Capa!$J$14)/(COUNTIFS($A7:$A15,">0",$C7:$C15,"=PG")*100) -> 0 | L7: =(COUNTIFS($A7:$A15,">0",$C7:$C15,"=PG",L7:L15,"=1")*Capa!$G$14+COUNTIFS($A7:$A15,">0",$C7:$C15,"=PG",L7:L15,"=2")*Capa!$H$14+COUNTIFS($A7:$A15,">0",$C7:$C15,"=PG",L7:L15,"=3")*Capa!$I$14+COUNTIFS($A7:$A15,">0",$C7:$C15,"=PG",L7:L15,"=4")*Capa!$J$14)/(COUNTIFS($A7:$A15,">0",$C7:$C15,"=PG")*100) -> 0 | M7: =COUNTIFS($A8:$A14,">0",M8:M14,">0") -> 0
A8: =IF(Capa!$B$6>=B8,1,0) -> 0 | B8: 2 | C8: PG | D8: a) Estudo do mercado | E8: Compreender as principais variáveis que influenciam e que influenciarão na decisão de clientes potenciais de usufruir, consumir ou adquirir produtos da organização, da concorrência ou de tipo similar, bem como viabilizar a segmentação do mercado e conhecer as vantagens próprias e dos competidores nesses nichos.
A9: =IF(Capa!$B$6>=B9,1,0) -> 0 | B9: 2 | C9: PG | D9: b) Segmentação do mercado | E9: Particionar os mercados de atuação com base em características similares que permitirão uma melhor adequação e oferta de soluções aos clientes, aumentando a eficiência do plano comercial, bem como o acompanhamento da fatia de participação nos segmentos.
A10: =IF(Capa!$B$6>=B10,1,0) -> 0 | B10: 1 | C10: PG | D10: c) Definição dos clientes-alvo | E10: Dar prioridade ao esforço de cocriação e colocação de produtos, dirigido a nichos específicos dos segmentos, o que permitirá uma adequação e oferta mais precisas de produtos e soluções.
A11: =IF(Capa!$B$6>=B11,1,0) -> 1 | B11: 0 | C11: PG | D11: d) Conhecimento sobre os clientes-alvo | E11: Mapear as principais fases da jornada e as experiências e as dificuldades que podem restringir, inclusive pela condição social, e levam à escolha do produto da organização, pelos clientes-alvo e eventuais intermediários, bem como identificar as suas principais necessidades, expectativas e predisposições, em constante evolução, que influenciam na sua preferência, inclusive grau de engajamento na causa do desenvolvimento sustentável.
A12: =IF(Capa!$B$6>=B12,1,0) -> 0 | B12: 2 | C12: PG | D12: e) Planejamento de experiências sustentáveis e resilientes | E12: Especificar produtos mais atrativos às necessidades, expectativas e predisposições dos clientes-alvo e, ao mesmo tempo, que assegurem a continuidade de entregas em cenários de ruptura potenciais e que contribuam para a causa do desenvolvimento sustentável.
A13: =IF(Capa!$B$6>=B13,1,0) -> 1 | B13: 0 | C13: PG | D13: f) Divulgação de produtos sustentáveis | E13: Despertar o interesse de clientes-alvo por produtos da organização que os atendam e que apoiem a causa do desenvolvimento sustentável associada, buscando assegurar a clareza, a coerência e a autenticidade do conteúdo das informações divulgadas.
A14: =IF(Capa!$B$6>=B14,1,0) -> 0 | B14: 3 | C14: PG | D14: g) Desenvolvimento de marcas comprometidas com a sustentabilidade | E14: Criar credibilidade, admiração, confiança, preferência e imagem positiva na organização e seus produtos, especialmente nos mercados-alvo; proteger as marcas contra exposição incompatível com os valores e princípios, com a ética e a integridade da informação e avaliar a reputação ou imagem pretendida (posicionamento competitivo) para a organização, inclusive relativa ao desenvolvimento sustentável.
B15: =IF(ISBLANK(C15),"",IF(ISERR(SEARCH(C15&"\","<B>\<1>\<2>\<3>\")),IF(AND(NOT(ISBLANK(#REF!)),#REF!<=3),#REF!,""), IF(SEARCH(C15&"\","<B>\<1>\<2>\<3>\")=1,0,IF(SEARCH(C15&"\","<B>\<1>\<2>\<3>\")=5,1,IF(SEARCH(C15&"\","<B>\<1>\<2>\<3>\")=9,2,IF(SEARCH(C15&"\","<B>\<1>\<2>\<3>\")=13,3,""))))))
B16: =IF(ISBLANK(C16),"",IF(ISERR(SEARCH(C16&"\","<B>\<1>\<2>\<3>\")),IF(AND(NOT(ISBLANK(B15)),B15<=3),B15,""), IF(SEARCH(C16&"\","<B>\<1>\<2>\<3>\")=1,0,IF(SEARCH(C16&"\","<B>\<1>\<2>\<3>\")=5,1,IF(SEARCH(C16&"\","<B>\<1>\<2>\<3>\")=9,2,IF(SEARCH(C16&"\","<B>\<1>\<2>\<3>\")=13,3,"")))))) | D16: 3.2 Experiência sustentável | F16: =(F17*20+G17*10+H17*10+J17*30+K17*15+L17*15)/100 -> 0
B17: =IF(ISBLANK(C17),"",IF(ISERR(SEARCH(C17&"\","<B>\<1>\<2>\<3>\")),IF(AND(NOT(ISBLANK(B16)),B16<=3),B16,""), IF(SEARCH(C17&"\","<B>\<1>\<2>\<3>\")=1,0,IF(SEARCH(C17&"\","<B>\<1>\<2>\<3>\")=5,1,IF(SEARCH(C17&"\","<B>\<1>\<2>\<3>\")=9,2,IF(SEARCH(C17&"\","<B>\<1>\<2>\<3>\")=13,3,"")))))) | D17: =IF(SUM(A18:A22)<=0,0,COUNTIF(M18:M22,"<>")/SUM(A18:A22)) -> 0 | E17: Finalidade | F17: =(COUNTIFS($A17:$A22,">0",$C17:$C22,"=PG",F17:F22,"=1")*Capa!$G$14+COUNTIFS($A17:$A22,">0",$C17:$C22,"=PG",F17:F22,"=2")*Capa!$H$14+COUNTIFS($A17:$A22,">0",$C17:$C22,"=PG",F17:F22,"=3")*Capa!$I$14+COUNTIFS($A17:$A22,">0",$C17:$C22,"=PG",F17:F22,"=4")*Capa!$J$14)/(COUNTIFS($A17:$A22,">0",$C17:$C22,"=PG")*100) -> 0 | G17: =(COUNTIFS($A17:$A22,">0",$C17:$C22,"=PG",G17:G22,"=1")*Capa!$G$14+COUNTIFS($A17:$A22,">0",$C17:$C22,"=PG",G17:G22,"=2")*Capa!$H$14+COUNTIFS($A17:$A22,">0",$C17:$C22,"=PG",G17:G22,"=3")*Capa!$I$14+COUNTIFS($A17:$A22,">0",$C17:$C22,"=PG",G17:G22,"=4")*Capa!$J$14)/(COUNTIFS($A17:$A22,">0",$C17:$C22,"=PG")*100) -> 0 | H17: =(COUNTIFS($A17:$A22,">0",$C17:$C22,"=PG",H17:H22,"=1")*Capa!$G$14+COUNTIFS($A17:$A22,">0",$C17:$C22,"=PG",H17:H22,"=2")*Capa!$H$14+COUNTIFS($A17:$A22,">0",$C17:$C22,"=PG",H17:H22,"=3")*Capa!$I$14+COUNTIFS($A17:$A22,">0",$C17:$C22,"=PG",H17:H22,"=4")*Capa!$J$14)/(COUNTIFS($A17:$A22,">0",$C17:$C22,"=PG")*100) -> 0 | I17: =COUNTIFS($A18:$A21,">0",I18:I21,">0") -> 0 | J17: =(COUNTIFS($A17:$A22,">0",$C17:$C22,"=PG",J17:J22,"=1")*Capa!$G$14+COUNTIFS($A17:$A22,">0",$C17:$C22,"=PG",J17:J22,"=2")*Capa!$H$14+COUNTIFS($A17:$A22,">0",$C17:$C22,"=PG",J17:J22,"=3")*Capa!$I$14+COUNTIFS($A17:$A22,">0",$C17:$C22,"=PG",J17:J22,"=4")*Capa!$J$14)/(COUNTIFS($A17:$A22,">0",$C17:$C22,"=PG")*100) -> 0 | K17: =(COUNTIFS($A17:$A22,">0",$C17:$C22,"=PG",K17:K22,"=1")*Capa!$G$14+COUNTIFS($A17:$A22,">0",$C17:$C22,"=PG",K17:K22,"=2")*Capa!$H$14+COUNTIFS($A17:$A22,">0",$C17:$C22,"=PG",K17:K22,"=3")*Capa!$I$14+COUNTIFS($A17:$A22,">0",$C17:$C22,"=PG",K17:K22,"=4")*Capa!$J$14)/(COUNTIFS($A17:$A22,">0",$C17:$C22,"=PG")*100) -> 0 | L17: =(COUNTIFS($A17:$A22,">0",$C17:$C22,"=PG",L17:L22,"=1")*Capa!$G$14+COUNTIFS($A17:$A22,">0",$C17:$C22,"=PG",L17:L22,"=2")*Capa!$H$14+COUNTIFS($A17:$A22,">0",$C17:$C22,"=PG",L17:L22,"=3")*Capa!$I$14+COUNTIFS($A17:$A22,">0",$C17:$C22,"=PG",L17:L22,"=4")*Capa!$J$14)/(COUNTIFS($A17:$A22,">0",$C17:$C22,"=PG")*100) -> 0 | M17: =COUNTIFS($A18:$A21,">0",M18:M21,">0") -> 0
A18: =IF(Capa!$B$6>=B18,1,0) -> 1 | B18: 0 | C18: PG | D18: a) Responsividade ao cliente | E18: Buscar assegurar acesso fácil, ágil e objetivo do cliente e eventuais intermediários para: 1) manifestar-se em relação à sua experiência com a organização e seus produtos; 2) Solicitar informações e dar sugestões; e 3) proporcionar respostas ágeis e resolutas e esclarecimentos concisos; aumentando a confiança e o respeito na relação com a organização , seus produtos e seus profissionais.
A19: =IF(Capa!$B$6>=B19,1,0) -> 0 | B19: 2 | C19: PG | D19: b) Resolutividade de manifestações | E19: Direcionar, solucionar, esclarecer e dar retorno ou possibilitar acompanhamento da situação das manifestações recebidas pelos clientes e eventuais intermediários e das ações associadas, corretivas ou preventivas, com agilidade compatível com a classificação e prioridade.
A20: =IF(Capa!$B$6>=B20,1,0) -> 0 | B20: 1 | C20: PG | D20: c) Avaliação da experiência do cliente | E20: Conhecer a percepção dos clientes e eventuais intermediários quanto à: 1) sua experiência com a organização e os produtos recebidos, e 2) ao compromisso da organização com o desenvolvimento sustentável. Obter informações que retroalimentem, com agilidade, a melhoria de produtos e processos. Medir a satisfação dos clientes e sua competitividade, compreendendo os fatores que causam insatisfação.
A21: =IF(Capa!$B$6>=B21,1,0) -> 0 | B21: 3 | C21: PG | D21: d) Fidelização dos clientes | E21: Tornar a experiência do cliente e eventuais intermediários mais valiosa para ele e para a organização, por meio do tratamento de oportunidades de melhoria convergentes e inovações, a partir da integração do conhecimento sobre os clientes-alvo e das manifestações e percepções de clientes.
B22: =IF(ISBLANK(C22),"",IF(ISERR(SEARCH(C22&"\","<B>\<1>\<2>\<3>\")),IF(AND(NOT(ISBLANK(#REF!)),#REF!<=3),#REF!,""), IF(SEARCH(C22&"\","<B>\<1>\<2>\<3>\")=1,0,IF(SEARCH(C22&"\","<B>\<1>\<2>\<3>\")=5,1,IF(SEARCH(C22&"\","<B>\<1>\<2>\<3>\")=9,2,IF(SEARCH(C22&"\","<B>\<1>\<2>\<3>\")=13,3,""))))))

Sheet 4
D1: =Capa!A1 -> MEGplan MEGIA 2026 | F1: Fatores de avaliação
B2: Nv | C2: Cód | F2: Enx | G2: Proa | H2: Digit | I2: IA? | J2: Abrg | K2: Efet | L2: Inov | M2: Orig? | N2: Bônus | O2: Comentário | P2: + / - | Q2: Prática
D3: =IF(SUM(A4:A19)<=0,0,COUNTIFS(A4:A19,"=1",M4:M19,"<>")/SUM(A4:A19)) -> 0 | F3: =MIN(IF(OR(Capa!$B$6=0,Capa!$B$6=1),AVERAGE(F6,F14),(F6*'Quadro Geral'!D16+F14*'Quadro Geral'!D17)/'Quadro Geral'!D15)+N3,1) -> 0 | N3: =IF(OR(AND(Capa!$B$6=2,I4>0),AND(Capa!$B$6=3,I4>1)),0.05,0)+IF(AND(Capa!$B$6=3,I4=1),0.02,0)+IF(OR(AND(Capa!$B$6=2,M4>0),AND(Capa!$B$6=3,M4>1)),0.05,0)+IF(AND(Capa!$B$6=3,M4=1),0.02,0) -> 0
B4: =IF(ISBLANK(C4),"",IF(ISERR(SEARCH(C4&"\","<B>\<1>\<2>\<3>\")),IF(AND(NOT(ISBLANK(#REF!)),#REF!<=3),#REF!,""), IF(SEARCH(C4&"\","<B>\<1>\<2>\<3>\")=1,0,IF(SEARCH(C4&"\","<B>\<1>\<2>\<3>\")=5,1,IF(SEARCH(C4&"\","<B>\<1>\<2>\<3>\")=9,2,IF(SEARCH(C4&"\","<B>\<1>\<2>\<3>\")=13,3,"")))))) | D4: CRITÉRIO 4 - SOCIEDADE | E4: Este Critério avalia os processos gerenciais relativos à responsabilidade social e segurança socioambiental. | F4: =AVERAGE(F7,F19) -> 0 | G4: =AVERAGE(G7,G19) -> 0 | H4: =AVERAGE(H7,H19) -> 0 | I4: =I7+I15 -> 0 | J4: =AVERAGE(J7,J19) -> 0 | K4: =AVERAGE(K7,K19) -> 0 | L4: =AVERAGE(L7,L19) -> 0 | M4: =M7+M15 -> 0
B5: =IF(ISBLANK(C5),"",IF(ISERR(SEARCH(C5&"\","<B>\<1>\<2>\<3>\")),IF(AND(NOT(ISBLANK(#REF!)),#REF!<=3),#REF!,""), IF(SEARCH(C5&"\","<B>\<1>\<2>\<3>\")=1,0,IF(SEARCH(C5&"\","<B>\<1>\<2>\<3>\")=5,1,IF(SEARCH(C5&"\","<B>\<1>\<2>\<3>\")=9,2,IF(SEARCH(C5&"\","<B>\<1>\<2>\<3>\")=13,3,""))))))
B6: =IF(ISBLANK(C6),"",IF(ISERR(SEARCH(C6&"\","<B>\<1>\<2>\<3>\")),IF(AND(NOT(ISBLANK(B5)),B5<=3),B5,""), IF(SEARCH(C6&"\","<B>\<1>\<2>\<3>\")=1,0,IF(SEARCH(C6&"\","<B>\<1>\<2>\<3>\")=5,1,IF(SEARCH(C6&"\","<B>\<1>\<2>\<3>\")=9,2,IF(SEARCH(C6&"\","<B>\<1>\<2>\<3>\")=13,3,"")))))) | D6: 4.1 Responsabilidade social | F6: =(F7*20+G7*10+H7*10+J7*30+K7*15+L7*15)/100 -> 0
B7: =IF(ISBLANK(C7),"",IF(ISERR(SEARCH(C7&"\","<B>\<1>\<2>\<3>\")),IF(AND(NOT(ISBLANK(B6)),B6<=3),B6,""), IF(SEARCH(C7&"\","<B>\<1>\<2>\<3>\")=1,0,IF(SEARCH(C7&"\","<B>\<1>\<2>\<3>\")=5,1,IF(SEARCH(C7&"\","<B>\<1>\<2>\<3>\")=9,2,IF(SEARCH(C7&"\","<B>\<1>\<2>\<3>\")=13,3,"")))))) | D7: =IF(SUM(A8:A13)<=0,0,COUNTIF(M8:M13,"<>")/SUM(A8:A13)) -> 0 | E7: Finalidade | F7: =(COUNTIFS($A7:$A13,">0",$C7:$C13,"=PG",F7:F13,"=1")*Capa!$G$14+COUNTIFS($A7:$A13,">0",$C7:$C13,"=PG",F7:F13,"=2")*Capa!$H$14+COUNTIFS($A7:$A13,">0",$C7:$C13,"=PG",F7:F13,"=3")*Capa!$I$14+COUNTIFS($A7:$A13,">0",$C7:$C13,"=PG",F7:F13,"=4")*Capa!$J$14)/(COUNTIFS($A7:$A13,">0",$C7:$C13,"=PG")*100) -> 0 | G7: =(COUNTIFS($A7:$A13,">0",$C7:$C13,"=PG",G7:G13,"=1")*Capa!$G$14+COUNTIFS($A7:$A13,">0",$C7:$C13,"=PG",G7:G13,"=2")*Capa!$H$14+COUNTIFS($A7:$A13,">0",$C7:$C13,"=PG",G7:G13,"=3")*Capa!$I$14+COUNTIFS($A7:$A13,">0",$C7:$C13,"=PG",G7:G13,"=4")*Capa!$J$14)/(COUNTIFS($A7:$A13,">0",$C7:$C13,"=PG")*100) -> 0 | H7: =(COUNTIFS($A7:$A13,">0",$C7:$C13,"=PG",H7:H13,"=1")*Capa!$G$14+COUNTIFS($A7:$A13,">0",$C7:$C13,"=PG",H7:H13,"=2")*Capa!$H$14+COUNTIFS($A7:$A13,">0",$C7:$C13,"=PG",H7:H13,"=3")*Capa!$I$14+COUNTIFS($A7:$A13,">0",$C7:$C13,"=PG",H7:H13,"=4")*Capa!$J$14)/(COUNTIFS($A7:$A13,">0",$C7:$C13,"=PG")*100) -> 0 | I7: =COUNTIFS($A8:$A12,">0",I8:I12,">0") -> 0 | J7: =(COUNTIFS($A7:$A13,">0",$C7:$C13,"=PG",J7:J13,"=1")*Capa!$G$14+COUNTIFS($A7:$A13,">0",$C7:$C13,"=PG",J7:J13,"=2")*Capa!$H$14+COUNTIFS($A7:$A13,">0",$C7:$C13,"=PG",J7:J13,"=3")*Capa!$I$14+COUNTIFS($A7:$A13,">0",$C7:$C13,"=PG",J7:J13,"=4")*Capa!$J$14)/(COUNTIFS($A7:$A13,">0",$C7:$C13,"=PG")*100) -> 0 | K7: =(COUNTIFS($A7:$A13,">0",$C7:$C13,"=PG",K7:K13,"=1")*Capa!$G$14+COUNTIFS($A7:$A13,">0",$C7:$C13,"=PG",K7:K13,"=2")*Capa!$H$14+COUNTIFS($A7:$A13,">0",$C7:$C13,"=PG",K7:K13,"=3")*Capa!$I$14+COUNTIFS($A7:$A13,">0",$C7:$C13,"=PG",K7:K13,"=4")*Capa!$J$14)/(COUNTIFS($A7:$A13,">0",$C7:$C13,"=PG")*100) -> 0 | L7: =(COUNTIFS($A7:$A13,">0",$C7:$C13,"=PG",L7:L13,"=1")*Capa!$G$14+COUNTIFS($A7:$A13,">0",$C7:$C13,"=PG",L7:L13,"=2")*Capa!$H$14+COUNTIFS($A7:$A13,">0",$C7:$C13,"=PG",L7:L13,"=3")*Capa!$I$14+COUNTIFS($A7:$A13,">0",$C7:$C13,"=PG",L7:L13,"=4")*Capa!$J$14)/(COUNTIFS($A7:$A13,">0",$C7:$C13,"=PG")*100) -> 0 | M7: =COUNTIFS($A8:$A12,">0",M8:M12,">0") -> 0
A8: =IF(Capa!$B$6>=B8,1,0) -> 1 | B8: 0 | C8: PG | D8: Manutenção da legalidade | E8: Analisar e atender às leis, regulamentos e normas exigíveis da organização, de qualquer natureza, em todas as regiões de atuação, tempestivamente.
A9: =IF(Capa!$B$6>=B9,1,0) -> 0 | B9: 1 | C9: PG | D9: Adoção de códigos voluntários, incluindo os Objetivos do Desenvolvimento Sustentável das Nações Unidas | E9: Avaliar e selecionar os códigos e normas da sociedade, de adesão voluntária, de forma a buscar incorporar suas recomendações e tornar seus processos mais efetivos. O acervo de Objetivos do Desenvolvimento Sustentável das Nações Unidas (ODS) deve ser um código eletivo utilizado pela organização.
A10: =IF(Capa!$B$6>=B10,1,0) -> 0 | B10: 3 | C10: PG | D10: Avaliação das ações voltadas ao desenvolvimento sustentável | E10: Quantificar o retorno real das ações para o desenvolvimento sustentável, incluindo para a descarbonização do negócio.
A11: =IF(Capa!$B$6>=B11,1,0) -> 0 | B11: 1 | C11: PG | D11: Comunicação de ações voltadas ao desenvolvimento sustentável, incluindo resultados | E11: Comunicar à sociedade as principais ações voltadas ao desenvolvimento sustentável e seus resultados, para demonstrar o comprometimento com o desenvolvimento sustentável e para influenciar outras organizações pelo exemplo.
A12: =IF(Capa!$B$6>=B12,1,0) -> 0 | B12: 2 | C12: PG | D12: Avaliação da imagem institucional, incluindo relativa à sustentabilidade | E12: Conhecer a percepção da sociedade acerca da responsabilidade social da organização e da sua contribuição para o desenvolvimento sustentável, incluindo a coerência percebida entre discurso e prática, para poder melhorar o desempenho socioambiental e sua comunicação.
B13: =IF(ISBLANK(C13),"",IF(ISERR(SEARCH(C13&"\","<B>\<1>\<2>\<3>\")),IF(AND(NOT(ISBLANK(#REF!)),#REF!<=3),#REF!,""), IF(SEARCH(C13&"\","<B>\<1>\<2>\<3>\")=1,0,IF(SEARCH(C13&"\","<B>\<1>\<2>\<3>\")=5,1,IF(SEARCH(C13&"\","<B>\<1>\<2>\<3>\")=9,2,IF(SEARCH(C13&"\","<B>\<1>\<2>\<3>\")=13,3,""))))))
B14: =IF(ISBLANK(C14),"",IF(ISERR(SEARCH(C14&"\","<B>\<1>\<2>\<3>\")),IF(AND(NOT(ISBLANK(B13)),B13<=3),B13,""), IF(SEARCH(C14&"\","<B>\<1>\<2>\<3>\")=1,0,IF(SEARCH(C14&"\","<B>\<1>\<2>\<3>\")=5,1,IF(SEARCH(C14&"\","<B>\<1>\<2>\<3>\")=9,2,IF(SEARCH(C14&"\","<B>\<1>\<2>\<3>\")=13,3,"")))))) | D14: 4.2 Segurança socioambiental | F14: =(F15*20+G15*10+H15*10+J15*30+K15*15+L15*15)/100 -> 0
B15: =IF(ISBLANK(C15),"",IF(ISERR(SEARCH(C15&"\","<B>\<1>\<2>\<3>\")),IF(AND(NOT(ISBLANK(B14)),B14<=3),B14,""), IF(SEARCH(C15&"\","<B>\<1>\<2>\<3>\")=1,0,IF(SEARCH(C15&"\","<B>\<1>\<2>\<3>\")=5,1,IF(SEARCH(C15&"\","<B>\<1>\<2>\<3>\")=9,2,IF(SEARCH(C15&"\","<B>\<1>\<2>\<3>\")=13,3,"")))))) | D15: =IF(SUM(A16:A19)<=0,0,COUNTIF(M16:M19,"<>")/SUM(A16:A19)) -> 0 | E15: Finalidade | F15: =(COUNTIFS($A15:$A19,">0",$C15:$C19,"=PG",F15:F19,"=1")*Capa!$G$14+COUNTIFS($A15:$A19,">0",$C15:$C19,"=PG",F15:F19,"=2")*Capa!$H$14+COUNTIFS($A15:$A19,">0",$C15:$C19,"=PG",F15:F19,"=3")*Capa!$I$14+COUNTIFS($A15:$A19,">0",$C15:$C19,"=PG",F15:F19,"=4")*Capa!$J$14)/(COUNTIFS($A15:$A19,">0",$C15:$C19,"=PG")*100) -> 0 | G15: =(COUNTIFS($A15:$A19,">0",$C15:$C19,"=PG",G15:G19,"=1")*Capa!$G$14+COUNTIFS($A15:$A19,">0",$C15:$C19,"=PG",G15:G19,"=2")*Capa!$H$14+COUNTIFS($A15:$A19,">0",$C15:$C19,"=PG",G15:G19,"=3")*Capa!$I$14+COUNTIFS($A15:$A19,">0",$C15:$C19,"=PG",G15:G19,"=4")*Capa!$J$14)/(COUNTIFS($A15:$A19,">0",$C15:$C19,"=PG")*100) -> 0 | H15: =(COUNTIFS($A15:$A19,">0",$C15:$C19,"=PG",H15:H19,"=1")*Capa!$G$14+COUNTIFS($A15:$A19,">0",$C15:$C19,"=PG",H15:H19,"=2")*Capa!$H$14+COUNTIFS($A15:$A19,">0",$C15:$C19,"=PG",H15:H19,"=3")*Capa!$I$14+COUNTIFS($A15:$A19,">0",$C15:$C19,"=PG",H15:H19,"=4")*Capa!$J$14)/(COUNTIFS($A15:$A19,">0",$C15:$C19,"=PG")*100) -> 0 | I15: =COUNTIFS($A16:$A18,">0",I16:I18,">0") -> 0 | J15: =(COUNTIFS($A15:$A19,">0",$C15:$C19,"=PG",J15:J19,"=1")*Capa!$G$14+COUNTIFS($A15:$A19,">0",$C15:$C19,"=PG",J15:J19,"=2")*Capa!$H$14+COUNTIFS($A15:$A19,">0",$C15:$C19,"=PG",J15:J19,"=3")*Capa!$I$14+COUNTIFS($A15:$A19,">0",$C15:$C19,"=PG",J15:J19,"=4")*Capa!$J$14)/(COUNTIFS($A15:$A19,">0",$C15:$C19,"=PG")*100) -> 0 | K15: =(COUNTIFS($A15:$A19,">0",$C15:$C19,"=PG",K15:K19,"=1")*Capa!$G$14+COUNTIFS($A15:$A19,">0",$C15:$C19,"=PG",K15:K19,"=2")*Capa!$H$14+COUNTIFS($A15:$A19,">0",$C15:$C19,"=PG",K15:K19,"=3")*Capa!$I$14+COUNTIFS($A15:$A19,">0",$C15:$C19,"=PG",K15:K19,"=4")*Capa!$J$14)/(COUNTIFS($A15:$A19,">0",$C15:$C19,"=PG")*100) -> 0 | L15: =(COUNTIFS($A15:$A19,">0",$C15:$C19,"=PG",L15:L19,"=1")*Capa!$G$14+COUNTIFS($A15:$A19,">0",$C15:$C19,"=PG",L15:L19,"=2")*Capa!$H$14+COUNTIFS($A15:$A19,">0",$C15:$C19,"=PG",L15:L19,"=3")*Capa!$I$14+COUNTIFS($A15:$A19,">0",$C15:$C19,"=PG",L15:L19,"=4")*Capa!$J$14)/(COUNTIFS($A15:$A19,">0",$C15:$C19,"=PG")*100) -> 0 | M15: =COUNTIFS($A16:$A18,">0",M16:M18,">0") -> 0
A16: =IF(Capa!$B$6>=B16,1,0) -> 1 | B16: 0 | C16: PG | D16: a) Tratamento de impactos adversos | E16: Mapear e monitorar, de forma integrada e participativa, os impactos adversos, sociais e ambientais, passados, presentes e potenciais, de externalidades decorrentes de decisões, produtos e operações e acompanhar a sua mitigação (eliminação, minimização, compensação ou negativação).
A17: =IF(Capa!$B$6>=B17,1,0) -> 0 | B17: 2 | C17: PG | D17: b) Prontidão para emergências | E17: Manter a organização preparada, incluindo por meio da realização de smulados, para responder a potenciais emergências associadas aos impactos adversos sociais e ambientais mais relevantes, incluindo os que afetam a continuidade do negócio.
A18: =IF(Capa!$B$6>=B18,1,0) -> 0 | B18: 3 | C18: PG | D18: c) Avaliação da segurança socioambiental | E18: Medir a efetividade da prontidão para emergências e da mitigação de impactos sociais e ambientais adversos, incluindo relativos à continuidade do negócio, e possibilitar a melhoria dos produtos e processos.

Sheet 5
D1: =Capa!A1 -> MEGplan MEGIA 2026 | F1: Fatores de avaliação
B2: Nv | C2: Cód | F2: Enx | G2: Proa | H2: Digit | I2: IA? | J2: Abrg | K2: Efet | L2: Inov | M2: Orig? | N2: Bônus | O2: Comentário | P2: + / - | Q2: Prática
D3: =IF(SUM(A4:A23)<=0,0,COUNTIFS(A4:A23,"=1",M4:M23,"<>")/SUM(A4:A23)) -> 0 | E3: Este Critério avalia os processos gerenciais relativos ao conhecimento, inovação e tecnologia, aceleradores da evolução dos processos. | F3: =MIN(IF(Capa!$B$6=0,F18,IF(Capa!$B$6=1,AVERAGE(F6,F12,F18),(F6*'Quadro Geral'!D19+F12*'Quadro Geral'!D20+F18*'Quadro Geral'!D21))/'Quadro Geral'!D18)+N3,1) -> 0 | N3: =IF(OR(AND(Capa!$B$6=0,'1'!I4+'2'!I4+'3'!I4+'4'!I4+'5'!I4+'6'!I4+'7'!I4>0),AND(Capa!$B$6=1,'1'!I4+'2'!I4+'3'!I4+'4'!I4+'5'!I4+'6'!I4+'7'!I4>1),AND(Capa!$B$6=2,I4>0),AND(Capa!$B$6=3,I4>1)),0.05,0)+ IF(OR(AND(Capa!$B$6=1,'1'!I4+'2'!I4+'3'!I4+'4'!I4+'5'!I4+'6'!I4+'7'!I4=1),AND(Capa!$B$6=3,I4=1)),0.02,0)+ IF(OR(AND(Capa!$B$6=0,'1'!M4+'2'!M4+'3'!M4+'4'!M4+'5'!M4+'6'!M4+'7'!M4>0),AND(Capa!$B$6=1,'1'!M4+'2'!M4+'3'!M4+'4'!M4+'5'!M4+'6'!M4+'7'!M4>1),AND(Capa!$B$6=2,M4>0),AND(Capa!$B$6=3,M4>1)),0.05,0)+ IF(OR(AND(Capa!$B$6=1,'1'!M4+'2'!M4+'3'!M4+'4'!M4+'5'!M4+'6'!M4+'7'!M4=1),AND(Capa!$B$6=3,M4=1)),0.02,0) -> 0
B4: =IF(ISBLANK(C4),"",IF(ISERR(SEARCH(C4&"\","<B>\<1>\<2>\<3>\")),IF(AND(NOT(ISBLANK(#REF!)),#REF!<=3),#REF!,""), IF(SEARCH(C4&"\","<B>\<1>\<2>\<3>\")=1,0,IF(SEARCH(C4&"\","<B>\<1>\<2>\<3>\")=5,1,IF(SEARCH(C4&"\","<B>\<1>\<2>\<3>\")=9,2,IF(SEARCH(C4&"\","<B>\<1>\<2>\<3>\")=13,3,"")))))) | D4: CRITÉRIO 5 - CONHECIMENTO, INOVAÇÃO E TECNOLOGIA | F4: =AVERAGE(F7,F23) -> 0 | G4: =AVERAGE(G7,G23) -> 0 | H4: =AVERAGE(H7,H23) -> 0 | I4: =I7+I13+I19 -> 0 | J4: =AVERAGE(J7,J23) -> 0 | K4: =AVERAGE(K7,K23) -> 0 | L4: =AVERAGE(L7,L23) -> 0 | M4: =M7+M13+M19 -> 0
B5: =IF(ISBLANK(C5),"",IF(ISERR(SEARCH(C5&"\","<B>\<1>\<2>\<3>\")),IF(AND(NOT(ISBLANK(#REF!)),#REF!<=3),#REF!,""), IF(SEARCH(C5&"\","<B>\<1>\<2>\<3>\")=1,0,IF(SEARCH(C5&"\","<B>\<1>\<2>\<3>\")=5,1,IF(SEARCH(C5&"\","<B>\<1>\<2>\<3>\")=9,2,IF(SEARCH(C5&"\","<B>\<1>\<2>\<3>\")=13,3,""))))))
B6: =IF(ISBLANK(C6),"",IF(ISERR(SEARCH(C6&"\","<B>\<1>\<2>\<3>\")),IF(AND(NOT(ISBLANK(B5)),B5<=3),B5,""), IF(SEARCH(C6&"\","<B>\<1>\<2>\<3>\")=1,0,IF(SEARCH(C6&"\","<B>\<1>\<2>\<3>\")=5,1,IF(SEARCH(C6&"\","<B>\<1>\<2>\<3>\")=9,2,IF(SEARCH(C6&"\","<B>\<1>\<2>\<3>\")=13,3,"")))))) | D6: 5.1 Conhecimento essencial | F6: =(F7*20+G7*10+H7*10+J7*30+K7*15+L7*15)/100 -> 0
B7: =IF(ISBLANK(C7),"",IF(ISERR(SEARCH(C7&"\","<B>\<1>\<2>\<3>\")),IF(AND(NOT(ISBLANK(B6)),B6<=3),B6,""), IF(SEARCH(C7&"\","<B>\<1>\<2>\<3>\")=1,0,IF(SEARCH(C7&"\","<B>\<1>\<2>\<3>\")=5,1,IF(SEARCH(C7&"\","<B>\<1>\<2>\<3>\")=9,2,IF(SEARCH(C7&"\","<B>\<1>\<2>\<3>\")=13,3,"")))))) | D7: =IF(SUM(A8:A11)<=0,0,COUNTIF(M8:M11,"<>")/SUM(A8:A11)) -> 0 | E7: Finalidade | F7: =IF(COUNTIFS($A7:$A11,">0",$C7:$C11,"=PG")>0,(COUNTIFS($A7:$A11,">0",$C7:$C11,"=PG",F7:F11,"=1")*Capa!$G$14+COUNTIFS($A7:$A11,">0",$C7:$C11,"=PG",F7:F11,"=2")*Capa!$H$14+COUNTIFS($A7:$A11,">0",$C7:$C11,"=PG",F7:F11,"=3")*Capa!$I$14+COUNTIFS($A7:$A11,">0",$C7:$C11,"=PG",F7:F11,"=4")*Capa!$J$14)/(COUNTIFS($A7:$A11,">0",$C7:$C11,"=PG")*100),0) -> 0 | G7: =IF(COUNTIFS($A7:$A11,">0",$C7:$C11,"=PG")>0,(COUNTIFS($A7:$A11,">0",$C7:$C11,"=PG",G7:G11,"=1")*Capa!$G$14+COUNTIFS($A7:$A11,">0",$C7:$C11,"=PG",G7:G11,"=2")*Capa!$H$14+COUNTIFS($A7:$A11,">0",$C7:$C11,"=PG",G7:G11,"=3")*Capa!$I$14+COUNTIFS($A7:$A11,">0",$C7:$C11,"=PG",G7:G11,"=4")*Capa!$J$14)/(COUNTIFS($A7:$A11,">0",$C7:$C11,"=PG")*100),0) -> 0 | H7: =IF(COUNTIFS($A7:$A11,">0",$C7:$C11,"=PG")>0,(COUNTIFS($A7:$A11,">0",$C7:$C11,"=PG",H7:H11,"=1")*Capa!$G$14+COUNTIFS($A7:$A11,">0",$C7:$C11,"=PG",H7:H11,"=2")*Capa!$H$14+COUNTIFS($A7:$A11,">0",$C7:$C11,"=PG",H7:H11,"=3")*Capa!$I$14+COUNTIFS($A7:$A11,">0",$C7:$C11,"=PG",H7:H11,"=4")*Capa!$J$14)/(COUNTIFS($A7:$A11,">0",$C7:$C11,"=PG")*100),0) -> 0 | I7: =COUNTIFS($A8:$A10,">0",I8:I10,">0") -> 0 | J7: =IF(COUNTIFS($A7:$A11,">0",$C7:$C11,"=PG")>0,(COUNTIFS($A7:$A11,">0",$C7:$C11,"=PG",J7:J11,"=1")*Capa!$G$14+COUNTIFS($A7:$A11,">0",$C7:$C11,"=PG",J7:J11,"=2")*Capa!$H$14+COUNTIFS($A7:$A11,">0",$C7:$C11,"=PG",J7:J11,"=3")*Capa!$I$14+COUNTIFS($A7:$A11,">0",$C7:$C11,"=PG",J7:J11,"=4")*Capa!$J$14)/(COUNTIFS($A7:$A11,">0",$C7:$C11,"=PG")*100),0) -> 0 | K7: =IF(COUNTIFS($A7:$A11,">0",$C7:$C11,"=PG")>0,(COUNTIFS($A7:$A11,">0",$C7:$C11,"=PG",K7:K11,"=1")*Capa!$G$14+COUNTIFS($A7:$A11,">0",$C7:$C11,"=PG",K7:K11,"=2")*Capa!$H$14+COUNTIFS($A7:$A11,">0",$C7:$C11,"=PG",K7:K11,"=3")*Capa!$I$14+COUNTIFS($A7:$A11,">0",$C7:$C11,"=PG",K7:K11,"=4")*Capa!$J$14)/(COUNTIFS($A7:$A11,">0",$C7:$C11,"=PG")*100),0) -> 0 | L7: =IF(COUNTIFS($A7:$A11,">0",$C7:$C11,"=PG")>0,(COUNTIFS($A7:$A11,">0",$C7:$C11,"=PG",L7:L11,"=1")*Capa!$G$14+COUNTIFS($A7:$A11,">0",$C7:$C11,"=PG",L7:L11,"=2")*Capa!$H$14+COUNTIFS($A7:$A11,">0",$C7:$C11,"=PG",L7:L11,"=3")*Capa!$I$14+COUNTIFS($A7:$A11,">0",$C7:$C11,"=PG",L7:L11,"=4")*Capa!$J$14)/(COUNTIFS($A7:$A11,">0",$C7:$C11,"=PG")*100),0) -> 0 | M7: =COUNTIFS($A8:$A10,">0",M8:M10,">0") -> 0
A8: =IF(Capa!$B$6>=B8,1,0) -> 0 | B8: 2 | C8: PG | D8: a) Mapeamento de conhecimentos | E8: Identificar e separar, entre eventos recorrentes ou episódicos, os conhecimentos mais importantes que ainda precisam ser internalizados na organização, a partir das competências essenciais que faltam ou que podem vir a faltar para o êxito das estratégias, inclusive de desenvolvimento sustentável e de emprego da inteligência artificial, estabelecer os fatores de desempenho mais importantes sobre o conhecimento na organização e definir os indicadores essenciais associados aos fatores.
A9: =IF(Capa!$B$6>=B9,1,0) -> 0 | B9: 1 | C9: PG | D9: b) Internalização do conhecimento | E9: Captar e desenvolver, por meio de parcerias com a academia, centros de excelência reconhecidos e outros parceiros, quando aplicável, disseminar e proteger o conhecimento na organização a fim de poder obtê-lo tempestivamente e conservar, as competências essenciais para o êxito das estratégias.
A10: =IF(Capa!$B$6>=B10,1,0) -> 0 | B10: 3 | C10: PG | D10: c) Avaliação do desenvolvimento do conhecimento essencial | E10: Medir a efetividade da internalização do conhecimento mais importante para as competências essenciais e possibilitar a melhoria dessa internalização.
B11: =IF(ISBLANK(C11),"",IF(ISERR(SEARCH(C11&"\","<B>\<1>\<2>\<3>\")),IF(AND(NOT(ISBLANK(#REF!)),#REF!<=3),#REF!,""), IF(SEARCH(C11&"\","<B>\<1>\<2>\<3>\")=1,0,IF(SEARCH(C11&"\","<B>\<1>\<2>\<3>\")=5,1,IF(SEARCH(C11&"\","<B>\<1>\<2>\<3>\")=9,2,IF(SEARCH(C11&"\","<B>\<1>\<2>\<3>\")=13,3,""))))))
B12: =IF(ISBLANK(C12),"",IF(ISERR(SEARCH(C12&"\","<B>\<1>\<2>\<3>\")),IF(AND(NOT(ISBLANK(B11)),B11<=3),B11,""), IF(SEARCH(C12&"\","<B>\<1>\<2>\<3>\")=1,0,IF(SEARCH(C12&"\","<B>\<1>\<2>\<3>\")=5,1,IF(SEARCH(C12&"\","<B>\<1>\<2>\<3>\")=9,2,IF(SEARCH(C12&"\","<B>\<1>\<2>\<3>\")=13,3,"")))))) | D12: 5.2 Inovação sustentável | F12: =(F13*20+G13*10+H13*10+J13*30+K13*15+L13*15)/100 -> 0
B13: =IF(ISBLANK(C13),"",IF(ISERR(SEARCH(C13&"\","<B>\<1>\<2>\<3>\")),IF(AND(NOT(ISBLANK(B12)),B12<=3),B12,""), IF(SEARCH(C13&"\","<B>\<1>\<2>\<3>\")=1,0,IF(SEARCH(C13&"\","<B>\<1>\<2>\<3>\")=5,1,IF(SEARCH(C13&"\","<B>\<1>\<2>\<3>\")=9,2,IF(SEARCH(C13&"\","<B>\<1>\<2>\<3>\")=13,3,"")))))) | D13: =IF(SUM(A14:A17)<=0,0,COUNTIF(M14:M17,"<>")/SUM(A14:A17)) -> 0 | E13: Finalidade | F13: =IF(COUNTIFS($A13:$A17,">0",$C13:$C17,"=PG")>0,(COUNTIFS($A13:$A17,">0",$C13:$C17,"=PG",F13:F17,"=1")*Capa!$G$14+COUNTIFS($A13:$A17,">0",$C13:$C17,"=PG",F13:F17,"=2")*Capa!$H$14+COUNTIFS($A13:$A17,">0",$C13:$C17,"=PG",F13:F17,"=3")*Capa!$I$14+COUNTIFS($A13:$A17,">0",$C13:$C17,"=PG",F13:F17,"=4")*Capa!$J$14)/(COUNTIFS($A13:$A17,">0",$C13:$C17,"=PG")*100),0) -> 0 | G13: =IF(COUNTIFS($A13:$A17,">0",$C13:$C17,"=PG")>0,(COUNTIFS($A13:$A17,">0",$C13:$C17,"=PG",G13:G17,"=1")*Capa!$G$14+COUNTIFS($A13:$A17,">0",$C13:$C17,"=PG",G13:G17,"=2")*Capa!$H$14+COUNTIFS($A13:$A17,">0",$C13:$C17,"=PG",G13:G17,"=3")*Capa!$I$14+COUNTIFS($A13:$A17,">0",$C13:$C17,"=PG",G13:G17,"=4")*Capa!$J$14)/(COUNTIFS($A13:$A17,">0",$C13:$C17,"=PG")*100),0) -> 0 | H13: =IF(COUNTIFS($A13:$A17,">0",$C13:$C17,"=PG")>0,(COUNTIFS($A13:$A17,">0",$C13:$C17,"=PG",H13:H17,"=1")*Capa!$G$14+COUNTIFS($A13:$A17,">0",$C13:$C17,"=PG",H13:H17,"=2")*Capa!$H$14+COUNTIFS($A13:$A17,">0",$C13:$C17,"=PG",H13:H17,"=3")*Capa!$I$14+COUNTIFS($A13:$A17,">0",$C13:$C17,"=PG",H13:H17,"=4")*Capa!$J$14)/(COUNTIFS($A13:$A17,">0",$C13:$C17,"=PG")*100),0) -> 0 | I13: =COUNTIFS($A14:$A16,">0",I14:I16,">0") -> 0 | J13: =IF(COUNTIFS($A13:$A17,">0",$C13:$C17,"=PG")>0,(COUNTIFS($A13:$A17,">0",$C13:$C17,"=PG",J13:J17,"=1")*Capa!$G$14+COUNTIFS($A13:$A17,">0",$C13:$C17,"=PG",J13:J17,"=2")*Capa!$H$14+COUNTIFS($A13:$A17,">0",$C13:$C17,"=PG",J13:J17,"=3")*Capa!$I$14+COUNTIFS($A13:$A17,">0",$C13:$C17,"=PG",J13:J17,"=4")*Capa!$J$14)/(COUNTIFS($A13:$A17,">0",$C13:$C17,"=PG")*100),0) -> 0 | K13: =IF(COUNTIFS($A13:$A17,">0",$C13:$C17,"=PG")>0,(COUNTIFS($A13:$A17,">0",$C13:$C17,"=PG",K13:K17,"=1")*Capa!$G$14+COUNTIFS($A13:$A17,">0",$C13:$C17,"=PG",K13:K17,"=2")*Capa!$H$14+COUNTIFS($A13:$A17,">0",$C13:$C17,"=PG",K13:K17,"=3")*Capa!$I$14+COUNTIFS($A13:$A17,">0",$C13:$C17,"=PG",K13:K17,"=4")*Capa!$J$14)/(COUNTIFS($A13:$A17,">0",$C13:$C17,"=PG")*100),0) -> 0 | L13: =IF(COUNTIFS($A13:$A17,">0",$C13:$C17,"=PG")>0,(COUNTIFS($A13:$A17,">0",$C13:$C17,"=PG",L13:L17,"=1")*Capa!$G$14+COUNTIFS($A13:$A17,">0",$C13:$C17,"=PG",L13:L17,"=2")*Capa!$H$14+COUNTIFS($A13:$A17,">0",$C13:$C17,"=PG",L13:L17,"=3")*Capa!$I$14+COUNTIFS($A13:$A17,">0",$C13:$C17,"=PG",L13:L17,"=4")*Capa!$J$14)/(COUNTIFS($A13:$A17,">0",$C13:$C17,"=PG")*100),0) -> 0 | M13: =COUNTIFS($A14:$A16,">0",M14:M16,">0") -> 0
A14: =IF(Capa!$B$6>=B14,1,0) -> 0 | B14: 2 | C14: PG | D14: a) Fomento da inovação sustentável e resiliente | E14: Criar um ambiente que favoreça a sugestão de ideias originais ou inusitadas que tenham potencial de se converter em inovações em produtos e processos, solucionando problemas, aproveitando oportunidades ou criando mais valor para partes interessadas, promovendo o desenvolvimento sustentável, a resiliência e a continuidade do negócio. Identificar os fatores de desempenho mais importantes para a inovação e definir seus indicadores.
A15: =IF(Capa!$B$6>=B15,1,0) -> 0 | B15: 1 | C15: PG | D15: b) Experimentação em larga escala | E15: Manter uma conjunto de testes piloto ou experimentos ágeis, seguros e de baixo custo na organização para validar as sugestões de ideias com potencial de se converter em inovações em produtos e processos, sustentáveis e resilientes.
A16: =IF(Capa!$B$6>=B16,1,0) -> 0 | B16: 3 | C16: PG | D16: c) Avaliação do desenvolvimento da inovação sustentável e resiliente | E16: Medir a intensidade e efetividade da inovação na organização e o quanto promove a sustentabilidade e a resiliência do negócio, considerando os anseios das partes interessadas e sua harmonização.
B17: =IF(ISBLANK(C17),"",IF(ISERR(SEARCH(C17&"\","<B>\<1>\<2>\<3>\")),IF(AND(NOT(ISBLANK(#REF!)),#REF!<=3),#REF!,""), IF(SEARCH(C17&"\","<B>\<1>\<2>\<3>\")=1,0,IF(SEARCH(C17&"\","<B>\<1>\<2>\<3>\")=5,1,IF(SEARCH(C17&"\","<B>\<1>\<2>\<3>\")=9,2,IF(SEARCH(C17&"\","<B>\<1>\<2>\<3>\")=13,3,""))))))
B18: =IF(ISBLANK(C18),"",IF(ISERR(SEARCH(C18&"\","<B>\<1>\<2>\<3>\")),IF(AND(NOT(ISBLANK(B17)),B17<=3),B17,""), IF(SEARCH(C18&"\","<B>\<1>\<2>\<3>\")=1,0,IF(SEARCH(C18&"\","<B>\<1>\<2>\<3>\")=5,1,IF(SEARCH(C18&"\","<B>\<1>\<2>\<3>\")=9,2,IF(SEARCH(C18&"\","<B>\<1>\<2>\<3>\")=13,3,"")))))) | D18: 5.3 Adaptação digital segura | F18: =(F19*20+G19*10+H19*10+J19*30+K19*15+L19*15)/100 -> 0
B19: =IF(ISBLANK(C19),"",IF(ISERR(SEARCH(C19&"\","<B>\<1>\<2>\<3>\")),IF(AND(NOT(ISBLANK(B18)),B18<=3),B18,""), IF(SEARCH(C19&"\","<B>\<1>\<2>\<3>\")=1,0,IF(SEARCH(C19&"\","<B>\<1>\<2>\<3>\")=5,1,IF(SEARCH(C19&"\","<B>\<1>\<2>\<3>\")=9,2,IF(SEARCH(C19&"\","<B>\<1>\<2>\<3>\")=13,3,"")))))) | D19: =IF(SUM(A20:A23)<=0,0,COUNTIF(M20:M23,"<>")/SUM(A20:A23)) -> 0 | F19: =(COUNTIFS($A19:$A23,">0",$C19:$C23,"=PG",F19:F23,"=1")*Capa!$G$14+COUNTIFS($A19:$A23,">0",$C19:$C23,"=PG",F19:F23,"=2")*Capa!$H$14+COUNTIFS($A19:$A23,">0",$C19:$C23,"=PG",F19:F23,"=3")*Capa!$I$14+COUNTIFS($A19:$A23,">0",$C19:$C23,"=PG",F19:F23,"=4")*Capa!$J$14)/(COUNTIFS($A19:$A23,">0",$C19:$C23,"=PG")*100) -> 0 | G19: =(COUNTIFS($A19:$A23,">0",$C19:$C23,"=PG",G19:G23,"=1")*Capa!$G$14+COUNTIFS($A19:$A23,">0",$C19:$C23,"=PG",G19:G23,"=2")*Capa!$H$14+COUNTIFS($A19:$A23,">0",$C19:$C23,"=PG",G19:G23,"=3")*Capa!$I$14+COUNTIFS($A19:$A23,">0",$C19:$C23,"=PG",G19:G23,"=4")*Capa!$J$14)/(COUNTIFS($A19:$A23,">0",$C19:$C23,"=PG")*100) -> 0 | H19: =(COUNTIFS($A19:$A23,">0",$C19:$C23,"=PG",H19:H23,"=1")*Capa!$G$14+COUNTIFS($A19:$A23,">0",$C19:$C23,"=PG",H19:H23,"=2")*Capa!$H$14+COUNTIFS($A19:$A23,">0",$C19:$C23,"=PG",H19:H23,"=3")*Capa!$I$14+COUNTIFS($A19:$A23,">0",$C19:$C23,"=PG",H19:H23,"=4")*Capa!$J$14)/(COUNTIFS($A19:$A23,">0",$C19:$C23,"=PG")*100) -> 0 | I19: =COUNTIFS($A20:$A22,">0",I20:I22,">0") -> 0 | J19: =(COUNTIFS($A19:$A23,">0",$C19:$C23,"=PG",J19:J23,"=1")*Capa!$G$14+COUNTIFS($A19:$A23,">0",$C19:$C23,"=PG",J19:J23,"=2")*Capa!$H$14+COUNTIFS($A19:$A23,">0",$C19:$C23,"=PG",J19:J23,"=3")*Capa!$I$14+COUNTIFS($A19:$A23,">0",$C19:$C23,"=PG",J19:J23,"=4")*Capa!$J$14)/(COUNTIFS($A19:$A23,">0",$C19:$C23,"=PG")*100) -> 0 | K19: =(COUNTIFS($A19:$A23,">0",$C19:$C23,"=PG",K19:K23,"=1")*Capa!$G$14+COUNTIFS($A19:$A23,">0",$C19:$C23,"=PG",K19:K23,"=2")*Capa!$H$14+COUNTIFS($A19:$A23,">0",$C19:$C23,"=PG",K19:K23,"=3")*Capa!$I$14+COUNTIFS($A19:$A23,">0",$C19:$C23,"=PG",K19:K23,"=4")*Capa!$J$14)/(COUNTIFS($A19:$A23,">0",$C19:$C23,"=PG")*100) -> 0 | L19: =(COUNTIFS($A19:$A23,">0",$C19:$C23,"=PG",L19:L23,"=1")*Capa!$G$14+COUNTIFS($A19:$A23,">0",$C19:$C23,"=PG",L19:L23,"=2")*Capa!$H$14+COUNTIFS($A19:$A23,">0",$C19:$C23,"=PG",L19:L23,"=3")*Capa!$I$14+COUNTIFS($A19:$A23,">0",$C19:$C23,"=PG",L19:L23,"=4")*Capa!$J$14)/(COUNTIFS($A19:$A23,">0",$C19:$C23,"=PG")*100) -> 0 | M19: =COUNTIFS($A20:$A22,">0",M20:M22,">0") -> 0
A20: =IF(Capa!$B$6>=B20,1,0) -> 0 | B20: 1 | C20: PG | D20: a) Desenvolvimento do negócio digital | E20: Desenvolver uma cultura e processos que propiciem a incorporação ágil, permanente e adaptativa da tecnologia digital emergente nos produtos, processos e no negócio, especialmente da inteligência artificial, melhorando o seu desempenho e a integração digital com clientes e outras partes interessadas. Estabelecer os fatores de desempenho mais importantes sobre a adaptação digital na organização e definir os indicadores essenciais associados aos fatores.
A21: =IF(Capa!$B$6>=B21,1,0) -> 1 | B21: 0 | C21: PG | D21: b) Segurança digital | E21: Estabelecer diretrizes e fatores de desempenho mais importantes para a segurança das informações e definir os indicadores essenciais associados aos fatores, mantendo e testando um ambiente seguro e resiliente de acesso, coleta, recebimento, tratamento, geração, armazenamento, comunicação, garantia de confidencialidade, autenticidade, integridade, disponibilidade e proteção contra ciberataques, no âmbito dos processos da organização, inclusive de uso seguro de inteligência artificial nessas atividades.
A22: =IF(Capa!$B$6>=B22,1,0) -> 0 | B22: 3 | C22: PG | D22: c) Avaliação adaptação digital segura | E22: Medir a efetividade do desenvolvimento do negócio digital seguro para poder melhorar a segurança digital
B23: =IF(ISBLANK(C23),"",IF(ISERR(SEARCH(C23&"\","<B>\<1>\<2>\<3>\")),IF(AND(NOT(ISBLANK(#REF!)),#REF!<=3),#REF!,""), IF(SEARCH(C23&"\","<B>\<1>\<2>\<3>\")=1,0,IF(SEARCH(C23&"\","<B>\<1>\<2>\<3>\")=5,1,IF(SEARCH(C23&"\","<B>\<1>\<2>\<3>\")=9,2,IF(SEARCH(C23&"\","<B>\<1>\<2>\<3>\")=13,3,""))))))

Sheet 6
D1: =Capa!A1 -> MEGplan MEGIA 2026 | F1: Fatores de avaliação
B2: Nv | C2: Cód | F2: Enx | G2: Proa | H2: Digit | I2: IA? | J2: Abrg | K2: Efet | L2: Inov | M2: Orig? | N2: Bônus | O2: Comentário | P2: + / - | Q2: Prática
D3: =IF(SUM(A4:A20)<=0,0,COUNTIFS(A4:A20,"=1",M4:M20,"<>")/SUM(A4:A20)) -> 0 | E3: Este Critério avalia os processos gerenciais relativos à configuração de equipes de alta performance e desenvolvimento de líderes. | F3: =MIN(IF(OR(Capa!$B$6=0,Capa!$B$6=1),AVERAGE(F6,F14),(F6*'Quadro Geral'!D23+F14*'Quadro Geral'!D24)/'Quadro Geral'!D22)+N3,1) -> 0 | N3: =IF(OR(AND(Capa!$B$6=2,I4>0),AND(Capa!$B$6=3,I4>1)),0.05,0)+IF(AND(Capa!$B$6=3,I4=1),0.02,0)+IF(OR(AND(Capa!$B$6=2,M4>0),AND(Capa!$B$6=3,M4>1)),0.05,0)+IF(AND(Capa!$B$6=3,M4=1),0.02,0) -> 0
B4: =IF(ISBLANK(C4),"",IF(ISERR(SEARCH(C4&"\","<B>\<1>\<2>\<3>\")),IF(AND(NOT(ISBLANK(#REF!)),#REF!<=3),#REF!,""), IF(SEARCH(C4&"\","<B>\<1>\<2>\<3>\")=1,0,IF(SEARCH(C4&"\","<B>\<1>\<2>\<3>\")=5,1,IF(SEARCH(C4&"\","<B>\<1>\<2>\<3>\")=9,2,IF(SEARCH(C4&"\","<B>\<1>\<2>\<3>\")=13,3,"")))))) | D4: CRITÉRIO 6 - PESSOAS | F4: =AVERAGE(F7,F15) -> 0 | G4: =AVERAGE(G7,G15) -> 0 | H4: =AVERAGE(H7,H15) -> 0 | I4: =I7+I15 -> 0 | J4: =AVERAGE(J7,J15) -> 0 | K4: =AVERAGE(K7,K15) -> 0 | L4: =AVERAGE(L7,L15) -> 0 | M4: =M7+M15 -> 0
B5: =IF(ISBLANK(C5),"",IF(ISERR(SEARCH(C5&"\","<B>\<1>\<2>\<3>\")),IF(AND(NOT(ISBLANK(#REF!)),#REF!<=3),#REF!,""), IF(SEARCH(C5&"\","<B>\<1>\<2>\<3>\")=1,0,IF(SEARCH(C5&"\","<B>\<1>\<2>\<3>\")=5,1,IF(SEARCH(C5&"\","<B>\<1>\<2>\<3>\")=9,2,IF(SEARCH(C5&"\","<B>\<1>\<2>\<3>\")=13,3,""))))))
B6: =IF(ISBLANK(C6),"",IF(ISERR(SEARCH(C6&"\","<B>\<1>\<2>\<3>\")),IF(AND(NOT(ISBLANK(B5)),B5<=3),B5,""), IF(SEARCH(C6&"\","<B>\<1>\<2>\<3>\")=1,0,IF(SEARCH(C6&"\","<B>\<1>\<2>\<3>\")=5,1,IF(SEARCH(C6&"\","<B>\<1>\<2>\<3>\")=9,2,IF(SEARCH(C6&"\","<B>\<1>\<2>\<3>\")=13,3,"")))))) | D6: 6.1 Equipes de alto desempenho | F6: =(F7*20+G7*10+H7*10+J7*30+K7*15+L7*15)/100 -> 0
B7: =IF(ISBLANK(C7),"",IF(ISERR(SEARCH(C7&"\","<B>\<1>\<2>\<3>\")),IF(AND(NOT(ISBLANK(B6)),B6<=3),B6,""), IF(SEARCH(C7&"\","<B>\<1>\<2>\<3>\")=1,0,IF(SEARCH(C7&"\","<B>\<1>\<2>\<3>\")=5,1,IF(SEARCH(C7&"\","<B>\<1>\<2>\<3>\")=9,2,IF(SEARCH(C7&"\","<B>\<1>\<2>\<3>\")=13,3,"")))))) | D7: =IF(SUM(A8:A13)<=0,0,COUNTIF(M8:M13,"<>")/SUM(A8:A13)) -> 0 | E7: Finalidade | F7: =(COUNTIFS($A7:$A13,">0",$C7:$C13,"=PG",F7:F13,"=1")*Capa!$G$14+COUNTIFS($A7:$A13,">0",$C7:$C13,"=PG",F7:F13,"=2")*Capa!$H$14+COUNTIFS($A7:$A13,">0",$C7:$C13,"=PG",F7:F13,"=3")*Capa!$I$14+COUNTIFS($A7:$A13,">0",$C7:$C13,"=PG",F7:F13,"=4")*Capa!$J$14)/(COUNTIFS($A7:$A13,">0",$C7:$C13,"=PG")*100) -> 0 | G7: =(COUNTIFS($A7:$A13,">0",$C7:$C13,"=PG",G7:G13,"=1")*Capa!$G$14+COUNTIFS($A7:$A13,">0",$C7:$C13,"=PG",G7:G13,"=2")*Capa!$H$14+COUNTIFS($A7:$A13,">0",$C7:$C13,"=PG",G7:G13,"=3")*Capa!$I$14+COUNTIFS($A7:$A13,">0",$C7:$C13,"=PG",G7:G13,"=4")*Capa!$J$14)/(COUNTIFS($A7:$A13,">0",$C7:$C13,"=PG")*100) -> 0 | H7: =(COUNTIFS($A7:$A13,">0",$C7:$C13,"=PG",H7:H13,"=1")*Capa!$G$14+COUNTIFS($A7:$A13,">0",$C7:$C13,"=PG",H7:H13,"=2")*Capa!$H$14+COUNTIFS($A7:$A13,">0",$C7:$C13,"=PG",H7:H13,"=3")*Capa!$I$14+COUNTIFS($A7:$A13,">0",$C7:$C13,"=PG",H7:H13,"=4")*Capa!$J$14)/(COUNTIFS($A7:$A13,">0",$C7:$C13,"=PG")*100) -> 0 | I7: =COUNTIFS($A8:$A12,">0",I8:I12,">0") -> 0 | J7: =(COUNTIFS($A7:$A13,">0",$C7:$C13,"=PG",J7:J13,"=1")*Capa!$G$14+COUNTIFS($A7:$A13,">0",$C7:$C13,"=PG",J7:J13,"=2")*Capa!$H$14+COUNTIFS($A7:$A13,">0",$C7:$C13,"=PG",J7:J13,"=3")*Capa!$I$14+COUNTIFS($A7:$A13,">0",$C7:$C13,"=PG",J7:J13,"=4")*Capa!$J$14)/(COUNTIFS($A7:$A13,">0",$C7:$C13,"=PG")*100) -> 0 | K7: =(COUNTIFS($A7:$A13,">0",$C7:$C13,"=PG",K7:K13,"=1")*Capa!$G$14+COUNTIFS($A7:$A13,">0",$C7:$C13,"=PG",K7:K13,"=2")*Capa!$H$14+COUNTIFS($A7:$A13,">0",$C7:$C13,"=PG",K7:K13,"=3")*Capa!$I$14+COUNTIFS($A7:$A13,">0",$C7:$C13,"=PG",K7:K13,"=4")*Capa!$J$14)/(COUNTIFS($A7:$A13,">0",$C7:$C13,"=PG")*100) -> 0 | L7: =(COUNTIFS($A7:$A13,">0",$C7:$C13,"=PG",L7:L13,"=1")*Capa!$G$14+COUNTIFS($A7:$A13,">0",$C7:$C13,"=PG",L7:L13,"=2")*Capa!$H$14+COUNTIFS($A7:$A13,">0",$C7:$C13,"=PG",L7:L13,"=3")*Capa!$I$14+COUNTIFS($A7:$A13,">0",$C7:$C13,"=PG",L7:L13,"=4")*Capa!$J$14)/(COUNTIFS($A7:$A13,">0",$C7:$C13,"=PG")*100) -> 0 | M7: =COUNTIFS($A8:$A12,">0",M8:M12,">0") -> 0
A8: =IF(Capa!$B$6>=B8,1,0) -> 0 | B8: 2 | C8: PG | D8: a) Estruturação das equipes para obtenção de alta performance | E8: Trabalhar com estrutura de pessoal otimizada, com perfis e competências necessárias identificadas, para as pessoas atuarem com resiliência para enfrentar e superar dificuldades e autonomia para decidir e se autogerenciar; estabelecer fatores de desempenho associados à performance da força de trabalho e definir os indicadores essenciais associados aos fatores.
A9: =IF(Capa!$B$6>=B9,1,0) -> 1 | B9: 0 | C9: PG | D9: b) Composição de equipes, incluindo a integração das pessoas às suas funções e à cultura | E9: Otimizar as equipes selecionando, interna ou externamente, pessoas que tenham perfil e competências compatíveis com as requeridas, adequando suas competências e integrando-as com a cultura organizacional atual e desejada.
A10: =IF(Capa!$B$6>=B10,1,0) -> 1 | B10: 0 | C10: PG | D10: c) Tratamento dos perigos e riscos monitorados, relacionados à saúde e à segurança das pessoas | E10: Buscar assegurar a integridade física e mental das pessoas, estabelecer fatores de desempenho associados à saúde e segurança ocupacional da força de trabalho e definir os indicadores essenciais de monitoramento, inclusive de atendimento à legislação ou regulação aplicável.
A11: =IF(Capa!$B$6>=B11,1,0) -> 0 | B11: 1 | C11: PG | D11: d) Desenvolvimento de equipes de alta performance | E11: Tornar as pessoas mais preparadas para realizar as funções para as quais foram designadas ou têm potencial, e para trabalhar em equipe, por meio do estabelecimento de objetivos e metas; feedback de desempenho; planos de desenvolvimento de competências profissionais, de cidadania e comportamentais; incentivos e reconhecimento.
A12: =IF(Capa!$B$6>=B12,1,0) -> 0 | B12: 1 | C12: PG | D12: e) Promoção de clima organizacional favorável à alta performance | E12: Maximizar o comprometimento, engajamento e disposição da força de trabalho para a alta performance, por meio da disponibilização recursos, estabelecimento de desafios, incentivo ao autodesenvolvimento, manutenção de reconhecimentos por contribuições extraordinárias e incentivos por alcance e superação de metas, manutenção de remuneração e benefícios competitivos e monitoramento da satisfação das pessoas e análise e tratamento das oportunidades para melhoria do clima, com responsabilização dos líderes em todos os níveis. Estabelecer fatores de desempenho mais importantes associados à promoção do clima favorável nos diferentes grupos ou níveis da força de trabalho e definir os seus indicadores.
B13: =IF(ISBLANK(C13),"",IF(ISERR(SEARCH(C13&"\","<B>\<1>\<2>\<3>\")),IF(AND(NOT(ISBLANK(#REF!)),#REF!<=3),#REF!,""), IF(SEARCH(C13&"\","<B>\<1>\<2>\<3>\")=1,0,IF(SEARCH(C13&"\","<B>\<1>\<2>\<3>\")=5,1,IF(SEARCH(C13&"\","<B>\<1>\<2>\<3>\")=9,2,IF(SEARCH(C13&"\","<B>\<1>\<2>\<3>\")=13,3,""))))))
B14: =IF(ISBLANK(C14),"",IF(ISERR(SEARCH(C14&"\","<B>\<1>\<2>\<3>\")),IF(AND(NOT(ISBLANK(B13)),B13<=3),B13,""), IF(SEARCH(C14&"\","<B>\<1>\<2>\<3>\")=1,0,IF(SEARCH(C14&"\","<B>\<1>\<2>\<3>\")=5,1,IF(SEARCH(C14&"\","<B>\<1>\<2>\<3>\")=9,2,IF(SEARCH(C14&"\","<B>\<1>\<2>\<3>\")=13,3,"")))))) | D14: 6.2 Desenvolvimento de líderes | F14: =(F15*20+G15*10+H15*10+J15*30+K15*15+L15*15)/100 -> 0
B15: =IF(ISBLANK(C15),"",IF(ISERR(SEARCH(C15&"\","<B>\<1>\<2>\<3>\")),IF(AND(NOT(ISBLANK(B14)),B14<=3),B14,""), IF(SEARCH(C15&"\","<B>\<1>\<2>\<3>\")=1,0,IF(SEARCH(C15&"\","<B>\<1>\<2>\<3>\")=5,1,IF(SEARCH(C15&"\","<B>\<1>\<2>\<3>\")=9,2,IF(SEARCH(C15&"\","<B>\<1>\<2>\<3>\")=13,3,"")))))) | D15: =IF(SUM(A16:A20)<=0,0,COUNTIF(M16:M20,"<>")/SUM(A16:A20)) -> 0 | E15: Finalidade | F15: =(COUNTIFS($A15:$A20,">0",$C15:$C20,"=PG",F15:F20,"=1")*Capa!$G$14+COUNTIFS($A15:$A20,">0",$C15:$C20,"=PG",F15:F20,"=2")*Capa!$H$14+COUNTIFS($A15:$A20,">0",$C15:$C20,"=PG",F15:F20,"=3")*Capa!$I$14+COUNTIFS($A15:$A20,">0",$C15:$C20,"=PG",F15:F20,"=4")*Capa!$J$14)/(COUNTIFS($A15:$A20,">0",$C15:$C20,"=PG")*100) -> 0 | G15: =(COUNTIFS($A15:$A20,">0",$C15:$C20,"=PG",G15:G20,"=1")*Capa!$G$14+COUNTIFS($A15:$A20,">0",$C15:$C20,"=PG",G15:G20,"=2")*Capa!$H$14+COUNTIFS($A15:$A20,">0",$C15:$C20,"=PG",G15:G20,"=3")*Capa!$I$14+COUNTIFS($A15:$A20,">0",$C15:$C20,"=PG",G15:G20,"=4")*Capa!$J$14)/(COUNTIFS($A15:$A20,">0",$C15:$C20,"=PG")*100) -> 0 | H15: =(COUNTIFS($A15:$A20,">0",$C15:$C20,"=PG",H15:H20,"=1")*Capa!$G$14+COUNTIFS($A15:$A20,">0",$C15:$C20,"=PG",H15:H20,"=2")*Capa!$H$14+COUNTIFS($A15:$A20,">0",$C15:$C20,"=PG",H15:H20,"=3")*Capa!$I$14+COUNTIFS($A15:$A20,">0",$C15:$C20,"=PG",H15:H20,"=4")*Capa!$J$14)/(COUNTIFS($A15:$A20,">0",$C15:$C20,"=PG")*100) -> 0 | I15: =COUNTIFS($A16:$A19,">0",I16:I19,">0") -> 0 | J15: =(COUNTIFS($A15:$A20,">0",$C15:$C20,"=PG",J15:J20,"=1")*Capa!$G$14+COUNTIFS($A15:$A20,">0",$C15:$C20,"=PG",J15:J20,"=2")*Capa!$H$14+COUNTIFS($A15:$A20,">0",$C15:$C20,"=PG",J15:J20,"=3")*Capa!$I$14+COUNTIFS($A15:$A20,">0",$C15:$C20,"=PG",J15:J20,"=4")*Capa!$J$14)/(COUNTIFS($A15:$A20,">0",$C15:$C20,"=PG")*100) -> 0 | K15: =(COUNTIFS($A15:$A20,">0",$C15:$C20,"=PG",K15:K20,"=1")*Capa!$G$14+COUNTIFS($A15:$A20,">0",$C15:$C20,"=PG",K15:K20,"=2")*Capa!$H$14+COUNTIFS($A15:$A20,">0",$C15:$C20,"=PG",K15:K20,"=3")*Capa!$I$14+COUNTIFS($A15:$A20,">0",$C15:$C20,"=PG",K15:K20,"=4")*Capa!$J$14)/(COUNTIFS($A15:$A20,">0",$C15:$C20,"=PG")*100) -> 0 | L15: =(COUNTIFS($A15:$A20,">0",$C15:$C20,"=PG",L15:L20,"=1")*Capa!$G$14+COUNTIFS($A15:$A20,">0",$C15:$C20,"=PG",L15:L20,"=2")*Capa!$H$14+COUNTIFS($A15:$A20,">0",$C15:$C20,"=PG",L15:L20,"=3")*Capa!$I$14+COUNTIFS($A15:$A20,">0",$C15:$C20,"=PG",L15:L20,"=4")*Capa!$J$14)/(COUNTIFS($A15:$A20,">0",$C15:$C20,"=PG")*100) -> 0 | M15: =COUNTIFS($A16:$A19,">0",M16:M19,">0") -> 0
A16: =IF(Capa!$B$6>=B16,1,0) -> 0 | B16: 1 | C16: PG | D16: a) Definição de competências de liderança para alta performance e o desenvolvimento sustentável | E16: Definir os principais conhecimentos, habilidades e atitudes de liderança formal ou informal, em que os gestores precisam se desenvolver em seu nível, incluindo sua resiliência e a habilidade de os integrantes da alta direção desenvolverem líderes, para promover o maior engajamento da equipe, enfrentar e superar dificuldades, contribuir para aumento da sustentabilidade de produtos e processos e obter alta performance da equipe; estabelecer fatores de desempenho associados à qualidade da liderança e definir os indicadores essenciais associados aos fatores.
A17: =IF(Capa!$B$6>=B17,1,0) -> 0 | B17: 2 | C17: PG | D17: b) Seleção de pessoas com potencial de liderança e sucessores | E17: Estabelecer métodos de identificação de pessoas com potencial para competências de liderança e gerir planos de desenvolvimento das pessoas selecionadas nas competências de liderança, de acordo com seu nível.
A18: =IF(Capa!$B$6>=B18,1,0) -> 1 | B18: 0 | C18: PG | D18: c) Desenvolvimento de líderes atuais e potenciais de diferentes níveis | E18: Melhorar as competências definidas para os diferentes níveis de líderes - atuais e potenciais - incluindo as relativas ao gerenciamento de pessoas e ao desenvolvimento de gestores por seus líderes.
A19: =IF(Capa!$B$6>=B19,1,0) -> 0 | B19: 3 | C19: PG | D19: d) Avaliação da liderança de equipes de alta performance | E19: Medir a efetividade da liderança e proporcionar retroalimentação contínua do desempenho de liderança, inclusive dos liderados, sobre pontos fortes e oportunidades observadas na atuação dos líderes, nos diferentes níveis, para desenvolvimento de equipes de alta performance.
B20: =IF(ISBLANK(C20),"",IF(ISERR(SEARCH(C20&"\","<B>\<1>\<2>\<3>\")),IF(AND(NOT(ISBLANK(#REF!)),#REF!<=3),#REF!,""), IF(SEARCH(C20&"\","<B>\<1>\<2>\<3>\")=1,0,IF(SEARCH(C20&"\","<B>\<1>\<2>\<3>\")=5,1,IF(SEARCH(C20&"\","<B>\<1>\<2>\<3>\")=9,2,IF(SEARCH(C20&"\","<B>\<1>\<2>\<3>\")=13,3,""))))))

Sheet 7
D1: =Capa!A1 -> MEGplan MEGIA 2026 | F1: Fatores de avaliação
B2: Nv | C2: Cód | F2: Enx | G2: Proa | H2: Digit | I2: IA? | J2: Abrg | K2: Efet | L2: Inov | M2: Orig? | N2: Bônus | O2: Comentário | P2: + / - | Q2: Prática
D3: =IF(SUM(A4:A27)<=0,0,COUNTIFS(A4:A27,"=1",M4:M27,"<>")/SUM(A4:A27)) -> 0 | F3: =MIN(IF(OR(Capa!$B$6=0,Capa!$B$6=1),AVERAGE(F6,F13,F21),(F6*'Quadro Geral'!D26+F13*'Quadro Geral'!D27+F21*'Quadro Geral'!D28)/'Quadro Geral'!D25)+N3,1) -> 0 | N3: =IF(OR(AND(Capa!$B$6=2,I4>0),AND(Capa!$B$6=3,I4>1)),0.05,0)+IF(AND(Capa!$B$6=3,I4=1),0.02,0)+IF(OR(AND(Capa!$B$6=2,M4>0),AND(Capa!$B$6=3,M4>1)),0.05,0)+IF(AND(Capa!$B$6=3,M4=1),0.02,0) -> 0
B4: =IF(ISBLANK(C4),"",IF(ISERR(SEARCH(C4&"\","<B>\<1>\<2>\<3>\")),IF(AND(NOT(ISBLANK(#REF!)),#REF!<=3),#REF!,""), IF(SEARCH(C4&"\","<B>\<1>\<2>\<3>\")=1,0,IF(SEARCH(C4&"\","<B>\<1>\<2>\<3>\")=5,1,IF(SEARCH(C4&"\","<B>\<1>\<2>\<3>\")=9,2,IF(SEARCH(C4&"\","<B>\<1>\<2>\<3>\")=13,3,"")))))) | D4: CRITÉRIO 7 - PROCESSOS | E4: Este Critério avalia os processos gerenciais relativos aos processos primários e de suporte, suprimento de matérias primas e insumos e econômico-financeiros. | F4: =AVERAGE(F7,F14,F22) -> 0 | G4: =AVERAGE(G7,G14,G22) -> 0 | H4: =AVERAGE(H7,H14,H22) -> 0 | I4: =I7+I14+I22 -> 0 | J4: =AVERAGE(J7,J14,J22) -> 0 | K4: =AVERAGE(K7,K14,K22) -> 0 | L4: =AVERAGE(L7,L14,L22) -> 0 | M4: =M7+M14+M22 -> 0
B5: =IF(ISBLANK(C5),"",IF(ISERR(SEARCH(C5&"\","<B>\<1>\<2>\<3>\")),IF(AND(NOT(ISBLANK(#REF!)),#REF!<=3),#REF!,""), IF(SEARCH(C5&"\","<B>\<1>\<2>\<3>\")=1,0,IF(SEARCH(C5&"\","<B>\<1>\<2>\<3>\")=5,1,IF(SEARCH(C5&"\","<B>\<1>\<2>\<3>\")=9,2,IF(SEARCH(C5&"\","<B>\<1>\<2>\<3>\")=13,3,""))))))
B6: =IF(ISBLANK(C6),"",IF(ISERR(SEARCH(C6&"\","<B>\<1>\<2>\<3>\")),IF(AND(NOT(ISBLANK(B5)),B5<=3),B5,""), IF(SEARCH(C6&"\","<B>\<1>\<2>\<3>\")=1,0,IF(SEARCH(C6&"\","<B>\<1>\<2>\<3>\")=5,1,IF(SEARCH(C6&"\","<B>\<1>\<2>\<3>\")=9,2,IF(SEARCH(C6&"\","<B>\<1>\<2>\<3>\")=13,3,"")))))) | D6: 7.1 Processos primários e de suporte | F6: =(F7*20+G7*10+H7*10+J7*30+K7*15+L7*15)/100 -> 0
B7: =IF(ISBLANK(C7),"",IF(ISERR(SEARCH(C7&"\","<B>\<1>\<2>\<3>\")),IF(AND(NOT(ISBLANK(B6)),B6<=3),B6,""), IF(SEARCH(C7&"\","<B>\<1>\<2>\<3>\")=1,0,IF(SEARCH(C7&"\","<B>\<1>\<2>\<3>\")=5,1,IF(SEARCH(C7&"\","<B>\<1>\<2>\<3>\")=9,2,IF(SEARCH(C7&"\","<B>\<1>\<2>\<3>\")=13,3,"")))))) | D7: =IF(SUM(A8:A12)<=0,0,COUNTIF(M8:M12,"<>")/SUM(A8:A12)) -> 0 | E7: Finalidade | F7: =(COUNTIFS($A7:$A12,">0",$C7:$C12,"=PG",F7:F12,"=1")*Capa!$G$14+COUNTIFS($A7:$A12,">0",$C7:$C12,"=PG",F7:F12,"=2")*Capa!$H$14+COUNTIFS($A7:$A12,">0",$C7:$C12,"=PG",F7:F12,"=3")*Capa!$I$14+COUNTIFS($A7:$A12,">0",$C7:$C12,"=PG",F7:F12,"=4")*Capa!$J$14)/(COUNTIFS($A7:$A12,">0",$C7:$C12,"=PG")*100) -> 0 | G7: =(COUNTIFS($A7:$A12,">0",$C7:$C12,"=PG",G7:G12,"=1")*Capa!$G$14+COUNTIFS($A7:$A12,">0",$C7:$C12,"=PG",G7:G12,"=2")*Capa!$H$14+COUNTIFS($A7:$A12,">0",$C7:$C12,"=PG",G7:G12,"=3")*Capa!$I$14+COUNTIFS($A7:$A12,">0",$C7:$C12,"=PG",G7:G12,"=4")*Capa!$J$14)/(COUNTIFS($A7:$A12,">0",$C7:$C12,"=PG")*100) -> 0 | H7: =(COUNTIFS($A7:$A12,">0",$C7:$C12,"=PG",H7:H12,"=1")*Capa!$G$14+COUNTIFS($A7:$A12,">0",$C7:$C12,"=PG",H7:H12,"=2")*Capa!$H$14+COUNTIFS($A7:$A12,">0",$C7:$C12,"=PG",H7:H12,"=3")*Capa!$I$14+COUNTIFS($A7:$A12,">0",$C7:$C12,"=PG",H7:H12,"=4")*Capa!$J$14)/(COUNTIFS($A7:$A12,">0",$C7:$C12,"=PG")*100) -> 0 | I7: =COUNTIFS($A8:$A11,">0",I8:I11,">0") -> 0 | J7: =(COUNTIFS($A7:$A12,">0",$C7:$C12,"=PG",J7:J12,"=1")*Capa!$G$14+COUNTIFS($A7:$A12,">0",$C7:$C12,"=PG",J7:J12,"=2")*Capa!$H$14+COUNTIFS($A7:$A12,">0",$C7:$C12,"=PG",J7:J12,"=3")*Capa!$I$14+COUNTIFS($A7:$A12,">0",$C7:$C12,"=PG",J7:J12,"=4")*Capa!$J$14)/(COUNTIFS($A7:$A12,">0",$C7:$C12,"=PG")*100) -> 0 | K7: =(COUNTIFS($A7:$A12,">0",$C7:$C12,"=PG",K7:K12,"=1")*Capa!$G$14+COUNTIFS($A7:$A12,">0",$C7:$C12,"=PG",K7:K12,"=2")*Capa!$H$14+COUNTIFS($A7:$A12,">0",$C7:$C12,"=PG",K7:K12,"=3")*Capa!$I$14+COUNTIFS($A7:$A12,">0",$C7:$C12,"=PG",K7:K12,"=4")*Capa!$J$14)/(COUNTIFS($A7:$A12,">0",$C7:$C12,"=PG")*100) -> 0 | L7: =(COUNTIFS($A7:$A12,">0",$C7:$C12,"=PG",L7:L12,"=1")*Capa!$G$14+COUNTIFS($A7:$A12,">0",$C7:$C12,"=PG",L7:L12,"=2")*Capa!$H$14+COUNTIFS($A7:$A12,">0",$C7:$C12,"=PG",L7:L12,"=3")*Capa!$I$14+COUNTIFS($A7:$A12,">0",$C7:$C12,"=PG",L7:L12,"=4")*Capa!$J$14)/(COUNTIFS($A7:$A12,">0",$C7:$C12,"=PG")*100) -> 0 | M7: =COUNTIFS($A8:$A11,">0",M8:M11,">0") -> 0
A8: =IF(Capa!$B$6>=B8,1,0) -> 0 | B8: 1 | C8: PG | D8: a) Planejamento de fatores de desempenho dos processos | E8: Estabelecer os fatores de desempenho mais importantes, para produtos e processos primários e de suporte, a partir de requisitos relativos a clientes, outras partes interessadas e áreas internas e os desdobrados de estratégias, incluindo relativas à descarbonização e à continuidade do negócio, e definir os indicadores operacionais essenciais associados aos fatores.
A9: =IF(Capa!$B$6>=B9,1,0) -> 1 | B9: 0 | C9: PG | D9: b) Projeto de produtos e processos | E9: Conceber ou atualizar os produtos e os processos primários e de suporte associados, estabelecendo padrões definidos, equilibrando a padronização e a eficiência operacional com a experimentação e a inovação, apoiado por tecnologias digitais de simulação35 de produtos e processos.
A10: =IF(Capa!$B$6>=B10,1,0) -> 1 | B10: 0 | C10: PG | D10: c) Monitoramento do desempenho dos processos | E10: Verificar se os padrões operacionais, essenciais para garantir a qualidade dos produtos e processos, estão sendo cumpridos e observando os fatores de desempenho estabelecidos no projeto.
A11: =IF(Capa!$B$6>=B11,1,0) -> 0 | B11: 1 | C11: PG | D11: d) Análise e melhoria de processos e produtos | E11: Tratar deficiências e investigar oportunidades para otimizar as operações, priorizar e implementar ações de melhoria do desempenho, incluindo de eficiência socioambiental, de mitigação de riscos, e proporcionar mudanças nos padrões para que as melhorias sejam perenes.
B12: =IF(ISBLANK(C12),"",IF(ISERR(SEARCH(C12&"\","<B>\<1>\<2>\<3>\")),IF(AND(NOT(ISBLANK(#REF!)),#REF!<=3),#REF!,""), IF(SEARCH(C12&"\","<B>\<1>\<2>\<3>\")=1,0,IF(SEARCH(C12&"\","<B>\<1>\<2>\<3>\")=5,1,IF(SEARCH(C12&"\","<B>\<1>\<2>\<3>\")=9,2,IF(SEARCH(C12&"\","<B>\<1>\<2>\<3>\")=13,3,""))))))
B13: =IF(ISBLANK(C13),"",IF(ISERR(SEARCH(C13&"\","<B>\<1>\<2>\<3>\")),IF(AND(NOT(ISBLANK(B12)),B12<=3),B12,""), IF(SEARCH(C13&"\","<B>\<1>\<2>\<3>\")=1,0,IF(SEARCH(C13&"\","<B>\<1>\<2>\<3>\")=5,1,IF(SEARCH(C13&"\","<B>\<1>\<2>\<3>\")=9,2,IF(SEARCH(C13&"\","<B>\<1>\<2>\<3>\")=13,3,"")))))) | D13: 7.2 Processos de fornecimento | F13: =(F14*20+G14*10+H14*10+J14*30+K14*15+L14*15)/100 -> 0
B14: =IF(ISBLANK(C14),"",IF(ISERR(SEARCH(C14&"\","<B>\<1>\<2>\<3>\")),IF(AND(NOT(ISBLANK(B13)),B13<=3),B13,""), IF(SEARCH(C14&"\","<B>\<1>\<2>\<3>\")=1,0,IF(SEARCH(C14&"\","<B>\<1>\<2>\<3>\")=5,1,IF(SEARCH(C14&"\","<B>\<1>\<2>\<3>\")=9,2,IF(SEARCH(C14&"\","<B>\<1>\<2>\<3>\")=13,3,"")))))) | D14: =IF(SUM(A15:A20)<=0,0,COUNTIF(M15:M20,"<>")/SUM(A15:A20)) -> 0 | E14: Finalidade | F14: =(COUNTIFS($A14:$A20,">0",$C14:$C20,"=PG",F14:F20,"=1")*Capa!$G$14+COUNTIFS($A14:$A20,">0",$C14:$C20,"=PG",F14:F20,"=2")*Capa!$H$14+COUNTIFS($A14:$A20,">0",$C14:$C20,"=PG",F14:F20,"=3")*Capa!$I$14+COUNTIFS($A14:$A20,">0",$C14:$C20,"=PG",F14:F20,"=4")*Capa!$J$14)/(COUNTIFS($A14:$A20,">0",$C14:$C20,"=PG")*100) -> 0 | G14: =(COUNTIFS($A14:$A20,">0",$C14:$C20,"=PG",G14:G20,"=1")*Capa!$G$14+COUNTIFS($A14:$A20,">0",$C14:$C20,"=PG",G14:G20,"=2")*Capa!$H$14+COUNTIFS($A14:$A20,">0",$C14:$C20,"=PG",G14:G20,"=3")*Capa!$I$14+COUNTIFS($A14:$A20,">0",$C14:$C20,"=PG",G14:G20,"=4")*Capa!$J$14)/(COUNTIFS($A14:$A20,">0",$C14:$C20,"=PG")*100) -> 0 | H14: =(COUNTIFS($A14:$A20,">0",$C14:$C20,"=PG",H14:H20,"=1")*Capa!$G$14+COUNTIFS($A14:$A20,">0",$C14:$C20,"=PG",H14:H20,"=2")*Capa!$H$14+COUNTIFS($A14:$A20,">0",$C14:$C20,"=PG",H14:H20,"=3")*Capa!$I$14+COUNTIFS($A14:$A20,">0",$C14:$C20,"=PG",H14:H20,"=4")*Capa!$J$14)/(COUNTIFS($A14:$A20,">0",$C14:$C20,"=PG")*100) -> 0 | I14: =COUNTIFS($A15:$A19,">0",I15:I19,">0") -> 0 | J14: =(COUNTIFS($A14:$A20,">0",$C14:$C20,"=PG",J14:J20,"=1")*Capa!$G$14+COUNTIFS($A14:$A20,">0",$C14:$C20,"=PG",J14:J20,"=2")*Capa!$H$14+COUNTIFS($A14:$A20,">0",$C14:$C20,"=PG",J14:J20,"=3")*Capa!$I$14+COUNTIFS($A14:$A20,">0",$C14:$C20,"=PG",J14:J20,"=4")*Capa!$J$14)/(COUNTIFS($A14:$A20,">0",$C14:$C20,"=PG")*100) -> 0 | K14: =(COUNTIFS($A14:$A20,">0",$C14:$C20,"=PG",K14:K20,"=1")*Capa!$G$14+COUNTIFS($A14:$A20,">0",$C14:$C20,"=PG",K14:K20,"=2")*Capa!$H$14+COUNTIFS($A14:$A20,">0",$C14:$C20,"=PG",K14:K20,"=3")*Capa!$I$14+COUNTIFS($A14:$A20,">0",$C14:$C20,"=PG",K14:K20,"=4")*Capa!$J$14)/(COUNTIFS($A14:$A20,">0",$C14:$C20,"=PG")*100) -> 0 | L14: =(COUNTIFS($A14:$A20,">0",$C14:$C20,"=PG",L14:L20,"=1")*Capa!$G$14+COUNTIFS($A14:$A20,">0",$C14:$C20,"=PG",L14:L20,"=2")*Capa!$H$14+COUNTIFS($A14:$A20,">0",$C14:$C20,"=PG",L14:L20,"=3")*Capa!$I$14+COUNTIFS($A14:$A20,">0",$C14:$C20,"=PG",L14:L20,"=4")*Capa!$J$14)/(COUNTIFS($A14:$A20,">0",$C14:$C20,"=PG")*100) -> 0 | M14: =COUNTIFS($A15:$A19,">0",M15:M19,">0") -> 0
A15: =IF(Capa!$B$6>=B15,1,0) -> 0 | B15: 1 | C15: PG | D15: a) Desenvolvimento sustentável da cadeia de suprimento | E15: Buscar assegurar a aquisição no mercado ou extração no meio ambiente, de matérias-primas, insumos, serviços ou informações, de forma compatível com o projeto dos produtos e dos processos, incluindo os aspectos socioambientais, especialmente com a economia circular e bem-estar das pessoas. Inclui a busca ou preparo de fornecedores socialmente e ambientalmente responsáveis para extração, proteção e meios de restauração dos recursos naturais nas fontes de extração
A16: =IF(Capa!$B$6>=B16,1,0) -> 0 | B16: 2 | C16: PG | D16: b) Qualificação de fornecedores sustentáveis | E16: Identificar potenciais candidatos a fornecedores que possuam a competitividade e aptidões necessárias, inclusive de comprometimento com o desenvolvimento sustentável e a ética, para atenderem aos requisitos de fornecimento.
A17: =IF(Capa!$B$6>=B17,1,0) -> 1 | B17: 0 | C17: PG | D17: c) Seleção de fornecedores sustentáveis | E17: Definir a melhor opção de fornecimento, ponderando os fatores de desempenho relevantes para a organização e para o desenvolvimento sustentável.
A18: =IF(Capa!$B$6>=B18,1,0) -> 1 | B18: 0 | C18: PG | D18: d) Monitoramento do fornecimento | E18: Assegurar a qualidade de matérias-primas, insumos, serviços ou informações recebidas dos diferentes tipos de fornecimento, em relação aos padrões esperados, assegurando a verificação do seu atendimento, por parte do fornecedor e internamente, se necessário, notificando não conformidades, solicitando ações corretivas e o compromisso com melhorias.
A19: =IF(Capa!$B$6>=B19,1,0) -> 0 | B19: 3 | C19: PG | D19: e) Avaliação do fornecimento | E19: Requalificar fornecedores ou fontes de extração, estimulando a melhoria de seus produtos e processos, o seu desempenho socioambiental e capacidade de continuidade do negócio e resiliência, e aperfeiçoar as políticas e padrões de fornecimento para a organização.
B20: =IF(ISBLANK(C20),"",IF(ISERR(SEARCH(C20&"\","<B>\<1>\<2>\<3>\")),IF(AND(NOT(ISBLANK(#REF!)),#REF!<=3),#REF!,""), IF(SEARCH(C20&"\","<B>\<1>\<2>\<3>\")=1,0,IF(SEARCH(C20&"\","<B>\<1>\<2>\<3>\")=5,1,IF(SEARCH(C20&"\","<B>\<1>\<2>\<3>\")=9,2,IF(SEARCH(C20&"\","<B>\<1>\<2>\<3>\")=13,3,""))))))
B21: =IF(ISBLANK(C21),"",IF(ISERR(SEARCH(C21&"\","<B>\<1>\<2>\<3>\")),IF(AND(NOT(ISBLANK(B20)),B20<=3),B20,""), IF(SEARCH(C21&"\","<B>\<1>\<2>\<3>\")=1,0,IF(SEARCH(C21&"\","<B>\<1>\<2>\<3>\")=5,1,IF(SEARCH(C21&"\","<B>\<1>\<2>\<3>\")=9,2,IF(SEARCH(C21&"\","<B>\<1>\<2>\<3>\")=13,3,"")))))) | D21: 7.3 Processos econômico-financeiros | F21: =(F22*20+G22*10+H22*10+J22*30+K22*15+L22*15)/100 -> 0
B22: =IF(ISBLANK(C22),"",IF(ISERR(SEARCH(C22&"\","<B>\<1>\<2>\<3>\")),IF(AND(NOT(ISBLANK(B21)),B21<=3),B21,""), IF(SEARCH(C22&"\","<B>\<1>\<2>\<3>\")=1,0,IF(SEARCH(C22&"\","<B>\<1>\<2>\<3>\")=5,1,IF(SEARCH(C22&"\","<B>\<1>\<2>\<3>\")=9,2,IF(SEARCH(C22&"\","<B>\<1>\<2>\<3>\")=13,3,"")))))) | D22: =IF(SUM(A23:A27)<=0,0,COUNTIF(M23:M27,"<>")/SUM(A23:A27)) -> 0 | F22: =(COUNTIFS($A22:$A27,">0",$C22:$C27,"=PG",F22:F27,"=1")*Capa!$G$14+COUNTIFS($A22:$A27,">0",$C22:$C27,"=PG",F22:F27,"=2")*Capa!$H$14+COUNTIFS($A22:$A27,">0",$C22:$C27,"=PG",F22:F27,"=3")*Capa!$I$14+COUNTIFS($A22:$A27,">0",$C22:$C27,"=PG",F22:F27,"=4")*Capa!$J$14)/(COUNTIFS($A22:$A27,">0",$C22:$C27,"=PG")*100) -> 0 | G22: =(COUNTIFS($A22:$A27,">0",$C22:$C27,"=PG",G22:G27,"=1")*Capa!$G$14+COUNTIFS($A22:$A27,">0",$C22:$C27,"=PG",G22:G27,"=2")*Capa!$H$14+COUNTIFS($A22:$A27,">0",$C22:$C27,"=PG",G22:G27,"=3")*Capa!$I$14+COUNTIFS($A22:$A27,">0",$C22:$C27,"=PG",G22:G27,"=4")*Capa!$J$14)/(COUNTIFS($A22:$A27,">0",$C22:$C27,"=PG")*100) -> 0 | H22: =(COUNTIFS($A22:$A27,">0",$C22:$C27,"=PG",H22:H27,"=1")*Capa!$G$14+COUNTIFS($A22:$A27,">0",$C22:$C27,"=PG",H22:H27,"=2")*Capa!$H$14+COUNTIFS($A22:$A27,">0",$C22:$C27,"=PG",H22:H27,"=3")*Capa!$I$14+COUNTIFS($A22:$A27,">0",$C22:$C27,"=PG",H22:H27,"=4")*Capa!$J$14)/(COUNTIFS($A22:$A27,">0",$C22:$C27,"=PG")*100) -> 0 | I22: =COUNTIFS($A23:$A26,">0",I23:I26,">0") -> 0 | J22: =(COUNTIFS($A22:$A27,">0",$C22:$C27,"=PG",J22:J27,"=1")*Capa!$G$14+COUNTIFS($A22:$A27,">0",$C22:$C27,"=PG",J22:J27,"=2")*Capa!$H$14+COUNTIFS($A22:$A27,">0",$C22:$C27,"=PG",J22:J27,"=3")*Capa!$I$14+COUNTIFS($A22:$A27,">0",$C22:$C27,"=PG",J22:J27,"=4")*Capa!$J$14)/(COUNTIFS($A22:$A27,">0",$C22:$C27,"=PG")*100) -> 0 | K22: =(COUNTIFS($A22:$A27,">0",$C22:$C27,"=PG",K22:K27,"=1")*Capa!$G$14+COUNTIFS($A22:$A27,">0",$C22:$C27,"=PG",K22:K27,"=2")*Capa!$H$14+COUNTIFS($A22:$A27,">0",$C22:$C27,"=PG",K22:K27,"=3")*Capa!$I$14+COUNTIFS($A22:$A27,">0",$C22:$C27,"=PG",K22:K27,"=4")*Capa!$J$14)/(COUNTIFS($A22:$A27,">0",$C22:$C27,"=PG")*100) -> 0 | L22: =(COUNTIFS($A22:$A27,">0",$C22:$C27,"=PG",L22:L27,"=1")*Capa!$G$14+COUNTIFS($A22:$A27,">0",$C22:$C27,"=PG",L22:L27,"=2")*Capa!$H$14+COUNTIFS($A22:$A27,">0",$C22:$C27,"=PG",L22:L27,"=3")*Capa!$I$14+COUNTIFS($A22:$A27,">0",$C22:$C27,"=PG",L22:L27,"=4")*Capa!$J$14)/(COUNTIFS($A22:$A27,">0",$C22:$C27,"=PG")*100) -> 0 | M22: =COUNTIFS($A23:$A26,">0",M23:M26,">0") -> 0
A23: =IF(Capa!$B$6>=B23,1,0) -> 1 | B23: 0 | C23: PG | D23: a) Síntese de fatores de desempenho econômico-financeiro | E23: Estabelecer os fatores de desempenho mais importantes, internos e externos, adversos ou favoráveis, para a sustentabilidade, continuidade e resiliência econômico-financeira do negócio, a partir de requisitos de proprietários, mantenedores ou instituidores, outras partes interessadas e áreas internas, incluindo os desdobrados de estratégias, e definir os indicadores econômico-financeiros associados, de forma a poder medir o desempenho e facilitar a comunicação de resultados e o engajamento da força de trabalho.
A24: =IF(Capa!$B$6>=B24,1,0) -> 0 | B24: 1 | C24: PG | D24: b) Projeção orçamentária | E24: Viabilizar o planejamento econômico-financeiro, integrado, participativo e dinâmico, para atender aos fatores de desempenho, possibilitando a compatibilização das contas com a estrutura de responsabilidade por processos, a projeção de resultados, o comprometimento com metas e seu controle, emissão de alertas de possíveis desvios e buscando assegurar uma contabilização gerencial precisa e tempestiva, a análise permanente de desempenho e a identificação de oportunidades.
A25: =IF(Capa!$B$6>=B25,1,0) -> 0 | B25: 2 | C25: PG | D25: c) Investimentos qualificados | E25: Avaliar a viabilidade e retorno potencial dos investimentos, necessários para implementação das estratégias, para os resultados da organização, definir as fontes de recursos ideais e analisar o progresso e o retorno real dos investimentos realizados.
A26: =IF(Capa!$B$6>=B26,1,0) -> 1 | B26: 0 | C26: PG | D26: d) Equilíbrio do fluxo financeiro | E26: Buscar assegurar a disponibilidade de recursos financeiros para operacionalização das atividades da organização, com previsibilidade, otimizando critérios e seleção tempestiva de fontes de captação de capital de giro, de tomada de riscos financeiros, de políticas comerciais, de aplicações de caixa, de administração de créditos, pagamentos e recebimentos, de planejamento tributário e de prazos fiscais e outras, em sincronia com as necessidades.

Sheet 8.1
C1: =Capa!A1 -> MEGplan MEGIA 2026 | E1: Esta Aba está protegida pela senha "/" para proteger fórmulas de alterações acidentais
B2: =CONCATENATE("Item ",'Quadro Geral'!B31) -> Item 8.1 Econômico-financeiros
G3: Fatores de avaliação
B4: =IF(COUNTIF($D8:$D39,"*")>0,(COUNTIFS($D8:$D39,"*",$F8:$F39,"1",V8:V39,">=0")+COUNTIFS($D8:$D39,"*",$F8:$F39,"<>1",E8:E39,"*"))/COUNTIF($D8:$D39,"*"),0) -> 0.8 | G4: Evolução | J4: Competitividade | P4: Compromisso | V4: Potencial | AA4: Dados opcionais
B6: Livre | C6: Respons. | D6: Indicadores de desempenho | E6: Tipo N, E, O | G6: Permite avaliar evolução? S ou N | H6: GRAU EVOLUÇÃO | J6: Result. é comparável? S ou N | K6: GRAU COMPETITIVO | L6: Nome do Referencial Comparativo | M6: É Líder.? S, N ou NS | N6: É Ref. Exc? S, N ou NS | P6: Expressou Comprom.? S, N | Q6: GRAU COMPROMISSO | R6: Requisito relativo à qual PI? | S6: Era esperada Meta (MT) ou Evolução Fav (EF)? | T6: Qual o docum de origem do comprom.? | V6: GRAU POTENCIAL | W6: Nome do estudo que justifica o potencial? | Y6: % | AA6: Sentido | AB6: Ano-2 | AC6: Ano-1 | AD6: RC | AE6: RPI | AF6: Observações | AG6: ITEM ASSOCIADO
A9: 8 | D9: Indicador exemplo 1 | E9: n | F9: =IF(OR(ISNUMBER(SEARCH("N",$E9)),ISNUMBER(SEARCH("E",$E9))),1,"") -> 1 | G9: s | H9: 2 | I9: =IF(G9="S",IF(H9=3,1,IF(H9=2,0.6,IF(H9=1,0.3,0))),"") -> 0.6 | J9: s | K9: 2 | L9: med setor | M9: ns | O9: =IF(AND($F9=1,J9="S"),IF(K9=3,1,IF(K9=2,0.6,IF(K9=1,0.3,0))),"") -> 0.6 | P9: s | Q9: 3 | R9: acionista | S9: MT | T9: PE | U9: =IF(AND($F9=1,P9="S"),IF(Q9=3,1,IF(Q9=2,0.6,IF(Q9=1,0.3,0))),"") -> 1 | V9: 2 | W9: Projeção | X9: =IF($F9=1,IF(V9=3,1,IF(V9=2,0.6,IF(V9=1,0.3,0))),"") -> 0.6 | Y9: =IF(AND(A9=8,NOT(ISBLANK(D9))),IF(F9<>1,I9,ROUND((IF(I9<>"",I9*30,0)+IF(O9<>"",O9*20,0)+IF(U9<>"",U9*30,0)+IF(X9<>"",X9*20,0))/((I9<>"")*30+(O9<>"")*20+(U9<>"")*30+(X9<>"")*20),2)),"") -> 0.72
A10: 8 | D10: Indicador exemplo 2 | E10: e | F10: =IF(OR(ISNUMBER(SEARCH("N",$E10)),ISNUMBER(SEARCH("E",$E10))),1,"") -> 1 | G10: s | H10: 2 | I10: =IF(G10="S",IF(H10=3,1,IF(H10=2,0.6,IF(H10=1,0.3,0))),"") -> 0.6 | J10: s | K10: 3 | L10: concor direto | M10: s | N10: n | O10: =IF(AND($F10=1,J10="S"),IF(K10=3,1,IF(K10=2,0.6,IF(K10=1,0.3,0))),"") -> 1 | P10: s | Q10: 2 | R10: acionista | S10: EF | T10: Diretriz Ofic | U10: =IF(AND($F10=1,P10="S"),IF(Q10=3,1,IF(Q10=2,0.6,IF(Q10=1,0.3,0))),"") -> 0.6 | V10: 2 | W10: Estudo de ROI | X10: =IF($F10=1,IF(V10=3,1,IF(V10=2,0.6,IF(V10=1,0.3,0))),"") -> 0.6 | Y10: =IF(AND(A10=8,NOT(ISBLANK(D10))),IF(F10<>1,I10,ROUND( (IF(I10<>"",I10*30,0)+IF(O10<>"",O10*20,0)+IF(U10<>"",U10*30,0)+IF(X10<>"",X10*20,0)) / ((I10<>"")*30+(O10<>"")*20+(U10<>"")*30+(X10<>"")*20),2)),"") -> 0.68
A11: 8 | D11: Indicador exemplo 3 | E11: e | F11: =IF(OR(ISNUMBER(SEARCH("N",$E11)),ISNUMBER(SEARCH("E",$E11))),1,"") -> 1 | G11: s | H11: 3 | I11: =IF(G11="S",IF(H11=3,1,IF(H11=2,0.6,IF(H11=1,0.3,0))),"") -> 1 | J11: n | O11: =IF(AND($F11=1,J11="S"),IF(K11=3,1,IF(K11=2,0.6,IF(K11=1,0.3,0))),"") | P11: n | U11: =IF(AND($F11=1,P11="S"),IF(Q11=3,1,IF(Q11=2,0.6,IF(Q11=1,0.3,0))),"") | V11: 1 | W11: Genérico | X11: =IF($F11=1,IF(V11=3,1,IF(V11=2,0.6,IF(V11=1,0.3,0))),"") -> 0.3 | Y11: =IF(AND(A11=8,NOT(ISBLANK(D11))),IF(F11<>1,I11,ROUND( (IF(I11<>"",I11*30,0)+IF(O11<>"",O11*20,0)+IF(U11<>"",U11*30,0)+IF(X11<>"",X11*20,0)) / ((I11<>"")*30+(O11<>"")*20+(U11<>"")*30+(X11<>"")*20),2)),"") -> 0.72
A12: 8 | D12: Indicador exemplo 4 | E12: e | F12: =IF(OR(ISNUMBER(SEARCH("N",$E12)),ISNUMBER(SEARCH("E",$E12))),1,"") -> 1 | G12: s | H12: 2 | I12: =IF(G12="S",IF(H12=3,1,IF(H12=2,0.6,IF(H12=1,0.3,0))),"") -> 0.6 | O12: =IF(AND($F12=1,J12="S"),IF(K12=3,1,IF(K12=2,0.6,IF(K12=1,0.3,0))),"") | U12: =IF(AND($F12=1,P12="S"),IF(Q12=3,1,IF(Q12=2,0.6,IF(Q12=1,0.3,0))),"") | X12: =IF($F12=1,IF(V12=3,1,IF(V12=2,0.6,IF(V12=1,0.3,0))),"") -> 0 | Y12: =IF(AND(A12=8,NOT(ISBLANK(D12))),IF(F12<>1,I12,ROUND( (IF(I12<>"",I12*30,0)+IF(O12<>"",O12*20,0)+IF(U12<>"",U12*30,0)+IF(X12<>"",X12*20,0)) / ((I12<>"")*30+(O12<>"")*20+(U12<>"")*30+(X12<>"")*20),2)),"") -> 0.36
A13: 8 | D13: Indicador exemplo 5 | E13: o | F13: =IF(OR(ISNUMBER(SEARCH("N",$E13)),ISNUMBER(SEARCH("E",$E13))),1,"") | G13: s | H13: 3 | I13: =IF(G13="S",IF(H13=3,1,IF(H13=2,0.6,IF(H13=1,0.3,0))),"") -> 1 | O13: =IF(AND($F13=1,J13="S"),IF(K13=3,1,IF(K13=2,0.6,IF(K13=1,0.3,0))),"") | U13: =IF(AND($F13=1,P13="S"),IF(Q13=3,1,IF(Q13=2,0.6,IF(Q13=1,0.3,0))),"") | X13: =IF($F13=1,IF(V13=3,1,IF(V13=2,0.6,IF(V13=1,0.3,0))),"") | Y13: =IF(AND(A13=8,NOT(ISBLANK(D13))),IF(F13<>1,I13,ROUND( (IF(I13<>"",I13*30,0)+IF(O13<>"",O13*20,0)+IF(U13<>"",U13*30,0)+IF(X13<>"",X13*20,0)) / ((I13<>"")*30+(O13<>"")*20+(U13<>"")*30+(X13<>"")*20),2)),"") -> 1
A14: 8 | F14: =IF(OR(ISNUMBER(SEARCH("N",$E14)),ISNUMBER(SEARCH("E",$E14))),1,"") | I14: =IF(G14="S",IF(H14=3,1,IF(H14=2,0.6,IF(H14=1,0.3,0))),"") | O14: =IF(AND($F14=1,J14="S"),IF(K14=3,1,IF(K14=2,0.6,IF(K14=1,0.3,0))),"") | U14: =IF(AND($F14=1,P14="S"),IF(Q14=3,1,IF(Q14=2,0.6,IF(Q14=1,0.3,0))),"") | X14: =IF($F14=1,IF(V14=3,1,IF(V14=2,0.6,IF(V14=1,0.3,0))),"") | Y14: =IF(AND(A14=8,NOT(ISBLANK(D14))),IF(F14<>1,I14,ROUND( (IF(I14<>"",I14*30,0)+IF(O14<>"",O14*20,0)+IF(U14<>"",U14*30,0)+IF(X14<>"",X14*20,0)) / ((I14<>"")*30+(O14<>"")*20+(U14<>"")*30+(X14<>"")*20),2)),"")
A15: 8 | F15: =IF(OR(ISNUMBER(SEARCH("N",$E15)),ISNUMBER(SEARCH("E",$E15))),1,"") | I15: =IF(G15="S",IF(H15=3,1,IF(H15=2,0.6,IF(H15=1,0.3,0))),"") | O15: =IF(AND($F15=1,J15="S"),IF(K15=3,1,IF(K15=2,0.6,IF(K15=1,0.3,0))),"") | U15: =IF(AND($F15=1,P15="S"),IF(Q15=3,1,IF(Q15=2,0.6,IF(Q15=1,0.3,0))),"") | X15: =IF($F15=1,IF(V15=3,1,IF(V15=2,0.6,IF(V15=1,0.3,0))),"") | Y15: =IF(AND(A15=8,NOT(ISBLANK(D15))),IF(F15<>1,I15,ROUND( (IF(I15<>"",I15*30,0)+IF(O15<>"",O15*20,0)+IF(U15<>"",U15*30,0)+IF(X15<>"",X15*20,0)) / ((I15<>"")*30+(O15<>"")*20+(U15<>"")*30+(X15<>"")*20),2)),"")
A16: 8 | F16: =IF(OR(ISNUMBER(SEARCH("N",$E16)),ISNUMBER(SEARCH("E",$E16))),1,"") | I16: =IF(G16="S",IF(H16=3,1,IF(H16=2,0.6,IF(H16=1,0.3,0))),"") | O16: =IF(AND($F16=1,J16="S"),IF(K16=3,1,IF(K16=2,0.6,IF(K16=1,0.3,0))),"") | U16: =IF(AND($F16=1,P16="S"),IF(Q16=3,1,IF(Q16=2,0.6,IF(Q16=1,0.3,0))),"") | X16: =IF($F16=1,IF(V16=3,1,IF(V16=2,0.6,IF(V16=1,0.3,0))),"") | Y16: =IF(AND(A16=8,NOT(ISBLANK(D16))),IF(F16<>1,I16,ROUND( (IF(I16<>"",I16*30,0)+IF(O16<>"",O16*20,0)+IF(U16<>"",U16*30,0)+IF(X16<>"",X16*20,0)) / ((I16<>"")*30+(O16<>"")*20+(U16<>"")*30+(X16<>"")*20),2)),"")
A17: 8 | F17: =IF(OR(ISNUMBER(SEARCH("N",$E17)),ISNUMBER(SEARCH("E",$E17))),1,"") | I17: =IF(G17="S",IF(H17=3,1,IF(H17=2,0.6,IF(H17=1,0.3,0))),"") | O17: =IF(AND($F17=1,J17="S"),IF(K17=3,1,IF(K17=2,0.6,IF(K17=1,0.3,0))),"") | U17: =IF(AND($F17=1,P17="S"),IF(Q17=3,1,IF(Q17=2,0.6,IF(Q17=1,0.3,0))),"") | X17: =IF($F17=1,IF(V17=3,1,IF(V17=2,0.6,IF(V17=1,0.3,0))),"") | Y17: =IF(AND(A17=8,NOT(ISBLANK(D17))),IF(F17<>1,I17,ROUND( (IF(I17<>"",I17*30,0)+IF(O17<>"",O17*20,0)+IF(U17<>"",U17*30,0)+IF(X17<>"",X17*20,0)) / ((I17<>"")*30+(O17<>"")*20+(U17<>"")*30+(X17<>"")*20),2)),"")
A18: 8 | F18: =IF(OR(ISNUMBER(SEARCH("N",$E18)),ISNUMBER(SEARCH("E",$E18))),1,"") | I18: =IF(G18="S",IF(H18=3,1,IF(H18=2,0.6,IF(H18=1,0.3,0))),"") | O18: =IF(AND($F18=1,J18="S"),IF(K18=3,1,IF(K18=2,0.6,IF(K18=1,0.3,0))),"") | U18: =IF(AND($F18=1,P18="S"),IF(Q18=3,1,IF(Q18=2,0.6,IF(Q18=1,0.3,0))),"") | X18: =IF($F18=1,IF(V18=3,1,IF(V18=2,0.6,IF(V18=1,0.3,0))),"") | Y18: =IF(AND(A18=8,NOT(ISBLANK(D18))),IF(F18<>1,I18,ROUND( (IF(I18<>"",I18*30,0)+IF(O18<>"",O18*20,0)+IF(U18<>"",U18*30,0)+IF(X18<>"",X18*20,0)) / ((I18<>"")*30+(O18<>"")*20+(U18<>"")*30+(X18<>"")*20),2)),"")
A19: 8 | F19: =IF(OR(ISNUMBER(SEARCH("N",$E19)),ISNUMBER(SEARCH("E",$E19))),1,"") | I19: =IF(G19="S",IF(H19=3,1,IF(H19=2,0.6,IF(H19=1,0.3,0))),"") | O19: =IF(AND($F19=1,J19="S"),IF(K19=3,1,IF(K19=2,0.6,IF(K19=1,0.3,0))),"") | U19: =IF(AND($F19=1,P19="S"),IF(Q19=3,1,IF(Q19=2,0.6,IF(Q19=1,0.3,0))),"") | X19: =IF($F19=1,IF(V19=3,1,IF(V19=2,0.6,IF(V19=1,0.3,0))),"") | Y19: =IF(AND(A19=8,NOT(ISBLANK(D19))),IF(F19<>1,I19,ROUND( (IF(I19<>"",I19*30,0)+IF(O19<>"",O19*20,0)+IF(U19<>"",U19*30,0)+IF(X19<>"",X19*20,0)) / ((I19<>"")*30+(O19<>"")*20+(U19<>"")*30+(X19<>"")*20),2)),"")
A20: 8 | F20: =IF(OR(ISNUMBER(SEARCH("N",$E20)),ISNUMBER(SEARCH("E",$E20))),1,"") | I20: =IF(G20="S",IF(H20=3,1,IF(H20=2,0.6,IF(H20=1,0.3,0))),"") | O20: =IF(AND($F20=1,J20="S"),IF(K20=3,1,IF(K20=2,0.6,IF(K20=1,0.3,0))),"") | U20: =IF(AND($F20=1,P20="S"),IF(Q20=3,1,IF(Q20=2,0.6,IF(Q20=1,0.3,0))),"") | X20: =IF($F20=1,IF(V20=3,1,IF(V20=2,0.6,IF(V20=1,0.3,0))),"") | Y20: =IF(AND(A20=8,NOT(ISBLANK(D20))),IF(F20<>1,I20,ROUND( (IF(I20<>"",I20*30,0)+IF(O20<>"",O20*20,0)+IF(U20<>"",U20*30,0)+IF(X20<>"",X20*20,0)) / ((I20<>"")*30+(O20<>"")*20+(U20<>"")*30+(X20<>"")*20),2)),"")
A21: 8 | F21: =IF(OR(ISNUMBER(SEARCH("N",$E21)),ISNUMBER(SEARCH("E",$E21))),1,"") | I21: =IF(G21="S",IF(H21=3,1,IF(H21=2,0.6,IF(H21=1,0.3,0))),"") | O21: =IF(AND($F21=1,J21="S"),IF(K21=3,1,IF(K21=2,0.6,IF(K21=1,0.3,0))),"") | U21: =IF(AND($F21=1,P21="S"),IF(Q21=3,1,IF(Q21=2,0.6,IF(Q21=1,0.3,0))),"") | X21: =IF($F21=1,IF(V21=3,1,IF(V21=2,0.6,IF(V21=1,0.3,0))),"") | Y21: =IF(AND(A21=8,NOT(ISBLANK(D21))),IF(F21<>1,I21,ROUND( (IF(I21<>"",I21*30,0)+IF(O21<>"",O21*20,0)+IF(U21<>"",U21*30,0)+IF(X21<>"",X21*20,0)) / ((I21<>"")*30+(O21<>"")*20+(U21<>"")*30+(X21<>"")*20),2)),"")
A22: 8 | F22: =IF(OR(ISNUMBER(SEARCH("N",$E22)),ISNUMBER(SEARCH("E",$E22))),1,"") | I22: =IF(G22="S",IF(H22=3,1,IF(H22=2,0.6,IF(H22=1,0.3,0))),"") | O22: =IF(AND($F22=1,J22="S"),IF(K22=3,1,IF(K22=2,0.6,IF(K22=1,0.3,0))),"") | U22: =IF(AND($F22=1,P22="S"),IF(Q22=3,1,IF(Q22=2,0.6,IF(Q22=1,0.3,0))),"") | X22: =IF($F22=1,IF(V22=3,1,IF(V22=2,0.6,IF(V22=1,0.3,0))),"") | Y22: =IF(AND(A22=8,NOT(ISBLANK(D22))),IF(F22<>1,I22,ROUND( (IF(I22<>"",I22*30,0)+IF(O22<>"",O22*20,0)+IF(U22<>"",U22*30,0)+IF(X22<>"",X22*20,0)) / ((I22<>"")*30+(O22<>"")*20+(U22<>"")*30+(X22<>"")*20),2)),"")
A23: 8 | F23: =IF(OR(ISNUMBER(SEARCH("N",$E23)),ISNUMBER(SEARCH("E",$E23))),1,"") | I23: =IF(G23="S",IF(H23=3,1,IF(H23=2,0.6,IF(H23=1,0.3,0))),"") | O23: =IF(AND($F23=1,J23="S"),IF(K23=3,1,IF(K23=2,0.6,IF(K23=1,0.3,0))),"") | U23: =IF(AND($F23=1,P23="S"),IF(Q23=3,1,IF(Q23=2,0.6,IF(Q23=1,0.3,0))),"") | X23: =IF($F23=1,IF(V23=3,1,IF(V23=2,0.6,IF(V23=1,0.3,0))),"") | Y23: =IF(AND(A23=8,NOT(ISBLANK(D23))),IF(F23<>1,I23,ROUND( (IF(I23<>"",I23*30,0)+IF(O23<>"",O23*20,0)+IF(U23<>"",U23*30,0)+IF(X23<>"",X23*20,0)) / ((I23<>"")*30+(O23<>"")*20+(U23<>"")*30+(X23<>"")*20),2)),"")
A24: 8 | F24: =IF(OR(ISNUMBER(SEARCH("N",$E24)),ISNUMBER(SEARCH("E",$E24))),1,"") | I24: =IF(G24="S",IF(H24=3,1,IF(H24=2,0.6,IF(H24=1,0.3,0))),"") | O24: =IF(AND($F24=1,J24="S"),IF(K24=3,1,IF(K24=2,0.6,IF(K24=1,0.3,0))),"") | U24: =IF(AND($F24=1,P24="S"),IF(Q24=3,1,IF(Q24=2,0.6,IF(Q24=1,0.3,0))),"") | X24: =IF($F24=1,IF(V24=3,1,IF(V24=2,0.6,IF(V24=1,0.3,0))),"") | Y24: =IF(AND(A24=8,NOT(ISBLANK(D24))),IF(F24<>1,I24,ROUND( (IF(I24<>"",I24*30,0)+IF(O24<>"",O24*20,0)+IF(U24<>"",U24*30,0)+IF(X24<>"",X24*20,0)) / ((I24<>"")*30+(O24<>"")*20+(U24<>"")*30+(X24<>"")*20),2)),"")
A25: 8 | F25: =IF(OR(ISNUMBER(SEARCH("N",$E25)),ISNUMBER(SEARCH("E",$E25))),1,"") | I25: =IF(G25="S",IF(H25=3,1,IF(H25=2,0.6,IF(H25=1,0.3,0))),"") | O25: =IF(AND($F25=1,J25="S"),IF(K25=3,1,IF(K25=2,0.6,IF(K25=1,0.3,0))),"") | U25: =IF(AND($F25=1,P25="S"),IF(Q25=3,1,IF(Q25=2,0.6,IF(Q25=1,0.3,0))),"") | X25: =IF($F25=1,IF(V25=3,1,IF(V25=2,0.6,IF(V25=1,0.3,0))),"") | Y25: =IF(AND(A25=8,NOT(ISBLANK(D25))),IF(F25<>1,I25,ROUND( (IF(I25<>"",I25*30,0)+IF(O25<>"",O25*20,0)+IF(U25<>"",U25*30,0)+IF(X25<>"",X25*20,0)) / ((I25<>"")*30+(O25<>"")*20+(U25<>"")*30+(X25<>"")*20),2)),"")
... A38: 8 | F38: =IF(OR(ISNUMBER(SEARCH("N",$E38)),ISNUMBER(SEARCH("E",$E38))),1,"") | I38: =IF(G38="S",IF(H38=3,1,IF(H38=2,0.6,IF(H38=1,0.3,0))),"") | O38: =IF(AND($F38=1,J38="S"),IF(K38=3,1,IF(K38=2,0.6,IF(K38=1,0.3,0))),"") | U38: =IF(AND($F38=1,P38="S"),IF(Q38=3,1,IF(Q38=2,0.6,IF(Q38=1,0.3,0))),"") | X38: =IF($F38=1,IF(V38=3,1,IF(V38=2,0.6,IF(V38=1,0.3,0))),"") | Y38: =IF(AND(A38=8,NOT(ISBLANK(D38))),IF(F38<>1,I38,ROUND( (IF(I38<>"",I38*30,0)+IF(O38<>"",O38*20,0)+IF(U38<>"",U38*30,0)+IF(X38<>"",X38*20,0)) / ((I38<>"")*30+(O38<>"")*20+(U38<>"")*30+(X38<>"")*20),2)),"")
I39: =IF(G39="S",IF(H39=3,1,IF(H39=2,0.6,IF(H39=1,0.3,0))),"") | O39: =IF(AND($F39=1,J39="S"),IF(K39=3,1,IF(K39=2,0.6,IF(K39=1,0.3,0))),"") | U39: =IF(AND($F39=1,P39="S"),IF(Q39=3,1,IF(Q39=2,0.6,IF(Q39=1,0.3,0))),"") | X39: =IF($F39=1,IF(V39=3,1,IF(V39=2,0.6,IF(V39=1,0.3,0))),"")
B40: ='Quadro Geral'!D31 -> 12 | C40: Pontos possíveis | L40: Totais-> | M40: =COUNTIFS($D9:$D38,"*",$F9:$F38,"1",M9:M38,"S") -> 1 | N40: =COUNTIFS($D9:$D38,"*",$F9:$F38,"1",N9:N38,"S") -> 0 | O40: =IF(AND($F40=1,J40="S"),IF(K40=3,1,IF(K40=2,0.6,IF(K40=1,0.3,0))),"") | V40: %Result. Estratégico-> | Y40: =IF(COUNTIFS(D9:D38,"*",$F9:$F38,"1")>0,SUMIFS($Y9:$Y38,D9:D38,"*",$F9:$F38,"1")/COUNTIFS(D9:D38,"*",$F9:$F38,"1"),0) -> 0.62
B41: {=IF(OR(Capa!B6=0,Capa!B6=1),(Y40*70+Y41*30)/100, IF(OR(Capa!B6=2,Capa!B6=3),((Y40*60+Y41*30)/100)+ IF(AND(Capa!B6=2,M40>0),0.1,0)+ IF(AND(Capa!B6=3,M40>0),0.05,0)+ E42SE(AND(Capa!B6=3,N40>0),0.05,0),0))} -> 0.734 | C41: %Item | V41: %Result. Operacional-> | Y41: =IF(COUNTIFS(D9:D38,"*",$F9:$F38,"<>1")>0,SUMIFS($Y9:$Y38,D9:D38,"*",$F9:$F38,"<>1")/COUNTIFS(D9:D38,"*",$F9:$F38,"<>1"),0) -> 1
B42: ='Quadro Geral'!F31 -> 8.808 | C42: Pontos alcançados | O42: =IF(AND($F42=1,J42="S"),IF(K42=3,1,IF(K42=2,0.6,IF(K42=1,0.3,0))),"")
O43: =IF(AND($F43=1,J43="S"),IF(K43=3,1,IF(K43=2,0.6,IF(K43=1,0.3,0))),"")
B45: Comentários opcionais

Sheet 8.2
C1: =Capa!A1 -> MEGplan MEGIA 2026 | E1: Esta Aba está protegida pela senha "/" para proteger fórmulas de alterações acidentais
B2: =CONCATENATE("Item ",'Quadro Geral'!B32) -> Item 8.2 Ambientais
G3: Fatores de avaliação
B4: =IF(COUNTIF($D8:$D37,"*")>0,(COUNTIFS($D8:$D37,"*",$F8:$F37,"1",V8:V37,">=0")+COUNTIFS($D8:$D37,"*",$F8:$F37,"<>1",E8:E37,"*"))/COUNTIF($D8:$D37,"*"),0) -> 0 | G4: Evolução | J4: Competitividade | P4: Compromisso | V4: Potencial | AA4: Dados opcionais
B6: Livre | C6: Respons. | D6: Indicadores de desempenho | E6: Tipo N, E, O | G6: Permite avaliar evolução? S ou N | H6: GRAU EVOLUÇÃO | J6: Result. é comparável? S ou N | K6: GRAU COMPETITIVO | L6: Nome do Referencial Comparativo | M6: É Líder.? S, N ou NS | N6: É Ref. Exc? S, N ou NS | P6: Expressou Comprom.? S, N | Q6: GRAU COMPROMISSO | R6: Requisito relativo à qual PI? | S6: Era esperada Meta (MT) ou Evolução Fav (EF)? | T6: Qual o docum de origem do comprom.? | V6: GRAU POTENCIAL | W6: Nome do estudo que justifica o potencial? | Y6: % | AA6: Sentido | AB6: Ano-2 | AC6: Ano-1 | AD6: RC | AE6: RPI | AF6: Observações | AG6: ITEM ASSOCIADO
A9: 8 | F9: =IF(OR(ISNUMBER(SEARCH("N",$E9)),ISNUMBER(SEARCH("E",$E9))),1,"") | I9: =IF(G9="S",IF(H9=3,1,IF(H9=2,0.6,IF(H9=1,0.3,0))),"") | O9: =IF(AND($F9=1,J9="S"),IF(K9=3,1,IF(K9=2,0.6,IF(K9=1,0.3,0))),"") | U9: =IF(AND($F9=1,P9="S"),IF(Q9=3,1,IF(Q9=2,0.6,IF(Q9=1,0.3,0))),"") | X9: =IF($F9=1,IF(V9=3,1,IF(V9=2,0.6,IF(V9=1,0.3,0))),"") | Y9: =IF(AND(A9=8,NOT(ISBLANK(D9))),IF(F9<>1,I9,ROUND((IF(I9<>"",I9*30,0)+IF(O9<>"",O9*20,0)+IF(U9<>"",U9*30,0)+IF(X9<>"",X9*20,0))/((I9<>"")*30+(O9<>"")*20+(U9<>"")*30+(X9<>"")*20),2)),"")
A10: 8 | F10: =IF(OR(ISNUMBER(SEARCH("N",$E10)),ISNUMBER(SEARCH("E",$E10))),1,"") | I10: =IF(G10="S",IF(H10=3,1,IF(H10=2,0.6,IF(H10=1,0.3,0))),"") | O10: =IF(AND($F10=1,J10="S"),IF(K10=3,1,IF(K10=2,0.6,IF(K10=1,0.3,0))),"") | U10: =IF(AND($F10=1,P10="S"),IF(Q10=3,1,IF(Q10=2,0.6,IF(Q10=1,0.3,0))),"") | X10: =IF($F10=1,IF(V10=3,1,IF(V10=2,0.6,IF(V10=1,0.3,0))),"") | Y10: =IF(AND(A10=8,NOT(ISBLANK(D10))),IF(F10<>1,I10,ROUND((IF(I10<>"",I10*30,0)+IF(O10<>"",O10*20,0)+IF(U10<>"",U10*30,0)+IF(X10<>"",X10*20,0))/((I10<>"")*30+(O10<>"")*20+(U10<>"")*30+(X10<>"")*20),2)),"")
A11: 8 | F11: =IF(OR(ISNUMBER(SEARCH("N",$E11)),ISNUMBER(SEARCH("E",$E11))),1,"") | I11: =IF(G11="S",IF(H11=3,1,IF(H11=2,0.6,IF(H11=1,0.3,0))),"") | O11: =IF(AND($F11=1,J11="S"),IF(K11=3,1,IF(K11=2,0.6,IF(K11=1,0.3,0))),"") | U11: =IF(AND($F11=1,P11="S"),IF(Q11=3,1,IF(Q11=2,0.6,IF(Q11=1,0.3,0))),"") | X11: =IF($F11=1,IF(V11=3,1,IF(V11=2,0.6,IF(V11=1,0.3,0))),"") | Y11: =IF(AND(A11=8,NOT(ISBLANK(D11))),IF(F11<>1,I11,ROUND((IF(I11<>"",I11*30,0)+IF(O11<>"",O11*20,0)+IF(U11<>"",U11*30,0)+IF(X11<>"",X11*20,0))/((I11<>"")*30+(O11<>"")*20+(U11<>"")*30+(X11<>"")*20),2)),"")
A12: 8 | F12: =IF(OR(ISNUMBER(SEARCH("N",$E12)),ISNUMBER(SEARCH("E",$E12))),1,"") | I12: =IF(G12="S",IF(H12=3,1,IF(H12=2,0.6,IF(H12=1,0.3,0))),"") | O12: =IF(AND($F12=1,J12="S"),IF(K12=3,1,IF(K12=2,0.6,IF(K12=1,0.3,0))),"") | U12: =IF(AND($F12=1,P12="S"),IF(Q12=3,1,IF(Q12=2,0.6,IF(Q12=1,0.3,0))),"") | X12: =IF($F12=1,IF(V12=3,1,IF(V12=2,0.6,IF(V12=1,0.3,0))),"") | Y12: =IF(AND(A12=8,NOT(ISBLANK(D12))),IF(F12<>1,I12,ROUND((IF(I12<>"",I12*30,0)+IF(O12<>"",O12*20,0)+IF(U12<>"",U12*30,0)+IF(X12<>"",X12*20,0))/((I12<>"")*30+(O12<>"")*20+(U12<>"")*30+(X12<>"")*20),2)),"")
A13: 8 | F13: =IF(OR(ISNUMBER(SEARCH("N",$E13)),ISNUMBER(SEARCH("E",$E13))),1,"") | I13: =IF(G13="S",IF(H13=3,1,IF(H13=2,0.6,IF(H13=1,0.3,0))),"") | O13: =IF(AND($F13=1,J13="S"),IF(K13=3,1,IF(K13=2,0.6,IF(K13=1,0.3,0))),"") | U13: =IF(AND($F13=1,P13="S"),IF(Q13=3,1,IF(Q13=2,0.6,IF(Q13=1,0.3,0))),"") | X13: =IF($F13=1,IF(V13=3,1,IF(V13=2,0.6,IF(V13=1,0.3,0))),"") | Y13: =IF(AND(A13=8,NOT(ISBLANK(D13))),IF(F13<>1,I13,ROUND((IF(I13<>"",I13*30,0)+IF(O13<>"",O13*20,0)+IF(U13<>"",U13*30,0)+IF(X13<>"",X13*20,0))/((I13<>"")*30+(O13<>"")*20+(U13<>"")*30+(X13<>"")*20),2)),"")
A14: 8 | F14: =IF(OR(ISNUMBER(SEARCH("N",$E14)),ISNUMBER(SEARCH("E",$E14))),1,"") | I14: =IF(G14="S",IF(H14=3,1,IF(H14=2,0.6,IF(H14=1,0.3,0))),"") | O14: =IF(AND($F14=1,J14="S"),IF(K14=3,1,IF(K14=2,0.6,IF(K14=1,0.3,0))),"") | U14: =IF(AND($F14=1,P14="S"),IF(Q14=3,1,IF(Q14=2,0.6,IF(Q14=1,0.3,0))),"") | X14: =IF($F14=1,IF(V14=3,1,IF(V14=2,0.6,IF(V14=1,0.3,0))),"") | Y14: =IF(AND(A14=8,NOT(ISBLANK(D14))),IF(F14<>1,I14,ROUND((IF(I14<>"",I14*30,0)+IF(O14<>"",O14*20,0)+IF(U14<>"",U14*30,0)+IF(X14<>"",X14*20,0))/((I14<>"")*30+(O14<>"")*20+(U14<>"")*30+(X14<>"")*20),2)),"")
A15: 8 | F15: =IF(OR(ISNUMBER(SEARCH("N",$E15)),ISNUMBER(SEARCH("E",$E15))),1,"") | I15: =IF(G15="S",IF(H15=3,1,IF(H15=2,0.6,IF(H15=1,0.3,0))),"") | O15: =IF(AND($F15=1,J15="S"),IF(K15=3,1,IF(K15=2,0.6,IF(K15=1,0.3,0))),"") | U15: =IF(AND($F15=1,P15="S"),IF(Q15=3,1,IF(Q15=2,0.6,IF(Q15=1,0.3,0))),"") | X15: =IF($F15=1,IF(V15=3,1,IF(V15=2,0.6,IF(V15=1,0.3,0))),"") | Y15: =IF(AND(A15=8,NOT(ISBLANK(D15))),IF(F15<>1,I15,ROUND((IF(I15<>"",I15*30,0)+IF(O15<>"",O15*20,0)+IF(U15<>"",U15*30,0)+IF(X15<>"",X15*20,0))/((I15<>"")*30+(O15<>"")*20+(U15<>"")*30+(X15<>"")*20),2)),"")
A16: 8 | F16: =IF(OR(ISNUMBER(SEARCH("N",$E16)),ISNUMBER(SEARCH("E",$E16))),1,"") | I16: =IF(G16="S",IF(H16=3,1,IF(H16=2,0.6,IF(H16=1,0.3,0))),"") | O16: =IF(AND($F16=1,J16="S"),IF(K16=3,1,IF(K16=2,0.6,IF(K16=1,0.3,0))),"") | U16: =IF(AND($F16=1,P16="S"),IF(Q16=3,1,IF(Q16=2,0.6,IF(Q16=1,0.3,0))),"") | X16: =IF($F16=1,IF(V16=3,1,IF(V16=2,0.6,IF(V16=1,0.3,0))),"") | Y16: =IF(AND(A16=8,NOT(ISBLANK(D16))),IF(F16<>1,I16,ROUND((IF(I16<>"",I16*30,0)+IF(O16<>"",O16*20,0)+IF(U16<>"",U16*30,0)+IF(X16<>"",X16*20,0))/((I16<>"")*30+(O16<>"")*20+(U16<>"")*30+(X16<>"")*20),2)),"")
A17: 8 | F17: =IF(OR(ISNUMBER(SEARCH("N",$E17)),ISNUMBER(SEARCH("E",$E17))),1,"") | I17: =IF(G17="S",IF(H17=3,1,IF(H17=2,0.6,IF(H17=1,0.3,0))),"") | O17: =IF(AND($F17=1,J17="S"),IF(K17=3,1,IF(K17=2,0.6,IF(K17=1,0.3,0))),"") | U17: =IF(AND($F17=1,P17="S"),IF(Q17=3,1,IF(Q17=2,0.6,IF(Q17=1,0.3,0))),"") | X17: =IF($F17=1,IF(V17=3,1,IF(V17=2,0.6,IF(V17=1,0.3,0))),"") | Y17: =IF(AND(A17=8,NOT(ISBLANK(D17))),IF(F17<>1,I17,ROUND((IF(I17<>"",I17*30,0)+IF(O17<>"",O17*20,0)+IF(U17<>"",U17*30,0)+IF(X17<>"",X17*20,0))/((I17<>"")*30+(O17<>"")*20+(U17<>"")*30+(X17<>"")*20),2)),"")
A18: 8 | F18: =IF(OR(ISNUMBER(SEARCH("N",$E18)),ISNUMBER(SEARCH("E",$E18))),1,"") | I18: =IF(G18="S",IF(H18=3,1,IF(H18=2,0.6,IF(H18=1,0.3,0))),"") | O18: =IF(AND($F18=1,J18="S"),IF(K18=3,1,IF(K18=2,0.6,IF(K18=1,0.3,0))),"") | U18: =IF(AND($F18=1,P18="S"),IF(Q18=3,1,IF(Q18=2,0.6,IF(Q18=1,0.3,0))),"") | X18: =IF($F18=1,IF(V18=3,1,IF(V18=2,0.6,IF(V18=1,0.3,0))),"") | Y18: =IF(AND(A18=8,NOT(ISBLANK(D18))),IF(F18<>1,I18,ROUND((IF(I18<>"",I18*30,0)+IF(O18<>"",O18*20,0)+IF(U18<>"",U18*30,0)+IF(X18<>"",X18*20,0))/((I18<>"")*30+(O18<>"")*20+(U18<>"")*30+(X18<>"")*20),2)),"")
A19: 8 | F19: =IF(OR(ISNUMBER(SEARCH("N",$E19)),ISNUMBER(SEARCH("E",$E19))),1,"") | I19: =IF(G19="S",IF(H19=3,1,IF(H19=2,0.6,IF(H19=1,0.3,0))),"") | O19: =IF(AND($F19=1,J19="S"),IF(K19=3,1,IF(K19=2,0.6,IF(K19=1,0.3,0))),"") | U19: =IF(AND($F19=1,P19="S"),IF(Q19=3,1,IF(Q19=2,0.6,IF(Q19=1,0.3,0))),"") | X19: =IF($F19=1,IF(V19=3,1,IF(V19=2,0.6,IF(V19=1,0.3,0))),"") | Y19: =IF(AND(A19=8,NOT(ISBLANK(D19))),IF(F19<>1,I19,ROUND((IF(I19<>"",I19*30,0)+IF(O19<>"",O19*20,0)+IF(U19<>"",U19*30,0)+IF(X19<>"",X19*20,0))/((I19<>"")*30+(O19<>"")*20+(U19<>"")*30+(X19<>"")*20),2)),"")
A20: 8 | F20: =IF(OR(ISNUMBER(SEARCH("N",$E20)),ISNUMBER(SEARCH("E",$E20))),1,"") | I20: =IF(G20="S",IF(H20=3,1,IF(H20=2,0.6,IF(H20=1,0.3,0))),"") | O20: =IF(AND($F20=1,J20="S"),IF(K20=3,1,IF(K20=2,0.6,IF(K20=1,0.3,0))),"") | U20: =IF(AND($F20=1,P20="S"),IF(Q20=3,1,IF(Q20=2,0.6,IF(Q20=1,0.3,0))),"") | X20: =IF($F20=1,IF(V20=3,1,IF(V20=2,0.6,IF(V20=1,0.3,0))),"") | Y20: =IF(AND(A20=8,NOT(ISBLANK(D20))),IF(F20<>1,I20,ROUND((IF(I20<>"",I20*30,0)+IF(O20<>"",O20*20,0)+IF(U20<>"",U20*30,0)+IF(X20<>"",X20*20,0))/((I20<>"")*30+(O20<>"")*20+(U20<>"")*30+(X20<>"")*20),2)),"")
... A36: 8 | F36: =IF(OR(ISNUMBER(SEARCH("N",$E36)),ISNUMBER(SEARCH("E",$E36))),1,"") | I36: =IF(G36="S",IF(H36=3,1,IF(H36=2,0.6,IF(H36=1,0.3,0))),"") | O36: =IF(AND($F36=1,J36="S"),IF(K36=3,1,IF(K36=2,0.6,IF(K36=1,0.3,0))),"") | U36: =IF(AND($F36=1,P36="S"),IF(Q36=3,1,IF(Q36=2,0.6,IF(Q36=1,0.3,0))),"") | X36: =IF($F36=1,IF(V36=3,1,IF(V36=2,0.6,IF(V36=1,0.3,0))),"") | Y36: =IF(AND(A36=8,NOT(ISBLANK(D36))),IF(F36<>1,I36,ROUND((IF(I36<>"",I36*30,0)+IF(O36<>"",O36*20,0)+IF(U36<>"",U36*30,0)+IF(X36<>"",X36*20,0))/((I36<>"")*30+(O36<>"")*20+(U36<>"")*30+(X36<>"")*20),2)),"")
I37: =IF(G37="S",IF(H37=3,1,IF(H37=2,0.6,IF(H37=1,0.3,0))),"") | O37: =IF(AND($F37=1,J37="S"),IF(K37=3,1,IF(K37=2,0.6,IF(K37=1,0.3,0))),"") | U37: =IF(AND($F37=1,P37="S"),IF(Q37=3,1,IF(Q37=2,0.6,IF(Q37=1,0.3,0))),"") | X37: =IF($F37=1,IF(V37=3,1,IF(V37=2,0.6,IF(V37=1,0.3,0))),"")
B38: ='Quadro Geral'!D32 -> 6 | C38: Pontos possíveis | L38: Totais-> | M38: =COUNTIFS($D9:$D36,"*",$F9:$F36,"1",M9:M36,"S") -> 0 | N38: =COUNTIFS($D9:$D36,"*",$F9:$F36,"1",N9:N36,"S") -> 0 | O38: =IF(AND($F38=1,J38="S"),IF(K38=3,1,IF(K38=2,0.6,IF(K38=1,0.3,0))),"") | V38: %Result. Estratégico-> | Y38: =IF(COUNTIFS(D9:D36,"*",$F9:$F36,"1")>0,SUMIFS($Y9:$Y36,D9:D36,"*",$F9:$F36,"1")/COUNTIFS(D9:D36,"*",$F9:$F36,"1"),0) -> 0
B39: =IF(OR(Capa!B6=0,Capa!B6=1),(Y38*70+Y39*30)/100, IF(OR(Capa!B6=2,Capa!B6=3),((Y38*60+Y39*30)/100)+ IF(AND(Capa!B6=2,M38>0),0.1,0)+ IF(AND(Capa!B6=3,M38>0),0.05,0)+ IF(AND(Capa!B6=3,N38>0),0.05,0),0)) -> 0 | C39: %Item | V39: %Result. Operacional-> | Y39: =IF(COUNTIFS(D9:D36,"*",$F9:$F36,"<>1")>0,SUMIFS($Y9:$Y36,D9:D36,"*",$F9:$F36,"<>1")/COUNTIFS(D9:D36,"*",$F9:$F36,"<>1"),0) -> 0
B40: ='Quadro Geral'!F32 -> 0.3 | C40: Pontos alcançados | O40: =IF(AND($F40=1,J40="S"),IF(K40=3,1,IF(K40=2,0.6,IF(K40=1,0.3,0))),"")
O41: =IF(AND($F41=1,J41="S"),IF(K41=3,1,IF(K41=2,0.6,IF(K41=1,0.3,0))),"")
B43: Comentários opcionais

Sheet 8.3
C1: =Capa!A1 -> MEGplan MEGIA 2026 | E1: Esta Aba está protegida pela senha "/" para proteger fórmulas de alterações acidentais
B2: =CONCATENATE("Item ",'Quadro Geral'!B33) -> Item 8.3 Sociais
G3: Fatores de avaliação
B4: =IF(COUNTIF($D8:$D47,"*")>0,(COUNTIFS($D8:$D47,"*",$F8:$F47,"1",V8:V47,">=0")+COUNTIFS($D8:$D47,"*",$F8:$F47,"<>1",E8:E47,"*"))/COUNTIF($D8:$D47,"*"),0) -> 0 | G4: Evolução | J4: Competitividade | P4: Compromisso | V4: Potencial | AA4: Dados opcionais
B6: Livre | C6: Respons. | D6: Indicadores de desempenho | E6: Tipo N, E, O | G6: Permite avaliar evolução? S ou N | H6: GRAU EVOLUÇÃO | J6: Result. é comparável? S ou N | K6: GRAU COMPETITIVO | L6: Nome do Referencial Comparativo | M6: É Líder.? S, N ou NS | N6: É Ref. Exc? S, N ou NS | P6: Expressou Comprom.? S, N | Q6: GRAU COMPROMISSO | R6: Requisito relativo à qual PI? | S6: Era esperada Meta (MT) ou Evolução Fav (EF)? | T6: Qual o docum de origem do comprom.? | V6: GRAU POTENCIAL | W6: Nome do estudo que justifica o potencial? | Y6: % | AA6: Sentido | AB6: Ano-2 | AC6: Ano-1 | AD6: RC | AE6: RPI | AF6: Observações | AG6: ITEM ASSOCIADO
A9: 8 | F9: =IF(OR(ISNUMBER(SEARCH("N",$E9)),ISNUMBER(SEARCH("E",$E9))),1,"") | I9: =IF(G9="S",IF(H9=3,1,IF(H9=2,0.6,IF(H9=1,0.3,0))),"") | O9: =IF(AND($F9=1,J9="S"),IF(K9=3,1,IF(K9=2,0.6,IF(K9=1,0.3,0))),"") | U9: =IF(AND($F9=1,P9="S"),IF(Q9=3,1,IF(Q9=2,0.6,IF(Q9=1,0.3,0))),"") | X9: =IF($F9=1,IF(V9=3,1,IF(V9=2,0.6,IF(V9=1,0.3,0))),"") | Y9: =IF(AND(A9=8,NOT(ISBLANK(D9))),IF(F9<>1,I9,ROUND((IF(I9<>"",I9*30,0)+IF(O9<>"",O9*20,0)+IF(U9<>"",U9*30,0)+IF(X9<>"",X9*20,0))/((I9<>"")*30+(O9<>"")*20+(U9<>"")*30+(X9<>"")*20),2)),"")
A10: 8 | F10: =IF(OR(ISNUMBER(SEARCH("N",$E10)),ISNUMBER(SEARCH("E",$E10))),1,"") | I10: =IF(G10="S",IF(H10=3,1,IF(H10=2,0.6,IF(H10=1,0.3,0))),"") | O10: =IF(AND($F10=1,J10="S"),IF(K10=3,1,IF(K10=2,0.6,IF(K10=1,0.3,0))),"") | U10: =IF(AND($F10=1,P10="S"),IF(Q10=3,1,IF(Q10=2,0.6,IF(Q10=1,0.3,0))),"") | X10: =IF($F10=1,IF(V10=3,1,IF(V10=2,0.6,IF(V10=1,0.3,0))),"") | Y10: =IF(AND(A10=8,NOT(ISBLANK(D10))),IF(F10<>1,I10,ROUND((IF(I10<>"",I10*30,0)+IF(O10<>"",O10*20,0)+IF(U10<>"",U10*30,0)+IF(X10<>"",X10*20,0))/((I10<>"")*30+(O10<>"")*20+(U10<>"")*30+(X10<>"")*20),2)),"")
A11: 8 | F11: =IF(OR(ISNUMBER(SEARCH("N",$E11)),ISNUMBER(SEARCH("E",$E11))),1,"") | I11: =IF(G11="S",IF(H11=3,1,IF(H11=2,0.6,IF(H11=1,0.3,0))),"") | O11: =IF(AND($F11=1,J11="S"),IF(K11=3,1,IF(K11=2,0.6,IF(K11=1,0.3,0))),"") | U11: =IF(AND($F11=1,P11="S"),IF(Q11=3,1,IF(Q11=2,0.6,IF(Q11=1,0.3,0))),"") | X11: =IF($F11=1,IF(V11=3,1,IF(V11=2,0.6,IF(V11=1,0.3,0))),"") | Y11: =IF(AND(A11=8,NOT(ISBLANK(D11))),IF(F11<>1,I11,ROUND((IF(I11<>"",I11*30,0)+IF(O11<>"",O11*20,0)+IF(U11<>"",U11*30,0)+IF(X11<>"",X11*20,0))/((I11<>"")*30+(O11<>"")*20+(U11<>"")*30+(X11<>"")*20),2)),"")
A12: 8 | F12: =IF(OR(ISNUMBER(SEARCH("N",$E12)),ISNUMBER(SEARCH("E",$E12))),1,"") | I12: =IF(G12="S",IF(H12=3,1,IF(H12=2,0.6,IF(H12=1,0.3,0))),"") | O12: =IF(AND($F12=1,J12="S"),IF(K12=3,1,IF(K12=2,0.6,IF(K12=1,0.3,0))),"") | U12: =IF(AND($F12=1,P12="S"),IF(Q12=3,1,IF(Q12=2,0.6,IF(Q12=1,0.3,0))),"") | X12: =IF($F12=1,IF(V12=3,1,IF(V12=2,0.6,IF(V12=1,0.3,0))),"") | Y12: =IF(AND(A12=8,NOT(ISBLANK(D12))),IF(F12<>1,I12,ROUND((IF(I12<>"",I12*30,0)+IF(O12<>"",O12*20,0)+IF(U12<>"",U12*30,0)+IF(X12<>"",X12*20,0))/((I12<>"")*30+(O12<>"")*20+(U12<>"")*30+(X12<>"")*20),2)),"")
A13: 8 | F13: =IF(OR(ISNUMBER(SEARCH("N",$E13)),ISNUMBER(SEARCH("E",$E13))),1,"") | I13: =IF(G13="S",IF(H13=3,1,IF(H13=2,0.6,IF(H13=1,0.3,0))),"") | O13: =IF(AND($F13=1,J13="S"),IF(K13=3,1,IF(K13=2,0.6,IF(K13=1,0.3,0))),"") | U13: =IF(AND($F13=1,P13="S"),IF(Q13=3,1,IF(Q13=2,0.6,IF(Q13=1,0.3,0))),"") | X13: =IF($F13=1,IF(V13=3,1,IF(V13=2,0.6,IF(V13=1,0.3,0))),"") | Y13: =IF(AND(A13=8,NOT(ISBLANK(D13))),IF(F13<>1,I13,ROUND((IF(I13<>"",I13*30,0)+IF(O13<>"",O13*20,0)+IF(U13<>"",U13*30,0)+IF(X13<>"",X13*20,0))/((I13<>"")*30+(O13<>"")*20+(U13<>"")*30+(X13<>"")*20),2)),"")
A14: 8 | F14: =IF(OR(ISNUMBER(SEARCH("N",$E14)),ISNUMBER(SEARCH("E",$E14))),1,"") | I14: =IF(G14="S",IF(H14=3,1,IF(H14=2,0.6,IF(H14=1,0.3,0))),"") | O14: =IF(AND($F14=1,J14="S"),IF(K14=3,1,IF(K14=2,0.6,IF(K14=1,0.3,0))),"") | U14: =IF(AND($F14=1,P14="S"),IF(Q14=3,1,IF(Q14=2,0.6,IF(Q14=1,0.3,0))),"") | X14: =IF($F14=1,IF(V14=3,1,IF(V14=2,0.6,IF(V14=1,0.3,0))),"") | Y14: =IF(AND(A14=8,NOT(ISBLANK(D14))),IF(F14<>1,I14,ROUND((IF(I14<>"",I14*30,0)+IF(O14<>"",O14*20,0)+IF(U14<>"",U14*30,0)+IF(X14<>"",X14*20,0))/((I14<>"")*30+(O14<>"")*20+(U14<>"")*30+(X14<>"")*20),2)),"")
A15: 8 | F15: =IF(OR(ISNUMBER(SEARCH("N",$E15)),ISNUMBER(SEARCH("E",$E15))),1,"") | I15: =IF(G15="S",IF(H15=3,1,IF(H15=2,0.6,IF(H15=1,0.3,0))),"") | O15: =IF(AND($F15=1,J15="S"),IF(K15=3,1,IF(K15=2,0.6,IF(K15=1,0.3,0))),"") | U15: =IF(AND($F15=1,P15="S"),IF(Q15=3,1,IF(Q15=2,0.6,IF(Q15=1,0.3,0))),"") | X15: =IF($F15=1,IF(V15=3,1,IF(V15=2,0.6,IF(V15=1,0.3,0))),"") | Y15: =IF(AND(A15=8,NOT(ISBLANK(D15))),IF(F15<>1,I15,ROUND((IF(I15<>"",I15*30,0)+IF(O15<>"",O15*20,0)+IF(U15<>"",U15*30,0)+IF(X15<>"",X15*20,0))/((I15<>"")*30+(O15<>"")*20+(U15<>"")*30+(X15<>"")*20),2)),"")
A16: 8 | F16: =IF(OR(ISNUMBER(SEARCH("N",$E16)),ISNUMBER(SEARCH("E",$E16))),1,"") | I16: =IF(G16="S",IF(H16=3,1,IF(H16=2,0.6,IF(H16=1,0.3,0))),"") | O16: =IF(AND($F16=1,J16="S"),IF(K16=3,1,IF(K16=2,0.6,IF(K16=1,0.3,0))),"") | U16: =IF(AND($F16=1,P16="S"),IF(Q16=3,1,IF(Q16=2,0.6,IF(Q16=1,0.3,0))),"") | X16: =IF($F16=1,IF(V16=3,1,IF(V16=2,0.6,IF(V16=1,0.3,0))),"") | Y16: =IF(AND(A16=8,NOT(ISBLANK(D16))),IF(F16<>1,I16,ROUND((IF(I16<>"",I16*30,0)+IF(O16<>"",O16*20,0)+IF(U16<>"",U16*30,0)+IF(X16<>"",X16*20,0))/((I16<>"")*30+(O16<>"")*20+(U16<>"")*30+(X16<>"")*20),2)),"")
A17: 8 | F17: =IF(OR(ISNUMBER(SEARCH("N",$E17)),ISNUMBER(SEARCH("E",$E17))),1,"") | I17: =IF(G17="S",IF(H17=3,1,IF(H17=2,0.6,IF(H17=1,0.3,0))),"") | O17: =IF(AND($F17=1,J17="S"),IF(K17=3,1,IF(K17=2,0.6,IF(K17=1,0.3,0))),"") | U17: =IF(AND($F17=1,P17="S"),IF(Q17=3,1,IF(Q17=2,0.6,IF(Q17=1,0.3,0))),"") | X17: =IF($F17=1,IF(V17=3,1,IF(V17=2,0.6,IF(V17=1,0.3,0))),"") | Y17: =IF(AND(A17=8,NOT(ISBLANK(D17))),IF(F17<>1,I17,ROUND((IF(I17<>"",I17*30,0)+IF(O17<>"",O17*20,0)+IF(U17<>"",U17*30,0)+IF(X17<>"",X17*20,0))/((I17<>"")*30+(O17<>"")*20+(U17<>"")*30+(X17<>"")*20),2)),"")
A18: 8 | F18: =IF(OR(ISNUMBER(SEARCH("N",$E18)),ISNUMBER(SEARCH("E",$E18))),1,"") | I18: =IF(G18="S",IF(H18=3,1,IF(H18=2,0.6,IF(H18=1,0.3,0))),"") | O18: =IF(AND($F18=1,J18="S"),IF(K18=3,1,IF(K18=2,0.6,IF(K18=1,0.3,0))),"") | U18: =IF(AND($F18=1,P18="S"),IF(Q18=3,1,IF(Q18=2,0.6,IF(Q18=1,0.3,0))),"") | X18: =IF($F18=1,IF(V18=3,1,IF(V18=2,0.6,IF(V18=1,0.3,0))),"") | Y18: =IF(AND(A18=8,NOT(ISBLANK(D18))),IF(F18<>1,I18,ROUND((IF(I18<>"",I18*30,0)+IF(O18<>"",O18*20,0)+IF(U18<>"",U18*30,0)+IF(X18<>"",X18*20,0))/((I18<>"")*30+(O18<>"")*20+(U18<>"")*30+(X18<>"")*20),2)),"")
A19: 8 | F19: =IF(OR(ISNUMBER(SEARCH("N",$E19)),ISNUMBER(SEARCH("E",$E19))),1,"") | I19: =IF(G19="S",IF(H19=3,1,IF(H19=2,0.6,IF(H19=1,0.3,0))),"") | O19: =IF(AND($F19=1,J19="S"),IF(K19=3,1,IF(K19=2,0.6,IF(K19=1,0.3,0))),"") | U19: =IF(AND($F19=1,P19="S"),IF(Q19=3,1,IF(Q19=2,0.6,IF(Q19=1,0.3,0))),"") | X19: =IF($F19=1,IF(V19=3,1,IF(V19=2,0.6,IF(V19=1,0.3,0))),"") | Y19: =IF(AND(A19=8,NOT(ISBLANK(D19))),IF(F19<>1,I19,ROUND((IF(I19<>"",I19*30,0)+IF(O19<>"",O19*20,0)+IF(U19<>"",U19*30,0)+IF(X19<>"",X19*20,0))/((I19<>"")*30+(O19<>"")*20+(U19<>"")*30+(X19<>"")*20),2)),"")
A20: 8 | F20: =IF(OR(ISNUMBER(SEARCH("N",$E20)),ISNUMBER(SEARCH("E",$E20))),1,"") | I20: =IF(G20="S",IF(H20=3,1,IF(H20=2,0.6,IF(H20=1,0.3,0))),"") | O20: =IF(AND($F20=1,J20="S"),IF(K20=3,1,IF(K20=2,0.6,IF(K20=1,0.3,0))),"") | U20: =IF(AND($F20=1,P20="S"),IF(Q20=3,1,IF(Q20=2,0.6,IF(Q20=1,0.3,0))),"") | X20: =IF($F20=1,IF(V20=3,1,IF(V20=2,0.6,IF(V20=1,0.3,0))),"") | Y20: =IF(AND(A20=8,NOT(ISBLANK(D20))),IF(F20<>1,I20,ROUND((IF(I20<>"",I20*30,0)+IF(O20<>"",O20*20,0)+IF(U20<>"",U20*30,0)+IF(X20<>"",X20*20,0))/((I20<>"")*30+(O20<>"")*20+(U20<>"")*30+(X20<>"")*20),2)),"")
... A46: 8 | F46: =IF(OR(ISNUMBER(SEARCH("N",$E46)),ISNUMBER(SEARCH("E",$E46))),1,"") | I46: =IF(G46="S",IF(H46=3,1,IF(H46=2,0.6,IF(H46=1,0.3,0))),"") | O46: =IF(AND($F46=1,J46="S"),IF(K46=3,1,IF(K46=2,0.6,IF(K46=1,0.3,0))),"") | U46: =IF(AND($F46=1,P46="S"),IF(Q46=3,1,IF(Q46=2,0.6,IF(Q46=1,0.3,0))),"") | X46: =IF($F46=1,IF(V46=3,1,IF(V46=2,0.6,IF(V46=1,0.3,0))),"") | Y46: =IF(AND(A46=8,NOT(ISBLANK(D46))),IF(F46<>1,I46,ROUND((IF(I46<>"",I46*30,0)+IF(O46<>"",O46*20,0)+IF(U46<>"",U46*30,0)+IF(X46<>"",X46*20,0))/((I46<>"")*30+(O46<>"")*20+(U46<>"")*30+(X46<>"")*20),2)),"")
I47: =IF(G47="S",IF(H47=3,1,IF(H47=2,0.6,IF(H47=1,0.3,0))),"") | O47: =IF(AND($F47=1,J47="S"),IF(K47=3,1,IF(K47=2,0.6,IF(K47=1,0.3,0))),"") | U47: =IF(AND($F47=1,P47="S"),IF(Q47=3,1,IF(Q47=2,0.6,IF(Q47=1,0.3,0))),"") | X47: =IF($F47=1,IF(V47=3,1,IF(V47=2,0.6,IF(V47=1,0.3,0))),"")
B48: ='Quadro Geral'!D33 -> 6 | C48: Pontos possíveis | L48: Totais-> | M48: =COUNTIFS($D9:$D46,"*",$F9:$F46,"1",M9:M46,"S") -> 0 | N48: =COUNTIFS($D9:$D46,"*",$F9:$F46,"1",N9:N46,"S") -> 0 | O48: =IF(AND($F48=1,J48="S"),IF(K48=3,1,IF(K48=2,0.6,IF(K48=1,0.3,0))),"") | V48: %Result. Estratégico-> | Y48: =IF(COUNTIFS(D9:D46,"*",$F9:$F46,"1")>0,SUMIFS($Y9:$Y46,D9:D46,"*",$F9:$F46,"1")/COUNTIFS(D9:D46,"*",$F9:$F46,"1"),0) -> 0
B49: =IF(OR(Capa!B6=0,Capa!B6=1),(Y48*70+Y49*30)/100, IF(OR(Capa!B6=2,Capa!B6=3),((Y48*60+Y49*30)/100)+ IF(AND(Capa!B6=2,M48>0),0.1,0)+ IF(AND(Capa!B6=3,M48>0),0.05,0)+ IF(AND(Capa!B6=3,N48>0),0.05,0),0)) -> 0 | C49: %Item | V49: %Result. Operacional-> | Y49: =IF(COUNTIFS(D9:D46,"*",$F9:$F46,"<>1")>0,SUMIFS($Y9:$Y46,D9:D46,"*",$F9:$F46,"<>1")/COUNTIFS(D9:D46,"*",$F9:$F46,"<>1"),0) -> 0
B50: ='Quadro Geral'!F33 -> 0.3 | C50: Pontos alcançados | O50: =IF(AND($F50=1,J50="S"),IF(K50=3,1,IF(K50=2,0.6,IF(K50=1,0.3,0))),"")
O51: =IF(AND($F51=1,J51="S"),IF(K51=3,1,IF(K51=2,0.6,IF(K51=1,0.3,0))),"")
B53: Comentários opcionais

Sheet 8.4
C1: =Capa!A1 -> MEGplan MEGIA 2026 | E1: Esta Aba está protegida pela senha "/" para proteger fórmulas de alterações acidentais
B2: =CONCATENATE("Item ",'Quadro Geral'!B34) -> Item 8.4 Relativos a clientes
G3: Fatores de avaliação
B4: =IF(COUNTIF($D8:$D38,"*")>0,(COUNTIFS($D8:$D38,"*",$F8:$F38,"1",V8:V38,">=0")+COUNTIFS($D8:$D38,"*",$F8:$F38,"<>1",E8:E38,"*"))/COUNTIF($D8:$D38,"*"),0) -> 0 | G4: Evolução | J4: Competitividade | P4: Compromisso | V4: Potencial | AA4: Dados opcionais
B6: Livre | C6: Respons. | D6: Indicadores de desempenho | E6: Tipo N, E, O | G6: Permite avaliar evolução? S ou N | H6: GRAU EVOLUÇÃO | J6: Result. é comparável? S ou N | K6: GRAU COMPETITIVO | L6: Nome do Referencial Comparativo | M6: É Líder.? S, N ou NS | N6: É Ref. Exc? S, N ou NS | P6: Expressou Comprom.? S, N | Q6: GRAU COMPROMISSO | R6: Requisito relativo à qual PI? | S6: Era esperada Meta (MT) ou Evolução Fav (EF)? | T6: Qual o docum de origem do comprom.? | V6: GRAU POTENCIAL | W6: Nome do estudo que justifica o potencial? | Y6: % | AA6: Sentido | AB6: Ano-2 | AC6: Ano-1 | AD6: RC | AE6: RPI | AF6: Observações | AG6: ITEM ASSOCIADO
A9: 8 | F9: =IF(OR(ISNUMBER(SEARCH("N",$E9)),ISNUMBER(SEARCH("E",$E9))),1,"") | I9: =IF(G9="S",IF(H9=3,1,IF(H9=2,0.6,IF(H9=1,0.3,0))),"") | O9: =IF(AND($F9=1,J9="S"),IF(K9=3,1,IF(K9=2,0.6,IF(K9=1,0.3,0))),"") | U9: =IF(AND($F9=1,P9="S"),IF(Q9=3,1,IF(Q9=2,0.6,IF(Q9=1,0.3,0))),"") | X9: =IF($F9=1,IF(V9=3,1,IF(V9=2,0.6,IF(V9=1,0.3,0))),"") | Y9: =IF(AND(A9=8,NOT(ISBLANK(D9))),IF(F9<>1,I9,ROUND((IF(I9<>"",I9*30,0)+IF(O9<>"",O9*20,0)+IF(U9<>"",U9*30,0)+IF(X9<>"",X9*20,0))/((I9<>"")*30+(O9<>"")*20+(U9<>"")*30+(X9<>"")*20),2)),"")
A10: 8 | F10: =IF(OR(ISNUMBER(SEARCH("N",$E10)),ISNUMBER(SEARCH("E",$E10))),1,"") | I10: =IF(G10="S",IF(H10=3,1,IF(H10=2,0.6,IF(H10=1,0.3,0))),"") | O10: =IF(AND($F10=1,J10="S"),IF(K10=3,1,IF(K10=2,0.6,IF(K10=1,0.3,0))),"") | U10: =IF(AND($F10=1,P10="S"),IF(Q10=3,1,IF(Q10=2,0.6,IF(Q10=1,0.3,0))),"") | X10: =IF($F10=1,IF(V10=3,1,IF(V10=2,0.6,IF(V10=1,0.3,0))),"") | Y10: =IF(AND(A10=8,NOT(ISBLANK(D10))),IF(F10<>1,I10,ROUND((IF(I10<>"",I10*30,0)+IF(O10<>"",O10*20,0)+IF(U10<>"",U10*30,0)+IF(X10<>"",X10*20,0))/((I10<>"")*30+(O10<>"")*20+(U10<>"")*30+(X10<>"")*20),2)),"")
A11: 8 | F11: =IF(OR(ISNUMBER(SEARCH("N",$E11)),ISNUMBER(SEARCH("E",$E11))),1,"") | I11: =IF(G11="S",IF(H11=3,1,IF(H11=2,0.6,IF(H11=1,0.3,0))),"") | O11: =IF(AND($F11=1,J11="S"),IF(K11=3,1,IF(K11=2,0.6,IF(K11=1,0.3,0))),"") | U11: =IF(AND($F11=1,P11="S"),IF(Q11=3,1,IF(Q11=2,0.6,IF(Q11=1,0.3,0))),"") | X11: =IF($F11=1,IF(V11=3,1,IF(V11=2,0.6,IF(V11=1,0.3,0))),"") | Y11: =IF(AND(A11=8,NOT(ISBLANK(D11))),IF(F11<>1,I11,ROUND((IF(I11<>"",I11*30,0)+IF(O11<>"",O11*20,0)+IF(U11<>"",U11*30,0)+IF(X11<>"",X11*20,0))/((I11<>"")*30+(O11<>"")*20+(U11<>"")*30+(X11<>"")*20),2)),"")
A12: 8 | F12: =IF(OR(ISNUMBER(SEARCH("N",$E12)),ISNUMBER(SEARCH("E",$E12))),1,"") | I12: =IF(G12="S",IF(H12=3,1,IF(H12=2,0.6,IF(H12=1,0.3,0))),"") | O12: =IF(AND($F12=1,J12="S"),IF(K12=3,1,IF(K12=2,0.6,IF(K12=1,0.3,0))),"") | U12: =IF(AND($F12=1,P12="S"),IF(Q12=3,1,IF(Q12=2,0.6,IF(Q12=1,0.3,0))),"") | X12: =IF($F12=1,IF(V12=3,1,IF(V12=2,0.6,IF(V12=1,0.3,0))),"") | Y12: =IF(AND(A12=8,NOT(ISBLANK(D12))),IF(F12<>1,I12,ROUND((IF(I12<>"",I12*30,0)+IF(O12<>"",O12*20,0)+IF(U12<>"",U12*30,0)+IF(X12<>"",X12*20,0))/((I12<>"")*30+(O12<>"")*20+(U12<>"")*30+(X12<>"")*20),2)),"")
A13: 8 | F13: =IF(OR(ISNUMBER(SEARCH("N",$E13)),ISNUMBER(SEARCH("E",$E13))),1,"") | I13: =IF(G13="S",IF(H13=3,1,IF(H13=2,0.6,IF(H13=1,0.3,0))),"") | O13: =IF(AND($F13=1,J13="S"),IF(K13=3,1,IF(K13=2,0.6,IF(K13=1,0.3,0))),"") | U13: =IF(AND($F13=1,P13="S"),IF(Q13=3,1,IF(Q13=2,0.6,IF(Q13=1,0.3,0))),"") | X13: =IF($F13=1,IF(V13=3,1,IF(V13=2,0.6,IF(V13=1,0.3,0))),"") | Y13: =IF(AND(A13=8,NOT(ISBLANK(D13))),IF(F13<>1,I13,ROUND((IF(I13<>"",I13*30,0)+IF(O13<>"",O13*20,0)+IF(U13<>"",U13*30,0)+IF(X13<>"",X13*20,0))/((I13<>"")*30+(O13<>"")*20+(U13<>"")*30+(X13<>"")*20),2)),"")
A14: 8 | F14: =IF(OR(ISNUMBER(SEARCH("N",$E14)),ISNUMBER(SEARCH("E",$E14))),1,"") | I14: =IF(G14="S",IF(H14=3,1,IF(H14=2,0.6,IF(H14=1,0.3,0))),"") | O14: =IF(AND($F14=1,J14="S"),IF(K14=3,1,IF(K14=2,0.6,IF(K14=1,0.3,0))),"") | U14: =IF(AND($F14=1,P14="S"),IF(Q14=3,1,IF(Q14=2,0.6,IF(Q14=1,0.3,0))),"") | X14: =IF($F14=1,IF(V14=3,1,IF(V14=2,0.6,IF(V14=1,0.3,0))),"") | Y14: =IF(AND(A14=8,NOT(ISBLANK(D14))),IF(F14<>1,I14,ROUND((IF(I14<>"",I14*30,0)+IF(O14<>"",O14*20,0)+IF(U14<>"",U14*30,0)+IF(X14<>"",X14*20,0))/((I14<>"")*30+(O14<>"")*20+(U14<>"")*30+(X14<>"")*20),2)),"")
A15: 8 | F15: =IF(OR(ISNUMBER(SEARCH("N",$E15)),ISNUMBER(SEARCH("E",$E15))),1,"") | I15: =IF(G15="S",IF(H15=3,1,IF(H15=2,0.6,IF(H15=1,0.3,0))),"") | O15: =IF(AND($F15=1,J15="S"),IF(K15=3,1,IF(K15=2,0.6,IF(K15=1,0.3,0))),"") | U15: =IF(AND($F15=1,P15="S"),IF(Q15=3,1,IF(Q15=2,0.6,IF(Q15=1,0.3,0))),"") | X15: =IF($F15=1,IF(V15=3,1,IF(V15=2,0.6,IF(V15=1,0.3,0))),"") | Y15: =IF(AND(A15=8,NOT(ISBLANK(D15))),IF(F15<>1,I15,ROUND((IF(I15<>"",I15*30,0)+IF(O15<>"",O15*20,0)+IF(U15<>"",U15*30,0)+IF(X15<>"",X15*20,0))/((I15<>"")*30+(O15<>"")*20+(U15<>"")*30+(X15<>"")*20),2)),"")
A16: 8 | F16: =IF(OR(ISNUMBER(SEARCH("N",$E16)),ISNUMBER(SEARCH("E",$E16))),1,"") | I16: =IF(G16="S",IF(H16=3,1,IF(H16=2,0.6,IF(H16=1,0.3,0))),"") | O16: =IF(AND($F16=1,J16="S"),IF(K16=3,1,IF(K16=2,0.6,IF(K16=1,0.3,0))),"") | U16: =IF(AND($F16=1,P16="S"),IF(Q16=3,1,IF(Q16=2,0.6,IF(Q16=1,0.3,0))),"") | X16: =IF($F16=1,IF(V16=3,1,IF(V16=2,0.6,IF(V16=1,0.3,0))),"") | Y16: =IF(AND(A16=8,NOT(ISBLANK(D16))),IF(F16<>1,I16,ROUND((IF(I16<>"",I16*30,0)+IF(O16<>"",O16*20,0)+IF(U16<>"",U16*30,0)+IF(X16<>"",X16*20,0))/((I16<>"")*30+(O16<>"")*20+(U16<>"")*30+(X16<>"")*20),2)),"")
A17: 8 | F17: =IF(OR(ISNUMBER(SEARCH("N",$E17)),ISNUMBER(SEARCH("E",$E17))),1,"") | I17: =IF(G17="S",IF(H17=3,1,IF(H17=2,0.6,IF(H17=1,0.3,0))),"") | O17: =IF(AND($F17=1,J17="S"),IF(K17=3,1,IF(K17=2,0.6,IF(K17=1,0.3,0))),"") | U17: =IF(AND($F17=1,P17="S"),IF(Q17=3,1,IF(Q17=2,0.6,IF(Q17=1,0.3,0))),"") | X17: =IF($F17=1,IF(V17=3,1,IF(V17=2,0.6,IF(V17=1,0.3,0))),"") | Y17: =IF(AND(A17=8,NOT(ISBLANK(D17))),IF(F17<>1,I17,ROUND((IF(I17<>"",I17*30,0)+IF(O17<>"",O17*20,0)+IF(U17<>"",U17*30,0)+IF(X17<>"",X17*20,0))/((I17<>"")*30+(O17<>"")*20+(U17<>"")*30+(X17<>"")*20),2)),"")
A18: 8 | F18: =IF(OR(ISNUMBER(SEARCH("N",$E18)),ISNUMBER(SEARCH("E",$E18))),1,"") | I18: =IF(G18="S",IF(H18=3,1,IF(H18=2,0.6,IF(H18=1,0.3,0))),"") | O18: =IF(AND($F18=1,J18="S"),IF(K18=3,1,IF(K18=2,0.6,IF(K18=1,0.3,0))),"") | U18: =IF(AND($F18=1,P18="S"),IF(Q18=3,1,IF(Q18=2,0.6,IF(Q18=1,0.3,0))),"") | X18: =IF($F18=1,IF(V18=3,1,IF(V18=2,0.6,IF(V18=1,0.3,0))),"") | Y18: =IF(AND(A18=8,NOT(ISBLANK(D18))),IF(F18<>1,I18,ROUND((IF(I18<>"",I18*30,0)+IF(O18<>"",O18*20,0)+IF(U18<>"",U18*30,0)+IF(X18<>"",X18*20,0))/((I18<>"")*30+(O18<>"")*20+(U18<>"")*30+(X18<>"")*20),2)),"")
A19: 8 | F19: =IF(OR(ISNUMBER(SEARCH("N",$E19)),ISNUMBER(SEARCH("E",$E19))),1,"") | I19: =IF(G19="S",IF(H19=3,1,IF(H19=2,0.6,IF(H19=1,0.3,0))),"") | O19: =IF(AND($F19=1,J19="S"),IF(K19=3,1,IF(K19=2,0.6,IF(K19=1,0.3,0))),"") | U19: =IF(AND($F19=1,P19="S"),IF(Q19=3,1,IF(Q19=2,0.6,IF(Q19=1,0.3,0))),"") | X19: =IF($F19=1,IF(V19=3,1,IF(V19=2,0.6,IF(V19=1,0.3,0))),"") | Y19: =IF(AND(A19=8,NOT(ISBLANK(D19))),IF(F19<>1,I19,ROUND((IF(I19<>"",I19*30,0)+IF(O19<>"",O19*20,0)+IF(U19<>"",U19*30,0)+IF(X19<>"",X19*20,0))/((I19<>"")*30+(O19<>"")*20+(U19<>"")*30+(X19<>"")*20),2)),"")
A20: 8 | F20: =IF(OR(ISNUMBER(SEARCH("N",$E20)),ISNUMBER(SEARCH("E",$E20))),1,"") | I20: =IF(G20="S",IF(H20=3,1,IF(H20=2,0.6,IF(H20=1,0.3,0))),"") | O20: =IF(AND($F20=1,J20="S"),IF(K20=3,1,IF(K20=2,0.6,IF(K20=1,0.3,0))),"") | U20: =IF(AND($F20=1,P20="S"),IF(Q20=3,1,IF(Q20=2,0.6,IF(Q20=1,0.3,0))),"") | X20: =IF($F20=1,IF(V20=3,1,IF(V20=2,0.6,IF(V20=1,0.3,0))),"") | Y20: =IF(AND(A20=8,NOT(ISBLANK(D20))),IF(F20<>1,I20,ROUND((IF(I20<>"",I20*30,0)+IF(O20<>"",O20*20,0)+IF(U20<>"",U20*30,0)+IF(X20<>"",X20*20,0))/((I20<>"")*30+(O20<>"")*20+(U20<>"")*30+(X20<>"")*20),2)),"")
... A37: 8 | F37: =IF(OR(ISNUMBER(SEARCH("N",$E37)),ISNUMBER(SEARCH("E",$E37))),1,"") | I37: =IF(G37="S",IF(H37=3,1,IF(H37=2,0.6,IF(H37=1,0.3,0))),"") | O37: =IF(AND($F37=1,J37="S"),IF(K37=3,1,IF(K37=2,0.6,IF(K37=1,0.3,0))),"") | U37: =IF(AND($F37=1,P37="S"),IF(Q37=3,1,IF(Q37=2,0.6,IF(Q37=1,0.3,0))),"") | X37: =IF($F37=1,IF(V37=3,1,IF(V37=2,0.6,IF(V37=1,0.3,0))),"") | Y37: =IF(AND(A37=8,NOT(ISBLANK(D37))),IF(F37<>1,I37,ROUND((IF(I37<>"",I37*30,0)+IF(O37<>"",O37*20,0)+IF(U37<>"",U37*30,0)+IF(X37<>"",X37*20,0))/((I37<>"")*30+(O37<>"")*20+(U37<>"")*30+(X37<>"")*20),2)),"")
I38: =IF(G38="S",IF(H38=3,1,IF(H38=2,0.6,IF(H38=1,0.3,0))),"") | O38: =IF(AND($F38=1,J38="S"),IF(K38=3,1,IF(K38=2,0.6,IF(K38=1,0.3,0))),"") | U38: =IF(AND($F38=1,P38="S"),IF(Q38=3,1,IF(Q38=2,0.6,IF(Q38=1,0.3,0))),"") | X38: =IF($F38=1,IF(V38=3,1,IF(V38=2,0.6,IF(V38=1,0.3,0))),"")
B39: ='Quadro Geral'!D34 -> 12 | C39: Pontos possíveis | L39: Totais-> | M39: =COUNTIFS($D9:$D37,"*",$F9:$F37,"1",M9:M37,"S") -> 0 | N39: =COUNTIFS($D9:$D37,"*",$F9:$F37,"1",N9:N37,"S") -> 0 | O39: =IF(AND($F39=1,J39="S"),IF(K39=3,1,IF(K39=2,0.6,IF(K39=1,0.3,0))),"") | V39: %Result. Estratégico-> | Y39: =IF(COUNTIFS(D9:D37,"*",$F9:$F37,"1")>0,SUMIFS($Y9:$Y37,D9:D37,"*",$F9:$F37,"1")/COUNTIFS(D9:D37,"*",$F9:$F37,"1"),0) -> 0
B40: =IF(OR(Capa!B6=0,Capa!B6=1),(Y39*70+Y40*30)/100, IF(OR(Capa!B6=2,Capa!B6=3),((Y39*60+Y40*30)/100)+ IF(AND(Capa!B6=2,M39>0),0.1,0)+ IF(AND(Capa!B6=3,M39>0),0.05,0)+ IF(AND(Capa!B6=3,N39>0),0.05,0),0)) -> 0 | C40: %Item | V40: %Result. Operacional-> | Y40: =IF(COUNTIFS(D9:D37,"*",$F9:$F37,"<>1")>0,SUMIFS($Y9:$Y37,D9:D37,"*",$F9:$F37,"<>1")/COUNTIFS(D9:D37,"*",$F9:$F37,"<>1"),0) -> 0
B41: ='Quadro Geral'!F34 -> 0.6 | C41: Pontos alcançados | O41: =IF(AND($F41=1,J41="S"),IF(K41=3,1,IF(K41=2,0.6,IF(K41=1,0.3,0))),"")
O42: =IF(AND($F42=1,J42="S"),IF(K42=3,1,IF(K42=2,0.6,IF(K42=1,0.3,0))),"")
B44: Comentários opcionais

Sheet 8.5
C1: =Capa!A1 -> MEGplan MEGIA 2026 | E1: Esta Aba está protegida pela senha "/" para proteger fórmulas de alterações acidentais
B2: =CONCATENATE("Item ",'Quadro Geral'!B35) -> Item 8.5 Relativos à força de trabalho
G3: Fatores de avaliação
B4: =IF(COUNTIF($D8:$D37,"*")>0,(COUNTIFS($D8:$D37,"*",$F8:$F37,"1",V8:V37,">=0")+COUNTIFS($D8:$D37,"*",$F8:$F37,"<>1",E8:E37,"*"))/COUNTIF($D8:$D37,"*"),0) -> 0 | G4: Evolução | J4: Competitividade | P4: Compromisso | V4: Potencial | AA4: Dados opcionais
B6: Livre | C6: Respons. | D6: Indicadores de desempenho | E6: Tipo N, E, O | G6: Permite avaliar evolução? S ou N | H6: GRAU EVOLUÇÃO | J6: Result. é comparável? S ou N | K6: GRAU COMPETITIVO | L6: Nome do Referencial Comparativo | M6: É Líder.? S, N ou NS | N6: É Ref. Exc? S, N ou NS | P6: Expressou Comprom.? S, N | Q6: GRAU COMPROMISSO | R6: Requisito relativo à qual PI? | S6: Era esperada Meta (MT) ou Evolução Fav (EF)? | T6: Qual o docum de origem do comprom.? | V6: GRAU POTENCIAL | W6: Nome do estudo que justifica o potencial? | Y6: % | AA6: Sentido | AB6: Ano-2 | AC6: Ano-1 | AD6: RC | AE6: RPI | AF6: Observações | AG6: ITEM ASSOCIADO
A9: 8 | F9: =IF(OR(ISNUMBER(SEARCH("N",$E9)),ISNUMBER(SEARCH("E",$E9))),1,"") | I9: =IF(G9="S",IF(H9=3,1,IF(H9=2,0.6,IF(H9=1,0.3,0))),"") | O9: =IF(AND($F9=1,J9="S"),IF(K9=3,1,IF(K9=2,0.6,IF(K9=1,0.3,0))),"") | U9: =IF(AND($F9=1,P9="S"),IF(Q9=3,1,IF(Q9=2,0.6,IF(Q9=1,0.3,0))),"") | X9: =IF($F9=1,IF(V9=3,1,IF(V9=2,0.6,IF(V9=1,0.3,0))),"") | Y9: =IF(AND(A9=8,NOT(ISBLANK(D9))),IF(F9<>1,I9,ROUND((IF(I9<>"",I9*30,0)+IF(O9<>"",O9*20,0)+IF(U9<>"",U9*30,0)+IF(X9<>"",X9*20,0))/((I9<>"")*30+(O9<>"")*20+(U9<>"")*30+(X9<>"")*20),2)),"")
A10: 8 | F10: =IF(OR(ISNUMBER(SEARCH("N",$E10)),ISNUMBER(SEARCH("E",$E10))),1,"") | I10: =IF(G10="S",IF(H10=3,1,IF(H10=2,0.6,IF(H10=1,0.3,0))),"") | O10: =IF(AND($F10=1,J10="S"),IF(K10=3,1,IF(K10=2,0.6,IF(K10=1,0.3,0))),"") | U10: =IF(AND($F10=1,P10="S"),IF(Q10=3,1,IF(Q10=2,0.6,IF(Q10=1,0.3,0))),"") | X10: =IF($F10=1,IF(V10=3,1,IF(V10=2,0.6,IF(V10=1,0.3,0))),"") | Y10: =IF(AND(A10=8,NOT(ISBLANK(D10))),IF(F10<>1,I10,ROUND((IF(I10<>"",I10*30,0)+IF(O10<>"",O10*20,0)+IF(U10<>"",U10*30,0)+IF(X10<>"",X10*20,0))/((I10<>"")*30+(O10<>"")*20+(U10<>"")*30+(X10<>"")*20),2)),"")
A11: 8 | F11: =IF(OR(ISNUMBER(SEARCH("N",$E11)),ISNUMBER(SEARCH("E",$E11))),1,"") | I11: =IF(G11="S",IF(H11=3,1,IF(H11=2,0.6,IF(H11=1,0.3,0))),"") | O11: =IF(AND($F11=1,J11="S"),IF(K11=3,1,IF(K11=2,0.6,IF(K11=1,0.3,0))),"") | U11: =IF(AND($F11=1,P11="S"),IF(Q11=3,1,IF(Q11=2,0.6,IF(Q11=1,0.3,0))),"") | X11: =IF($F11=1,IF(V11=3,1,IF(V11=2,0.6,IF(V11=1,0.3,0))),"") | Y11: =IF(AND(A11=8,NOT(ISBLANK(D11))),IF(F11<>1,I11,ROUND((IF(I11<>"",I11*30,0)+IF(O11<>"",O11*20,0)+IF(U11<>"",U11*30,0)+IF(X11<>"",X11*20,0))/((I11<>"")*30+(O11<>"")*20+(U11<>"")*30+(X11<>"")*20),2)),"")
A12: 8 | F12: =IF(OR(ISNUMBER(SEARCH("N",$E12)),ISNUMBER(SEARCH("E",$E12))),1,"") | I12: =IF(G12="S",IF(H12=3,1,IF(H12=2,0.6,IF(H12=1,0.3,0))),"") | O12: =IF(AND($F12=1,J12="S"),IF(K12=3,1,IF(K12=2,0.6,IF(K12=1,0.3,0))),"") | U12: =IF(AND($F12=1,P12="S"),IF(Q12=3,1,IF(Q12=2,0.6,IF(Q12=1,0.3,0))),"") | X12: =IF($F12=1,IF(V12=3,1,IF(V12=2,0.6,IF(V12=1,0.3,0))),"") | Y12: =IF(AND(A12=8,NOT(ISBLANK(D12))),IF(F12<>1,I12,ROUND((IF(I12<>"",I12*30,0)+IF(O12<>"",O12*20,0)+IF(U12<>"",U12*30,0)+IF(X12<>"",X12*20,0))/((I12<>"")*30+(O12<>"")*20+(U12<>"")*30+(X12<>"")*20),2)),"")
A13: 8 | F13: =IF(OR(ISNUMBER(SEARCH("N",$E13)),ISNUMBER(SEARCH("E",$E13))),1,"") | I13: =IF(G13="S",IF(H13=3,1,IF(H13=2,0.6,IF(H13=1,0.3,0))),"") | O13: =IF(AND($F13=1,J13="S"),IF(K13=3,1,IF(K13=2,0.6,IF(K13=1,0.3,0))),"") | U13: =IF(AND($F13=1,P13="S"),IF(Q13=3,1,IF(Q13=2,0.6,IF(Q13=1,0.3,0))),"") | X13: =IF($F13=1,IF(V13=3,1,IF(V13=2,0.6,IF(V13=1,0.3,0))),"") | Y13: =IF(AND(A13=8,NOT(ISBLANK(D13))),IF(F13<>1,I13,ROUND((IF(I13<>"",I13*30,0)+IF(O13<>"",O13*20,0)+IF(U13<>"",U13*30,0)+IF(X13<>"",X13*20,0))/((I13<>"")*30+(O13<>"")*20+(U13<>"")*30+(X13<>"")*20),2)),"")
A14: 8 | F14: =IF(OR(ISNUMBER(SEARCH("N",$E14)),ISNUMBER(SEARCH("E",$E14))),1,"") | I14: =IF(G14="S",IF(H14=3,1,IF(H14=2,0.6,IF(H14=1,0.3,0))),"") | O14: =IF(AND($F14=1,J14="S"),IF(K14=3,1,IF(K14=2,0.6,IF(K14=1,0.3,0))),"") | U14: =IF(AND($F14=1,P14="S"),IF(Q14=3,1,IF(Q14=2,0.6,IF(Q14=1,0.3,0))),"") | X14: =IF($F14=1,IF(V14=3,1,IF(V14=2,0.6,IF(V14=1,0.3,0))),"") | Y14: =IF(AND(A14=8,NOT(ISBLANK(D14))),IF(F14<>1,I14,ROUND((IF(I14<>"",I14*30,0)+IF(O14<>"",O14*20,0)+IF(U14<>"",U14*30,0)+IF(X14<>"",X14*20,0))/((I14<>"")*30+(O14<>"")*20+(U14<>"")*30+(X14<>"")*20),2)),"")
A15: 8 | F15: =IF(OR(ISNUMBER(SEARCH("N",$E15)),ISNUMBER(SEARCH("E",$E15))),1,"") | I15: =IF(G15="S",IF(H15=3,1,IF(H15=2,0.6,IF(H15=1,0.3,0))),"") | O15: =IF(AND($F15=1,J15="S"),IF(K15=3,1,IF(K15=2,0.6,IF(K15=1,0.3,0))),"") | U15: =IF(AND($F15=1,P15="S"),IF(Q15=3,1,IF(Q15=2,0.6,IF(Q15=1,0.3,0))),"") | X15: =IF($F15=1,IF(V15=3,1,IF(V15=2,0.6,IF(V15=1,0.3,0))),"") | Y15: =IF(AND(A15=8,NOT(ISBLANK(D15))),IF(F15<>1,I15,ROUND((IF(I15<>"",I15*30,0)+IF(O15<>"",O15*20,0)+IF(U15<>"",U15*30,0)+IF(X15<>"",X15*20,0))/((I15<>"")*30+(O15<>"")*20+(U15<>"")*30+(X15<>"")*20),2)),"")
A16: 8 | F16: =IF(OR(ISNUMBER(SEARCH("N",$E16)),ISNUMBER(SEARCH("E",$E16))),1,"") | I16: =IF(G16="S",IF(H16=3,1,IF(H16=2,0.6,IF(H16=1,0.3,0))),"") | O16: =IF(AND($F16=1,J16="S"),IF(K16=3,1,IF(K16=2,0.6,IF(K16=1,0.3,0))),"") | U16: =IF(AND($F16=1,P16="S"),IF(Q16=3,1,IF(Q16=2,0.6,IF(Q16=1,0.3,0))),"") | X16: =IF($F16=1,IF(V16=3,1,IF(V16=2,0.6,IF(V16=1,0.3,0))),"") | Y16: =IF(AND(A16=8,NOT(ISBLANK(D16))),IF(F16<>1,I16,ROUND((IF(I16<>"",I16*30,0)+IF(O16<>"",O16*20,0)+IF(U16<>"",U16*30,0)+IF(X16<>"",X16*20,0))/((I16<>"")*30+(O16<>"")*20+(U16<>"")*30+(X16<>"")*20),2)),"")
A17: 8 | F17: =IF(OR(ISNUMBER(SEARCH("N",$E17)),ISNUMBER(SEARCH("E",$E17))),1,"") | I17: =IF(G17="S",IF(H17=3,1,IF(H17=2,0.6,IF(H17=1,0.3,0))),"") | O17: =IF(AND($F17=1,J17="S"),IF(K17=3,1,IF(K17=2,0.6,IF(K17=1,0.3,0))),"") | U17: =IF(AND($F17=1,P17="S"),IF(Q17=3,1,IF(Q17=2,0.6,IF(Q17=1,0.3,0))),"") | X17: =IF($F17=1,IF(V17=3,1,IF(V17=2,0.6,IF(V17=1,0.3,0))),"") | Y17: =IF(AND(A17=8,NOT(ISBLANK(D17))),IF(F17<>1,I17,ROUND((IF(I17<>"",I17*30,0)+IF(O17<>"",O17*20,0)+IF(U17<>"",U17*30,0)+IF(X17<>"",X17*20,0))/((I17<>"")*30+(O17<>"")*20+(U17<>"")*30+(X17<>"")*20),2)),"")
A18: 8 | F18: =IF(OR(ISNUMBER(SEARCH("N",$E18)),ISNUMBER(SEARCH("E",$E18))),1,"") | I18: =IF(G18="S",IF(H18=3,1,IF(H18=2,0.6,IF(H18=1,0.3,0))),"") | O18: =IF(AND($F18=1,J18="S"),IF(K18=3,1,IF(K18=2,0.6,IF(K18=1,0.3,0))),"") | U18: =IF(AND($F18=1,P18="S"),IF(Q18=3,1,IF(Q18=2,0.6,IF(Q18=1,0.3,0))),"") | X18: =IF($F18=1,IF(V18=3,1,IF(V18=2,0.6,IF(V18=1,0.3,0))),"") | Y18: =IF(AND(A18=8,NOT(ISBLANK(D18))),IF(F18<>1,I18,ROUND((IF(I18<>"",I18*30,0)+IF(O18<>"",O18*20,0)+IF(U18<>"",U18*30,0)+IF(X18<>"",X18*20,0))/((I18<>"")*30+(O18<>"")*20+(U18<>"")*30+(X18<>"")*20),2)),"")
A19: 8 | F19: =IF(OR(ISNUMBER(SEARCH("N",$E19)),ISNUMBER(SEARCH("E",$E19))),1,"") | I19: =IF(G19="S",IF(H19=3,1,IF(H19=2,0.6,IF(H19=1,0.3,0))),"") | O19: =IF(AND($F19=1,J19="S"),IF(K19=3,1,IF(K19=2,0.6,IF(K19=1,0.3,0))),"") | U19: =IF(AND($F19=1,P19="S"),IF(Q19=3,1,IF(Q19=2,0.6,IF(Q19=1,0.3,0))),"") | X19: =IF($F19=1,IF(V19=3,1,IF(V19=2,0.6,IF(V19=1,0.3,0))),"") | Y19: =IF(AND(A19=8,NOT(ISBLANK(D19))),IF(F19<>1,I19,ROUND((IF(I19<>"",I19*30,0)+IF(O19<>"",O19*20,0)+IF(U19<>"",U19*30,0)+IF(X19<>"",X19*20,0))/((I19<>"")*30+(O19<>"")*20+(U19<>"")*30+(X19<>"")*20),2)),"")
A20: 8 | F20: =IF(OR(ISNUMBER(SEARCH("N",$E20)),ISNUMBER(SEARCH("E",$E20))),1,"") | I20: =IF(G20="S",IF(H20=3,1,IF(H20=2,0.6,IF(H20=1,0.3,0))),"") | O20: =IF(AND($F20=1,J20="S"),IF(K20=3,1,IF(K20=2,0.6,IF(K20=1,0.3,0))),"") | U20: =IF(AND($F20=1,P20="S"),IF(Q20=3,1,IF(Q20=2,0.6,IF(Q20=1,0.3,0))),"") | X20: =IF($F20=1,IF(V20=3,1,IF(V20=2,0.6,IF(V20=1,0.3,0))),"") | Y20: =IF(AND(A20=8,NOT(ISBLANK(D20))),IF(F20<>1,I20,ROUND((IF(I20<>"",I20*30,0)+IF(O20<>"",O20*20,0)+IF(U20<>"",U20*30,0)+IF(X20<>"",X20*20,0))/((I20<>"")*30+(O20<>"")*20+(U20<>"")*30+(X20<>"")*20),2)),"")
... A36: 8 | F36: =IF(OR(ISNUMBER(SEARCH("N",$E36)),ISNUMBER(SEARCH("E",$E36))),1,"") | I36: =IF(G36="S",IF(H36=3,1,IF(H36=2,0.6,IF(H36=1,0.3,0))),"") | O36: =IF(AND($F36=1,J36="S"),IF(K36=3,1,IF(K36=2,0.6,IF(K36=1,0.3,0))),"") | U36: =IF(AND($F36=1,P36="S"),IF(Q36=3,1,IF(Q36=2,0.6,IF(Q36=1,0.3,0))),"") | X36: =IF($F36=1,IF(V36=3,1,IF(V36=2,0.6,IF(V36=1,0.3,0))),"") | Y36: =IF(AND(A36=8,NOT(ISBLANK(D36))),IF(F36<>1,I36,ROUND((IF(I36<>"",I36*30,0)+IF(O36<>"",O36*20,0)+IF(U36<>"",U36*30,0)+IF(X36<>"",X36*20,0))/((I36<>"")*30+(O36<>"")*20+(U36<>"")*30+(X36<>"")*20),2)),"")
I37: =IF(G37="S",IF(H37=3,1,IF(H37=2,0.6,IF(H37=1,0.3,0))),"") | O37: =IF(AND($F37=1,J37="S"),IF(K37=3,1,IF(K37=2,0.6,IF(K37=1,0.3,0))),"") | U37: =IF(AND($F37=1,P37="S"),IF(Q37=3,1,IF(Q37=2,0.6,IF(Q37=1,0.3,0))),"") | X37: =IF($F37=1,IF(V37=3,1,IF(V37=2,0.6,IF(V37=1,0.3,0))),"")
B38: ='Quadro Geral'!D35 -> 7 | C38: Pontos possíveis | L38: Totais-> | M38: =COUNTIFS($D9:$D36,"*",$F9:$F36,"1",M9:M36,"S") -> 0 | N38: =COUNTIFS($D9:$D36,"*",$F9:$F36,"1",N9:N36,"S") -> 0 | O38: =IF(AND($F38=1,J38="S"),IF(K38=3,1,IF(K38=2,0.6,IF(K38=1,0.3,0))),"") | V38: %Result. Estratégico-> | Y38: =IF(COUNTIFS(D9:D36,"*",$F9:$F36,"1")>0,SUMIFS($Y9:$Y36,D9:D36,"*",$F9:$F36,"1")/COUNTIFS(D9:D36,"*",$F9:$F36,"1"),0) -> 0
B39: =IF(OR(Capa!B6=0,Capa!B6=1),(Y38*70+Y39*30)/100, IF(OR(Capa!B6=2,Capa!B6=3),((Y38*60+Y39*30)/100)+ IF(AND(Capa!B6=2,M38>0),0.1,0)+ IF(AND(Capa!B6=3,M38>0),0.05,0)+ IF(AND(Capa!B6=3,N38>0),0.05,0),0)) -> 0 | C39: %Item | V39: %Result. Operacional-> | Y39: =IF(COUNTIFS(D9:D36,"*",$F9:$F36,"<>1")>0,SUMIFS($Y9:$Y36,D9:D36,"*",$F9:$F36,"<>1")/COUNTIFS(D9:D36,"*",$F9:$F36,"<>1"),0) -> 0
B40: ='Quadro Geral'!F35 -> 0.35 | C40: Pontos alcançados | O40: =IF(AND($F40=1,J40="S"),IF(K40=3,1,IF(K40=2,0.6,IF(K40=1,0.3,0))),"")
O41: =IF(AND($F41=1,J41="S"),IF(K41=3,1,IF(K41=2,0.6,IF(K41=1,0.3,0))),"")
B43: Comentários opcionais

Sheet 8.6
C1: =Capa!A1 -> MEGplan MEGIA 2026 | E1: Esta Aba está protegida pela senha "/" para proteger fórmulas de alterações acidentais
B2: =CONCATENATE("Item ",'Quadro Geral'!B36) -> Item 8.6 Relativos ao fornecimento
G3: Fatores de avaliação
B4: =IF(COUNTIF($D8:$D46,"*")>0,(COUNTIFS($D8:$D46,"*",$F8:$F46,"1",V8:V46,">=0")+COUNTIFS($D8:$D46,"*",$F8:$F46,"<>1",E8:E46,"*"))/COUNTIF($D8:$D46,"*"),0) -> 0 | G4: Evolução | J4: Competitividade | P4: Compromisso | V4: Potencial | AA4: Dados opcionais
B6: Livre | C6: Respons. | D6: Indicadores de desempenho | E6: Tipo N, E, O | G6: Permite avaliar evolução? S ou N | H6: GRAU EVOLUÇÃO | J6: Result. é comparável? S ou N | K6: GRAU COMPETITIVO | L6: Nome do Referencial Comparativo | M6: É Líder.? S, N ou NS | N6: É Ref. Exc? S, N ou NS | P6: Expressou Comprom.? S, N | Q6: GRAU COMPROMISSO | R6: Requisito relativo à qual PI? | S6: Era esperada Meta (MT) ou Evolução Fav (EF)? | T6: Qual o docum de origem do comprom.? | V6: GRAU POTENCIAL | W6: Nome do estudo que justifica o potencial? | Y6: % | AA6: Sentido | AB6: Ano-2 | AC6: Ano-1 | AD6: RC | AE6: RPI | AF6: Observações | AG6: ITEM ASSOCIADO
A9: 8 | F9: =IF(OR(ISNUMBER(SEARCH("N",$E9)),ISNUMBER(SEARCH("E",$E9))),1,"") | I9: =IF(G9="S",IF(H9=3,1,IF(H9=2,0.6,IF(H9=1,0.3,0))),"") | O9: =IF(AND($F9=1,J9="S"),IF(K9=3,1,IF(K9=2,0.6,IF(K9=1,0.3,0))),"") | U9: =IF(AND($F9=1,P9="S"),IF(Q9=3,1,IF(Q9=2,0.6,IF(Q9=1,0.3,0))),"") | X9: =IF($F9=1,IF(V9=3,1,IF(V9=2,0.6,IF(V9=1,0.3,0))),"") | Y9: =IF(AND(A9=8,NOT(ISBLANK(D9))),IF(F9<>1,I9,ROUND((IF(I9<>"",I9*30,0)+IF(O9<>"",O9*20,0)+IF(U9<>"",U9*30,0)+IF(X9<>"",X9*20,0))/((I9<>"")*30+(O9<>"")*20+(U9<>"")*30+(X9<>"")*20),2)),"")
A10: 8 | F10: =IF(OR(ISNUMBER(SEARCH("N",$E10)),ISNUMBER(SEARCH("E",$E10))),1,"") | I10: =IF(G10="S",IF(H10=3,1,IF(H10=2,0.6,IF(H10=1,0.3,0))),"") | O10: =IF(AND($F10=1,J10="S"),IF(K10=3,1,IF(K10=2,0.6,IF(K10=1,0.3,0))),"") | U10: =IF(AND($F10=1,P10="S"),IF(Q10=3,1,IF(Q10=2,0.6,IF(Q10=1,0.3,0))),"") | X10: =IF($F10=1,IF(V10=3,1,IF(V10=2,0.6,IF(V10=1,0.3,0))),"") | Y10: =IF(AND(A10=8,NOT(ISBLANK(D10))),IF(F10<>1,I10,ROUND((IF(I10<>"",I10*30,0)+IF(O10<>"",O10*20,0)+IF(U10<>"",U10*30,0)+IF(X10<>"",X10*20,0))/((I10<>"")*30+(O10<>"")*20+(U10<>"")*30+(X10<>"")*20),2)),"")
A11: 8 | F11: =IF(OR(ISNUMBER(SEARCH("N",$E11)),ISNUMBER(SEARCH("E",$E11))),1,"") | I11: =IF(G11="S",IF(H11=3,1,IF(H11=2,0.6,IF(H11=1,0.3,0))),"") | O11: =IF(AND($F11=1,J11="S"),IF(K11=3,1,IF(K11=2,0.6,IF(K11=1,0.3,0))),"") | U11: =IF(AND($F11=1,P11="S"),IF(Q11=3,1,IF(Q11=2,0.6,IF(Q11=1,0.3,0))),"") | X11: =IF($F11=1,IF(V11=3,1,IF(V11=2,0.6,IF(V11=1,0.3,0))),"") | Y11: =IF(AND(A11=8,NOT(ISBLANK(D11))),IF(F11<>1,I11,ROUND((IF(I11<>"",I11*30,0)+IF(O11<>"",O11*20,0)+IF(U11<>"",U11*30,0)+IF(X11<>"",X11*20,0))/((I11<>"")*30+(O11<>"")*20+(U11<>"")*30+(X11<>"")*20),2)),"")
A12: 8 | F12: =IF(OR(ISNUMBER(SEARCH("N",$E12)),ISNUMBER(SEARCH("E",$E12))),1,"") | I12: =IF(G12="S",IF(H12=3,1,IF(H12=2,0.6,IF(H12=1,0.3,0))),"") | O12: =IF(AND($F12=1,J12="S"),IF(K12=3,1,IF(K12=2,0.6,IF(K12=1,0.3,0))),"") | U12: =IF(AND($F12=1,P12="S"),IF(Q12=3,1,IF(Q12=2,0.6,IF(Q12=1,0.3,0))),"") | X12: =IF($F12=1,IF(V12=3,1,IF(V12=2,0.6,IF(V12=1,0.3,0))),"") | Y12: =IF(AND(A12=8,NOT(ISBLANK(D12))),IF(F12<>1,I12,ROUND((IF(I12<>"",I12*30,0)+IF(O12<>"",O12*20,0)+IF(U12<>"",U12*30,0)+IF(X12<>"",X12*20,0))/((I12<>"")*30+(O12<>"")*20+(U12<>"")*30+(X12<>"")*20),2)),"")
A13: 8 | F13: =IF(OR(ISNUMBER(SEARCH("N",$E13)),ISNUMBER(SEARCH("E",$E13))),1,"") | I13: =IF(G13="S",IF(H13=3,1,IF(H13=2,0.6,IF(H13=1,0.3,0))),"") | O13: =IF(AND($F13=1,J13="S"),IF(K13=3,1,IF(K13=2,0.6,IF(K13=1,0.3,0))),"") | U13: =IF(AND($F13=1,P13="S"),IF(Q13=3,1,IF(Q13=2,0.6,IF(Q13=1,0.3,0))),"") | X13: =IF($F13=1,IF(V13=3,1,IF(V13=2,0.6,IF(V13=1,0.3,0))),"") | Y13: =IF(AND(A13=8,NOT(ISBLANK(D13))),IF(F13<>1,I13,ROUND((IF(I13<>"",I13*30,0)+IF(O13<>"",O13*20,0)+IF(U13<>"",U13*30,0)+IF(X13<>"",X13*20,0))/((I13<>"")*30+(O13<>"")*20+(U13<>"")*30+(X13<>"")*20),2)),"")
A14: 8 | F14: =IF(OR(ISNUMBER(SEARCH("N",$E14)),ISNUMBER(SEARCH("E",$E14))),1,"") | I14: =IF(G14="S",IF(H14=3,1,IF(H14=2,0.6,IF(H14=1,0.3,0))),"") | O14: =IF(AND($F14=1,J14="S"),IF(K14=3,1,IF(K14=2,0.6,IF(K14=1,0.3,0))),"") | U14: =IF(AND($F14=1,P14="S"),IF(Q14=3,1,IF(Q14=2,0.6,IF(Q14=1,0.3,0))),"") | X14: =IF($F14=1,IF(V14=3,1,IF(V14=2,0.6,IF(V14=1,0.3,0))),"") | Y14: =IF(AND(A14=8,NOT(ISBLANK(D14))),IF(F14<>1,I14,ROUND((IF(I14<>"",I14*30,0)+IF(O14<>"",O14*20,0)+IF(U14<>"",U14*30,0)+IF(X14<>"",X14*20,0))/((I14<>"")*30+(O14<>"")*20+(U14<>"")*30+(X14<>"")*20),2)),"")
A15: 8 | F15: =IF(OR(ISNUMBER(SEARCH("N",$E15)),ISNUMBER(SEARCH("E",$E15))),1,"") | I15: =IF(G15="S",IF(H15=3,1,IF(H15=2,0.6,IF(H15=1,0.3,0))),"") | O15: =IF(AND($F15=1,J15="S"),IF(K15=3,1,IF(K15=2,0.6,IF(K15=1,0.3,0))),"") | U15: =IF(AND($F15=1,P15="S"),IF(Q15=3,1,IF(Q15=2,0.6,IF(Q15=1,0.3,0))),"") | X15: =IF($F15=1,IF(V15=3,1,IF(V15=2,0.6,IF(V15=1,0.3,0))),"") | Y15: =IF(AND(A15=8,NOT(ISBLANK(D15))),IF(F15<>1,I15,ROUND((IF(I15<>"",I15*30,0)+IF(O15<>"",O15*20,0)+IF(U15<>"",U15*30,0)+IF(X15<>"",X15*20,0))/((I15<>"")*30+(O15<>"")*20+(U15<>"")*30+(X15<>"")*20),2)),"")
A16: 8 | F16: =IF(OR(ISNUMBER(SEARCH("N",$E16)),ISNUMBER(SEARCH("E",$E16))),1,"") | I16: =IF(G16="S",IF(H16=3,1,IF(H16=2,0.6,IF(H16=1,0.3,0))),"") | O16: =IF(AND($F16=1,J16="S"),IF(K16=3,1,IF(K16=2,0.6,IF(K16=1,0.3,0))),"") | U16: =IF(AND($F16=1,P16="S"),IF(Q16=3,1,IF(Q16=2,0.6,IF(Q16=1,0.3,0))),"") | X16: =IF($F16=1,IF(V16=3,1,IF(V16=2,0.6,IF(V16=1,0.3,0))),"") | Y16: =IF(AND(A16=8,NOT(ISBLANK(D16))),IF(F16<>1,I16,ROUND((IF(I16<>"",I16*30,0)+IF(O16<>"",O16*20,0)+IF(U16<>"",U16*30,0)+IF(X16<>"",X16*20,0))/((I16<>"")*30+(O16<>"")*20+(U16<>"")*30+(X16<>"")*20),2)),"")
A17: 8 | F17: =IF(OR(ISNUMBER(SEARCH("N",$E17)),ISNUMBER(SEARCH("E",$E17))),1,"") | I17: =IF(G17="S",IF(H17=3,1,IF(H17=2,0.6,IF(H17=1,0.3,0))),"") | O17: =IF(AND($F17=1,J17="S"),IF(K17=3,1,IF(K17=2,0.6,IF(K17=1,0.3,0))),"") | U17: =IF(AND($F17=1,P17="S"),IF(Q17=3,1,IF(Q17=2,0.6,IF(Q17=1,0.3,0))),"") | X17: =IF($F17=1,IF(V17=3,1,IF(V17=2,0.6,IF(V17=1,0.3,0))),"") | Y17: =IF(AND(A17=8,NOT(ISBLANK(D17))),IF(F17<>1,I17,ROUND((IF(I17<>"",I17*30,0)+IF(O17<>"",O17*20,0)+IF(U17<>"",U17*30,0)+IF(X17<>"",X17*20,0))/((I17<>"")*30+(O17<>"")*20+(U17<>"")*30+(X17<>"")*20),2)),"")
A18: 8 | F18: =IF(OR(ISNUMBER(SEARCH("N",$E18)),ISNUMBER(SEARCH("E",$E18))),1,"") | I18: =IF(G18="S",IF(H18=3,1,IF(H18=2,0.6,IF(H18=1,0.3,0))),"") | O18: =IF(AND($F18=1,J18="S"),IF(K18=3,1,IF(K18=2,0.6,IF(K18=1,0.3,0))),"") | U18: =IF(AND($F18=1,P18="S"),IF(Q18=3,1,IF(Q18=2,0.6,IF(Q18=1,0.3,0))),"") | X18: =IF($F18=1,IF(V18=3,1,IF(V18=2,0.6,IF(V18=1,0.3,0))),"") | Y18: =IF(AND(A18=8,NOT(ISBLANK(D18))),IF(F18<>1,I18,ROUND((IF(I18<>"",I18*30,0)+IF(O18<>"",O18*20,0)+IF(U18<>"",U18*30,0)+IF(X18<>"",X18*20,0))/((I18<>"")*30+(O18<>"")*20+(U18<>"")*30+(X18<>"")*20),2)),"")
A19: 8 | F19: =IF(OR(ISNUMBER(SEARCH("N",$E19)),ISNUMBER(SEARCH("E",$E19))),1,"") | I19: =IF(G19="S",IF(H19=3,1,IF(H19=2,0.6,IF(H19=1,0.3,0))),"") | O19: =IF(AND($F19=1,J19="S"),IF(K19=3,1,IF(K19=2,0.6,IF(K19=1,0.3,0))),"") | U19: =IF(AND($F19=1,P19="S"),IF(Q19=3,1,IF(Q19=2,0.6,IF(Q19=1,0.3,0))),"") | X19: =IF($F19=1,IF(V19=3,1,IF(V19=2,0.6,IF(V19=1,0.3,0))),"") | Y19: =IF(AND(A19=8,NOT(ISBLANK(D19))),IF(F19<>1,I19,ROUND((IF(I19<>"",I19*30,0)+IF(O19<>"",O19*20,0)+IF(U19<>"",U19*30,0)+IF(X19<>"",X19*20,0))/((I19<>"")*30+(O19<>"")*20+(U19<>"")*30+(X19<>"")*20),2)),"")
A20: 8 | F20: =IF(OR(ISNUMBER(SEARCH("N",$E20)),ISNUMBER(SEARCH("E",$E20))),1,"") | I20: =IF(G20="S",IF(H20=3,1,IF(H20=2,0.6,IF(H20=1,0.3,0))),"") | O20: =IF(AND($F20=1,J20="S"),IF(K20=3,1,IF(K20=2,0.6,IF(K20=1,0.3,0))),"") | U20: =IF(AND($F20=1,P20="S"),IF(Q20=3,1,IF(Q20=2,0.6,IF(Q20=1,0.3,0))),"") | X20: =IF($F20=1,IF(V20=3,1,IF(V20=2,0.6,IF(V20=1,0.3,0))),"") | Y20: =IF(AND(A20=8,NOT(ISBLANK(D20))),IF(F20<>1,I20,ROUND((IF(I20<>"",I20*30,0)+IF(O20<>"",O20*20,0)+IF(U20<>"",U20*30,0)+IF(X20<>"",X20*20,0))/((I20<>"")*30+(O20<>"")*20+(U20<>"")*30+(X20<>"")*20),2)),"")
... A45: 8 | F45: =IF(OR(ISNUMBER(SEARCH("N",$E45)),ISNUMBER(SEARCH("E",$E45))),1,"") | I45: =IF(G45="S",IF(H45=3,1,IF(H45=2,0.6,IF(H45=1,0.3,0))),"") | O45: =IF(AND($F45=1,J45="S"),IF(K45=3,1,IF(K45=2,0.6,IF(K45=1,0.3,0))),"") | U45: =IF(AND($F45=1,P45="S"),IF(Q45=3,1,IF(Q45=2,0.6,IF(Q45=1,0.3,0))),"") | X45: =IF($F45=1,IF(V45=3,1,IF(V45=2,0.6,IF(V45=1,0.3,0))),"") | Y45: =IF(AND(A45=8,NOT(ISBLANK(D45))),IF(F45<>1,I45,ROUND((IF(I45<>"",I45*30,0)+IF(O45<>"",O45*20,0)+IF(U45<>"",U45*30,0)+IF(X45<>"",X45*20,0))/((I45<>"")*30+(O45<>"")*20+(U45<>"")*30+(X45<>"")*20),2)),"")
I46: =IF(G46="S",IF(H46=3,1,IF(H46=2,0.6,IF(H46=1,0.3,0))),"") | O46: =IF(AND($F46=1,J46="S"),IF(K46=3,1,IF(K46=2,0.6,IF(K46=1,0.3,0))),"") | U46: =IF(AND($F46=1,P46="S"),IF(Q46=3,1,IF(Q46=2,0.6,IF(Q46=1,0.3,0))),"") | X46: =IF($F46=1,IF(V46=3,1,IF(V46=2,0.6,IF(V46=1,0.3,0))),"")
B47: ='Quadro Geral'!D36 -> 3 | C47: Pontos possíveis | L47: Totais-> | M47: =COUNTIFS($D9:$D45,"*",$F9:$F45,"1",M9:M45,"S") -> 0 | N47: =COUNTIFS($D9:$D45,"*",$F9:$F45,"1",N9:N45,"S") -> 0 | O47: =IF(AND($F47=1,J47="S"),IF(K47=3,1,IF(K47=2,0.6,IF(K47=1,0.3,0))),"") | V47: %Result. Estratégico-> | Y47: =IF(COUNTIFS(D9:D45,"*",$F9:$F45,"1")>0,SUMIFS($Y9:$Y45,D9:D45,"*",$F9:$F45,"1")/COUNTIFS(D9:D45,"*",$F9:$F45,"1"),0) -> 0
B48: =IF(OR(Capa!B6=0,Capa!B6=1),(Y47*70+Y48*30)/100, IF(OR(Capa!B6=2,Capa!B6=3),((Y47*60+Y48*30)/100)+ IF(AND(Capa!B6=2,M47>0),0.1,0)+ IF(AND(Capa!B6=3,M47>0),0.05,0)+ IF(AND(Capa!B6=3,N47>0),0.05,0),0)) -> 0 | C48: %Item | V48: %Result. Operacional-> | Y48: =IF(COUNTIFS(D9:D45,"*",$F9:$F45,"<>1")>0,SUMIFS($Y9:$Y45,D9:D45,"*",$F9:$F45,"<>1")/COUNTIFS(D9:D45,"*",$F9:$F45,"<>1"),0) -> 0
B49: ='Quadro Geral'!F37 -> 0.45 | C49: Pontos alcançados | O49: =IF(AND($F49=1,J49="S"),IF(K49=3,1,IF(K49=2,0.6,IF(K49=1,0.3,0))),"")
O50: =IF(AND($F50=1,J50="S"),IF(K50=3,1,IF(K50=2,0.6,IF(K50=1,0.3,0))),"")
B52: Comentários opcionais

Sheet 8.7
C1: =Capa!A1 -> MEGplan MEGIA 2026 | E1: Esta Aba está protegida pela senha "/" para proteger fórmulas de alterações acidentais
B2: =CONCATENATE("Item ",'Quadro Geral'!B37) -> Item 8.7 Relativos a produtos e processos
G3: Fatores de avaliação
B4: =IF(COUNTIF($D8:$D37,"*")>0,(COUNTIFS($D8:$D37,"*",$F8:$F37,"1",V8:V37,">=0")+COUNTIFS($D8:$D37,"*",$F8:$F37,"<>1",E8:E37,"*"))/COUNTIF($D8:$D37,"*"),0) -> 0 | G4: Evolução | J4: Competitividade | P4: Compromisso | V4: Potencial | AA4: Dados opcionais
B6: Livre | C6: Respons. | D6: Indicadores de desempenho | E6: Tipo N, E, O | G6: Permite avaliar evolução? S ou N | H6: GRAU EVOLUÇÃO | J6: Result. é comparável? S ou N | K6: GRAU COMPETITIVO | L6: Nome do Referencial Comparativo | M6: É Líder.? S, N ou NS | N6: É Ref. Exc? S, N ou NS | P6: Expressou Comprom.? S, N | Q6: GRAU COMPROMISSO | R6: Requisito relativo à qual PI? | S6: Era esperada Meta (MT) ou Evolução Fav (EF)? | T6: Qual o docum de origem do comprom.? | V6: GRAU POTENCIAL | W6: Nome do estudo que justifica o potencial? | Y6: % | AA6: Sentido | AB6: Ano-2 | AC6: Ano-1 | AD6: RC | AE6: RPI | AF6: Observações | AG6: ITEM ASSOCIADO
A9: 8 | F9: =IF(OR(ISNUMBER(SEARCH("N",$E9)),ISNUMBER(SEARCH("E",$E9))),1,"") | I9: =IF(G9="S",IF(H9=3,1,IF(H9=2,0.6,IF(H9=1,0.3,0))),"") | O9: =IF(AND($F9=1,J9="S"),IF(K9=3,1,IF(K9=2,0.6,IF(K9=1,0.3,0))),"") | U9: =IF(AND($F9=1,P9="S"),IF(Q9=3,1,IF(Q9=2,0.6,IF(Q9=1,0.3,0))),"") | X9: =IF($F9=1,IF(V9=3,1,IF(V9=2,0.6,IF(V9=1,0.3,0))),"") | Y9: =IF(AND(A9=8,NOT(ISBLANK(D9))),IF(F9<>1,I9,ROUND((IF(I9<>"",I9*30,0)+IF(O9<>"",O9*20,0)+IF(U9<>"",U9*30,0)+IF(X9<>"",X9*20,0))/((I9<>"")*30+(O9<>"")*20+(U9<>"")*30+(X9<>"")*20),2)),"")
A10: 8 | F10: =IF(OR(ISNUMBER(SEARCH("N",$E10)),ISNUMBER(SEARCH("E",$E10))),1,"") | I10: =IF(G10="S",IF(H10=3,1,IF(H10=2,0.6,IF(H10=1,0.3,0))),"") | O10: =IF(AND($F10=1,J10="S"),IF(K10=3,1,IF(K10=2,0.6,IF(K10=1,0.3,0))),"") | U10: =IF(AND($F10=1,P10="S"),IF(Q10=3,1,IF(Q10=2,0.6,IF(Q10=1,0.3,0))),"") | X10: =IF($F10=1,IF(V10=3,1,IF(V10=2,0.6,IF(V10=1,0.3,0))),"") | Y10: =IF(AND(A10=8,NOT(ISBLANK(D10))),IF(F10<>1,I10,ROUND((IF(I10<>"",I10*30,0)+IF(O10<>"",O10*20,0)+IF(U10<>"",U10*30,0)+IF(X10<>"",X10*20,0))/((I10<>"")*30+(O10<>"")*20+(U10<>"")*30+(X10<>"")*20),2)),"")
A11: 8 | F11: =IF(OR(ISNUMBER(SEARCH("N",$E11)),ISNUMBER(SEARCH("E",$E11))),1,"") | I11: =IF(G11="S",IF(H11=3,1,IF(H11=2,0.6,IF(H11=1,0.3,0))),"") | O11: =IF(AND($F11=1,J11="S"),IF(K11=3,1,IF(K11=2,0.6,IF(K11=1,0.3,0))),"") | U11: =IF(AND($F11=1,P11="S"),IF(Q11=3,1,IF(Q11=2,0.6,IF(Q11=1,0.3,0))),"") | X11: =IF($F11=1,IF(V11=3,1,IF(V11=2,0.6,IF(V11=1,0.3,0))),"") | Y11: =IF(AND(A11=8,NOT(ISBLANK(D11))),IF(F11<>1,I11,ROUND((IF(I11<>"",I11*30,0)+IF(O11<>"",O11*20,0)+IF(U11<>"",U11*30,0)+IF(X11<>"",X11*20,0))/((I11<>"")*30+(O11<>"")*20+(U11<>"")*30+(X11<>"")*20),2)),"")
A12: 8 | F12: =IF(OR(ISNUMBER(SEARCH("N",$E12)),ISNUMBER(SEARCH("E",$E12))),1,"") | I12: =IF(G12="S",IF(H12=3,1,IF(H12=2,0.6,IF(H12=1,0.3,0))),"") | O12: =IF(AND($F12=1,J12="S"),IF(K12=3,1,IF(K12=2,0.6,IF(K12=1,0.3,0))),"") | U12: =IF(AND($F12=1,P12="S"),IF(Q12=3,1,IF(Q12=2,0.6,IF(Q12=1,0.3,0))),"") | X12: =IF($F12=1,IF(V12=3,1,IF(V12=2,0.6,IF(V12=1,0.3,0))),"") | Y12: =IF(AND(A12=8,NOT(ISBLANK(D12))),IF(F12<>1,I12,ROUND((IF(I12<>"",I12*30,0)+IF(O12<>"",O12*20,0)+IF(U12<>"",U12*30,0)+IF(X12<>"",X12*20,0))/((I12<>"")*30+(O12<>"")*20+(U12<>"")*30+(X12<>"")*20),2)),"")
A13: 8 | F13: =IF(OR(ISNUMBER(SEARCH("N",$E13)),ISNUMBER(SEARCH("E",$E13))),1,"") | I13: =IF(G13="S",IF(H13=3,1,IF(H13=2,0.6,IF(H13=1,0.3,0))),"") | O13: =IF(AND($F13=1,J13="S"),IF(K13=3,1,IF(K13=2,0.6,IF(K13=1,0.3,0))),"") | U13: =IF(AND($F13=1,P13="S"),IF(Q13=3,1,IF(Q13=2,0.6,IF(Q13=1,0.3,0))),"") | X13: =IF($F13=1,IF(V13=3,1,IF(V13=2,0.6,IF(V13=1,0.3,0))),"") | Y13: =IF(AND(A13=8,NOT(ISBLANK(D13))),IF(F13<>1,I13,ROUND((IF(I13<>"",I13*30,0)+IF(O13<>"",O13*20,0)+IF(U13<>"",U13*30,0)+IF(X13<>"",X13*20,0))/((I13<>"")*30+(O13<>"")*20+(U13<>"")*30+(X13<>"")*20),2)),"")
A14: 8 | F14: =IF(OR(ISNUMBER(SEARCH("N",$E14)),ISNUMBER(SEARCH("E",$E14))),1,"") | I14: =IF(G14="S",IF(H14=3,1,IF(H14=2,0.6,IF(H14=1,0.3,0))),"") | O14: =IF(AND($F14=1,J14="S"),IF(K14=3,1,IF(K14=2,0.6,IF(K14=1,0.3,0))),"") | U14: =IF(AND($F14=1,P14="S"),IF(Q14=3,1,IF(Q14=2,0.6,IF(Q14=1,0.3,0))),"") | X14: =IF($F14=1,IF(V14=3,1,IF(V14=2,0.6,IF(V14=1,0.3,0))),"") | Y14: =IF(AND(A14=8,NOT(ISBLANK(D14))),IF(F14<>1,I14,ROUND((IF(I14<>"",I14*30,0)+IF(O14<>"",O14*20,0)+IF(U14<>"",U14*30,0)+IF(X14<>"",X14*20,0))/((I14<>"")*30+(O14<>"")*20+(U14<>"")*30+(X14<>"")*20),2)),"")
A15: 8 | F15: =IF(OR(ISNUMBER(SEARCH("N",$E15)),ISNUMBER(SEARCH("E",$E15))),1,"") | I15: =IF(G15="S",IF(H15=3,1,IF(H15=2,0.6,IF(H15=1,0.3,0))),"") | O15: =IF(AND($F15=1,J15="S"),IF(K15=3,1,IF(K15=2,0.6,IF(K15=1,0.3,0))),"") | U15: =IF(AND($F15=1,P15="S"),IF(Q15=3,1,IF(Q15=2,0.6,IF(Q15=1,0.3,0))),"") | X15: =IF($F15=1,IF(V15=3,1,IF(V15=2,0.6,IF(V15=1,0.3,0))),"") | Y15: =IF(AND(A15=8,NOT(ISBLANK(D15))),IF(F15<>1,I15,ROUND((IF(I15<>"",I15*30,0)+IF(O15<>"",O15*20,0)+IF(U15<>"",U15*30,0)+IF(X15<>"",X15*20,0))/((I15<>"")*30+(O15<>"")*20+(U15<>"")*30+(X15<>"")*20),2)),"")
A16: 8 | F16: =IF(OR(ISNUMBER(SEARCH("N",$E16)),ISNUMBER(SEARCH("E",$E16))),1,"") | I16: =IF(G16="S",IF(H16=3,1,IF(H16=2,0.6,IF(H16=1,0.3,0))),"") | O16: =IF(AND($F16=1,J16="S"),IF(K16=3,1,IF(K16=2,0.6,IF(K16=1,0.3,0))),"") | U16: =IF(AND($F16=1,P16="S"),IF(Q16=3,1,IF(Q16=2,0.6,IF(Q16=1,0.3,0))),"") | X16: =IF($F16=1,IF(V16=3,1,IF(V16=2,0.6,IF(V16=1,0.3,0))),"") | Y16: =IF(AND(A16=8,NOT(ISBLANK(D16))),IF(F16<>1,I16,ROUND((IF(I16<>"",I16*30,0)+IF(O16<>"",O16*20,0)+IF(U16<>"",U16*30,0)+IF(X16<>"",X16*20,0))/((I16<>"")*30+(O16<>"")*20+(U16<>"")*30+(X16<>"")*20),2)),"")
A17: 8 | F17: =IF(OR(ISNUMBER(SEARCH("N",$E17)),ISNUMBER(SEARCH("E",$E17))),1,"") | I17: =IF(G17="S",IF(H17=3,1,IF(H17=2,0.6,IF(H17=1,0.3,0))),"") | O17: =IF(AND($F17=1,J17="S"),IF(K17=3,1,IF(K17=2,0.6,IF(K17=1,0.3,0))),"") | U17: =IF(AND($F17=1,P17="S"),IF(Q17=3,1,IF(Q17=2,0.6,IF(Q17=1,0.3,0))),"") | X17: =IF($F17=1,IF(V17=3,1,IF(V17=2,0.6,IF(V17=1,0.3,0))),"") | Y17: =IF(AND(A17=8,NOT(ISBLANK(D17))),IF(F17<>1,I17,ROUND((IF(I17<>"",I17*30,0)+IF(O17<>"",O17*20,0)+IF(U17<>"",U17*30,0)+IF(X17<>"",X17*20,0))/((I17<>"")*30+(O17<>"")*20+(U17<>"")*30+(X17<>"")*20),2)),"")
A18: 8 | F18: =IF(OR(ISNUMBER(SEARCH("N",$E18)),ISNUMBER(SEARCH("E",$E18))),1,"") | I18: =IF(G18="S",IF(H18=3,1,IF(H18=2,0.6,IF(H18=1,0.3,0))),"") | O18: =IF(AND($F18=1,J18="S"),IF(K18=3,1,IF(K18=2,0.6,IF(K18=1,0.3,0))),"") | U18: =IF(AND($F18=1,P18="S"),IF(Q18=3,1,IF(Q18=2,0.6,IF(Q18=1,0.3,0))),"") | X18: =IF($F18=1,IF(V18=3,1,IF(V18=2,0.6,IF(V18=1,0.3,0))),"") | Y18: =IF(AND(A18=8,NOT(ISBLANK(D18))),IF(F18<>1,I18,ROUND((IF(I18<>"",I18*30,0)+IF(O18<>"",O18*20,0)+IF(U18<>"",U18*30,0)+IF(X18<>"",X18*20,0))/((I18<>"")*30+(O18<>"")*20+(U18<>"")*30+(X18<>"")*20),2)),"")
A19: 8 | F19: =IF(OR(ISNUMBER(SEARCH("N",$E19)),ISNUMBER(SEARCH("E",$E19))),1,"") | I19: =IF(G19="S",IF(H19=3,1,IF(H19=2,0.6,IF(H19=1,0.3,0))),"") | O19: =IF(AND($F19=1,J19="S"),IF(K19=3,1,IF(K19=2,0.6,IF(K19=1,0.3,0))),"") | U19: =IF(AND($F19=1,P19="S"),IF(Q19=3,1,IF(Q19=2,0.6,IF(Q19=1,0.3,0))),"") | X19: =IF($F19=1,IF(V19=3,1,IF(V19=2,0.6,IF(V19=1,0.3,0))),"") | Y19: =IF(AND(A19=8,NOT(ISBLANK(D19))),IF(F19<>1,I19,ROUND((IF(I19<>"",I19*30,0)+IF(O19<>"",O19*20,0)+IF(U19<>"",U19*30,0)+IF(X19<>"",X19*20,0))/((I19<>"")*30+(O19<>"")*20+(U19<>"")*30+(X19<>"")*20),2)),"")
A20: 8 | F20: =IF(OR(ISNUMBER(SEARCH("N",$E20)),ISNUMBER(SEARCH("E",$E20))),1,"") | I20: =IF(G20="S",IF(H20=3,1,IF(H20=2,0.6,IF(H20=1,0.3,0))),"") | O20: =IF(AND($F20=1,J20="S"),IF(K20=3,1,IF(K20=2,0.6,IF(K20=1,0.3,0))),"") | U20: =IF(AND($F20=1,P20="S"),IF(Q20=3,1,IF(Q20=2,0.6,IF(Q20=1,0.3,0))),"") | X20: =IF($F20=1,IF(V20=3,1,IF(V20=2,0.6,IF(V20=1,0.3,0))),"") | Y20: =IF(AND(A20=8,NOT(ISBLANK(D20))),IF(F20<>1,I20,ROUND((IF(I20<>"",I20*30,0)+IF(O20<>"",O20*20,0)+IF(U20<>"",U20*30,0)+IF(X20<>"",X20*20,0))/((I20<>"")*30+(O20<>"")*20+(U20<>"")*30+(X20<>"")*20),2)),"")
... A36: 8 | F36: =IF(OR(ISNUMBER(SEARCH("N",$E36)),ISNUMBER(SEARCH("E",$E36))),1,"") | I36: =IF(G36="S",IF(H36=3,1,IF(H36=2,0.6,IF(H36=1,0.3,0))),"") | O36: =IF(AND($F36=1,J36="S"),IF(K36=3,1,IF(K36=2,0.6,IF(K36=1,0.3,0))),"") | U36: =IF(AND($F36=1,P36="S"),IF(Q36=3,1,IF(Q36=2,0.6,IF(Q36=1,0.3,0))),"") | X36: =IF($F36=1,IF(V36=3,1,IF(V36=2,0.6,IF(V36=1,0.3,0))),"") | Y36: =IF(AND(A36=8,NOT(ISBLANK(D36))),IF(F36<>1,I36,ROUND((IF(I36<>"",I36*30,0)+IF(O36<>"",O36*20,0)+IF(U36<>"",U36*30,0)+IF(X36<>"",X36*20,0))/((I36<>"")*30+(O36<>"")*20+(U36<>"")*30+(X36<>"")*20),2)),"")
I37: =IF(G37="S",IF(H37=3,1,IF(H37=2,0.6,IF(H37=1,0.3,0))),"") | O37: =IF(AND($F37=1,J37="S"),IF(K37=3,1,IF(K37=2,0.6,IF(K37=1,0.3,0))),"") | U37: =IF(AND($F37=1,P37="S"),IF(Q37=3,1,IF(Q37=2,0.6,IF(Q37=1,0.3,0))),"") | X37: =IF($F37=1,IF(V37=3,1,IF(V37=2,0.6,IF(V37=1,0.3,0))),"")
B38: ='Quadro Geral'!D37 -> 9 | C38: Pontos possíveis | L38: Totais-> | M38: =COUNTIFS($D9:$D36,"*",$F9:$F36,"1",M9:M36,"S") -> 0 | N38: =COUNTIFS($D9:$D36,"*",$F9:$F36,"1",N9:N36,"S") -> 0 | O38: =IF(AND($F38=1,J38="S"),IF(K38=3,1,IF(K38=2,0.6,IF(K38=1,0.3,0))),"") | V38: %Result. Estratégico-> | Y38: =IF(COUNTIFS(D9:D36,"*",$F9:$F36,"1")>0,SUMIFS($Y9:$Y36,D9:D36,"*",$F9:$F36,"1")/COUNTIFS(D9:D36,"*",$F9:$F36,"1"),0) -> 0
B39: =IF(OR(Capa!B6=0,Capa!B6=1),(Y38*70+Y39*30)/100, IF(OR(Capa!B6=2,Capa!B6=3),((Y38*60+Y39*30)/100)+ IF(AND(Capa!B6=2,M38>0),0.1,0)+ IF(AND(Capa!B6=3,M38>0),0.05,0)+ IF(AND(Capa!B6=3,N38>0),0.05,0),0)) -> 0 | C39: %Item | V39: %Result. Operacional-> | Y39: =IF(COUNTIFS(D9:D36,"*",$F9:$F36,"<>1")>0,SUMIFS($Y9:$Y36,D9:D36,"*",$F9:$F36,"<>1")/COUNTIFS(D9:D36,"*",$F9:$F36,"<>1"),0) -> 0
B40: ='Quadro Geral'!F37 -> 0.45 | C40: Pontos alcançados | O40: =IF(AND($F40=1,J40="S"),IF(K40=3,1,IF(K40=2,0.6,IF(K40=1,0.3,0))),"")
O41: =IF(AND($F41=1,J41="S"),IF(K41=3,1,IF(K41=2,0.6,IF(K41=1,0.3,0))),"")
B43: Comentários opcionais

Sheet Quadro Geral
B1: =Capa!A1 -> MEGplan MEGIA 2026 | C1: =IF(Capa!$E$7<>ABS(YEAR(TODAY())-Capa!$J$3),"Não licenciada. Cálculo correto em 1 e 8.1","") -> Não licenciada. Cálculo correto em 1 e 8.1
B2: Quadro Geral | C2: Progresso | D2: Pont.Max | E2: %Alcançado | F2: Pontos
B3: Critérios e Itens
B4: 1 LIDERANÇA | C4: ='1'!$D$3 -> 0 | D4: =IF(Capa!$B$6=0,9,IF(Capa!$B$6=1,18,SUM(D5:D7))) -> 9 | E4: ='1'!F3 -> 0 | F4: =IF(OR(Capa!$B$6=0,Capa!$B$6=1),D4*E4,SUM(F5:F7)) -> 0
B5: 1.1 Desenvolvimento da cultura | D5: =IF(Capa!$B$6=2,10,IF(Capa!$B$6=3,18,"")) | E5: =IF(OR(Capa!$B$6=0,Capa!$B$6=1),"",'1'!F6) | F5: =IF(OR(Capa!$B$6=0,Capa!$B$6=1),"",D5*E5)
B6: 1.2 Governança | D6: =IF(Capa!$B$6=2,10,IF(Capa!$B$6=3,22,"")) | E6: =IF(OR(Capa!$B$6=0,Capa!$B$6=1),"",'1'!F12) | F6: =IF(OR(Capa!$B$6=0,Capa!$B$6=1),"",D6*E6)
B7: 1.3 Exercício da liderança | D7: =IF(Capa!$B$6=2,15,IF(Capa!$B$6=3,30,"")) | E7: =IF(OR(Capa!$B$6=0,Capa!$B$6=1),"",'1'!F21) | F7: =IF(OR(Capa!$B$6=0,Capa!$B$6=1),"",D7*E7)
B8: 2 ESTRATÉGIAS E PLANOS | C8: ='2'!$D$3 -> 0 | D8: =IF(Capa!$B$6=0,9,IF(Capa!$B$6=1,18,SUM(D9:D11))) -> 9 | E8: =IF(Capa!$E$7<>ABS(YEAR(TODAY())-Capa!$J$3),0.05,'2'!F3) -> 0.05 | F8: =IF(OR(Capa!$B$6=0,Capa!$B$6=1),D8*E8,SUM(F9:F11)) -> 0.45
B9: 2.1 Formulação de estratégias | D9: =IF(Capa!$B$6=2,12,IF(Capa!$B$6=3,23,"")) | E9: =IF(OR(Capa!$B$6=0,Capa!$B$6=1),"",IF(Capa!$E$7<>ABS(YEAR(TODAY())-Capa!$J$3),0.05,'2'!F6)) | F9: =IF(OR(Capa!$B$6=0,Capa!$B$6=1),"",D9*E9)
B10: 2.2 Desdobramento de estratégias | D10: =IF(Capa!$B$6=2,12,IF(Capa!$B$6=3,24,"")) | E10: =IF(OR(Capa!$B$6=0,Capa!$B$6=1),"",IF(Capa!$E$7<>ABS(YEAR(TODAY())-Capa!$J$3),0.05,'2'!F13)) | F10: =IF(OR(Capa!$B$6=0,Capa!$B$6=1),"",D10*E10)
B11: 2.3 Análise de desempenho da organização | D11: =IF(Capa!$B$6=2,11,IF(Capa!$B$6=3,23,"")) | E11: =IF(OR(Capa!$B$6=0,Capa!$B$6=1),"",IF(Capa!$E$7<>ABS(YEAR(TODAY())-Capa!$J$3),0.05,'2'!F21)) | F11: =IF(OR(Capa!$B$6=0,Capa!$B$6=1),"",D11*E11)
B12: 3 CLIENTES | C12: ='3'!$D$3 -> 0 | D12: =IF(Capa!$B$6=0,10,IF(Capa!$B$6=1,20,SUM(D13:D14))) -> 10 | E12: =IF(Capa!$E$7<>ABS(YEAR(TODAY())-Capa!$J$3),0.05,'3'!F3) -> 0.05 | F12: =IF(OR(Capa!$B$6=0,Capa!$B$6=1),D12*E12,SUM(F13:F14)) -> 0.5
B13: 3.1 Mercado e atuação sustentável | D13: =IF(Capa!$B$6=2,24,IF(Capa!$B$6=3,50,"")) | E13: =IF(OR(Capa!$B$6=0,Capa!$B$6=1),"",IF(Capa!$E$7<>ABS(YEAR(TODAY())-Capa!$J$3),0.05,'3'!F6)) | F13: =IF(OR(Capa!$B$6=0,Capa!$B$6=1),"",D13*E13)
B14: 3.2 Experiência sustentável | D14: =IF(Capa!$B$6=2,16,IF(Capa!$B$6=3,30,"")) | E14: =IF(OR(Capa!$B$6=0,Capa!$B$6=1),"",IF(Capa!$E$7<>ABS(YEAR(TODAY())-Capa!$J$3),0.05,'3'!F16)) | F14: =IF(OR(Capa!$B$6=0,Capa!$B$6=1),"",D14*E14)
B15: 4 SOCIEDADE | C15: ='4'!$D$3 -> 0 | D15: =IF(Capa!$B$6=0,8,IF(Capa!$B$6=1,16,SUM(D16:D17))) -> 8 | E15: =IF(Capa!$E$7<>ABS(YEAR(TODAY())-Capa!$J$3),0.05,'4'!F3) -> 0.05 | F15: =IF(OR(Capa!$B$6=0,Capa!$B$6=1),D15*E15,SUM(F16:F17)) -> 0.4
B16: 4.1 Responsabilidade social | D16: =IF(Capa!$B$6=2,20,IF(Capa!$B$6=3,38,"")) | E16: =IF(OR(Capa!$B$6=0,Capa!$B$6=1),"",IF(Capa!$E$7<>ABS(YEAR(TODAY())-Capa!$J$3),0.05,'4'!F6)) | F16: =IF(OR(Capa!$B$6=0,Capa!$B$6=1),"",D16*E16)
B17: 4.2 Segurança socioambiental | D17: =IF(Capa!$B$6=2,10,IF(Capa!$B$6=3,22,"")) | E17: =IF(OR(Capa!$B$6=0,Capa!$B$6=1),"",IF(Capa!$E$7<>ABS(YEAR(TODAY())-Capa!$J$3),0.05,'4'!F14)) | F17: =IF(OR(Capa!$B$6=0,Capa!$B$6=1),"",D17*E17)
B18: 5 CONHECIMENTO, INOVAÇÃO E TECNOLOGIA | C18: ='5'!$D$3 -> 0 | D18: =IF(Capa!$B$6=0,9,IF(Capa!$B$6=1,18,SUM(D19:D21))) -> 9 | E18: =IF(Capa!$E$7<>ABS(YEAR(TODAY())-Capa!$J$3),0.05,'5'!F3) -> 0.05 | F18: =IF(OR(Capa!$B$6=0,Capa!$B$6=1),D18*E18,SUM(F19:F21)) -> 0.45
B19: 5.1 Conhecimento | D19: =IF(Capa!$B$6=2,12,IF(Capa!$B$6=3,24,"")) | E19: =IF(OR(Capa!$B$6=0,Capa!$B$6=1),"",IF(Capa!$E$7<>ABS(YEAR(TODAY())-Capa!$J$3),0.05,'5'!F6)) | F19: =IF(OR(Capa!$B$6=0,Capa!$B$6=1),"",D19*E19)
B20: 5.2 Inovação sustentável | D20: =IF(Capa!$B$6=2,12,IF(Capa!$B$6=3,23,"")) | E20: =IF(OR(Capa!$B$6=0,Capa!$B$6=1),"",IF(Capa!$E$7<>ABS(YEAR(TODAY())-Capa!$J$3),0.05,'5'!F12)) | F20: =IF(OR(Capa!$B$6=0,Capa!$B$6=1),"",D20*E20)
B21: 5.3 Adaptação digital segura | D21: =IF(Capa!$B$6=2,11,IF(Capa!$B$6=3,23,"")) | E21: =IF(OR(Capa!$B$6=0,Capa!$B$6=1),"",IF(Capa!$E$7<>ABS(YEAR(TODAY())-Capa!$J$3),0.05,'5'!F18)) | F21: =IF(OR(Capa!$B$6=0,Capa!$B$6=1),"",D21*E21)
B22: 6 PESSOAS | C22: ='6'!$D$3 -> 0 | D22: =IF(Capa!$B$6=0,10,IF(Capa!$B$6=1,20,SUM(D23:D24))) -> 10 | E22: =IF(Capa!$E$7<>ABS(YEAR(TODAY())-Capa!$J$3),0.05,'6'!F3) -> 0.05 | F22: =IF(OR(Capa!$B$6=0,Capa!$B$6=1),D22*E22,SUM(F23:F24)) -> 0.5
B23: 6.1 Equipes de alta performance | D23: =IF(Capa!$B$6=2,25,IF(Capa!$B$6=3,44,"")) | E23: =IF(OR(Capa!$B$6=0,Capa!$B$6=1),"",IF(Capa!$E$7<>ABS(YEAR(TODAY())-Capa!$J$3),0.05,'6'!F6)) | F23: =IF(OR(Capa!$B$6=0,Capa!$B$6=1),"",D23*E23)
B24: 6.2 Desenvolvimento de líderes | D24: =IF(Capa!$B$6=2,15,IF(Capa!$B$6=3,36,"")) | E24: =IF(OR(Capa!$B$6=0,Capa!$B$6=1),"",IF(Capa!$E$7<>ABS(YEAR(TODAY())-Capa!$J$3),0.05,'6'!F14)) | F24: =IF(OR(Capa!$B$6=0,Capa!$B$6=1),"",D24*E24)
B25: 7 PROCESSOS | C25: ='7'!$D$3 -> 0 | D25: =IF(Capa!$B$6=0,15,IF(Capa!$B$6=1,30,SUM(D26:D28))) -> 15 | E25: =IF(Capa!$E$7<>ABS(YEAR(TODAY())-Capa!$J$3),0.05,'7'!F3) -> 0.05 | F25: =IF(OR(Capa!$B$6=0,Capa!$B$6=1),D25*E25,SUM(F26:F28)) -> 0.75
B26: 7.1 Processos primários e de suporte | D26: =IF(Capa!$B$6=2,19,IF(Capa!$B$6=3,34,"")) | E26: =IF(OR(Capa!$B$6=0,Capa!$B$6=1),"",IF(Capa!$E$7<>ABS(YEAR(TODAY())-Capa!$J$3),0.05,'7'!F6)) | F26: =IF(OR(Capa!$B$6=0,Capa!$B$6=1),"",D26*E26)
B27: 7.2 Processos de suprimento | D27: =IF(Capa!$B$6=2,18,IF(Capa!$B$6=3,42,"")) | E27: =IF(OR(Capa!$B$6=0,Capa!$B$6=1),"",IF(Capa!$E$7<>ABS(YEAR(TODAY())-Capa!$J$3),0.05,'7'!F13)) | F27: =IF(OR(Capa!$B$6=0,Capa!$B$6=1),"",D27*E27)
B28: 7.3 Processos econômico-financeiros | D28: =IF(Capa!$B$6=2,18,IF(Capa!$B$6=3,34,"")) | E28: =IF(OR(Capa!$B$6=0,Capa!$B$6=1),"",IF(Capa!$E$7<>ABS(YEAR(TODAY())-Capa!$J$3),0.05,'7'!F21)) | F28: =IF(OR(Capa!$B$6=0,Capa!$B$6=1),"",D28*E28)
B29: Subtotal | D29: =D4+D8+D12+D15+D18+D22+D25 -> 70 | E29: =IF(Capa!$E$7<>ABS(YEAR(TODAY())-Capa!$J$3),0.05,F29/D29) -> 0.05 | F29: =F4+F8+F12+F15+F18+F22+F25 -> 3.05
B30: 8 RESULTADOS | D30: =SUM(D31:D37) -> 55 | E30: =IF(Capa!$E$7<>ABS(YEAR(TODAY())-Capa!$J$3),0.05,F30/D30) -> 0.05 | F30: =SUM(F31:F37) -> 10.958
B31: 8.1 Econômico-financeiros | D31: =IF(Capa!$B$6=0,12,IF(Capa!$B$6=1,24,IF(Capa!$B$6=2,50,IF(Capa!$B$6=3,100,"")))) -> 12 | E31: ='8.1'!B41 -> 0.734 | F31: =D31*E31 -> 8.808
B32: 8.2 Ambientais | D32: =IF(Capa!$B$6=0,6,IF(Capa!$B$6=1,12,IF(Capa!$B$6=2,25,IF(Capa!$B$6=3,50,"")))) -> 6 | E32: =IF(Capa!$E$7<>ABS(YEAR(TODAY())-Capa!$J$3),0.05,'8.2'!B39) -> 0.05 | F32: =D32*E32 -> 0.3
B33: 8.3 Sociais | D33: =IF(Capa!$B$6=0,6,IF(Capa!$B$6=1,12,IF(Capa!$B$6=2,25,IF(Capa!$B$6=3,50,"")))) -> 6 | E33: =IF(Capa!$E$7<>ABS(YEAR(TODAY())-Capa!$J$3),0.05,'8.3'!B49) -> 0.05 | F33: =D33*E33 -> 0.3
B34: 8.4 Relativos a clientes | D34: =IF(Capa!$B$6=0,12,IF(Capa!$B$6=1,24,IF(Capa!$B$6=2,50,IF(Capa!$B$6=3,100,"")))) -> 12 | E34: =IF(Capa!$E$7<>ABS(YEAR(TODAY())-Capa!$J$3),0.05,'8.4'!B40) -> 0.05 | F34: =D34*E34 -> 0.6
B35: 8.5 Relativos à força de trabalho | D35: =IF(Capa!$B$6=0,7,IF(Capa!$B$6=1,14,IF(Capa!$B$6=2,30,IF(Capa!$B$6=3,60,"")))) -> 7 | E35: =IF(Capa!$E$7<>ABS(YEAR(TODAY())-Capa!$J$3),0.05,'8.5'!B39) -> 0.05 | F35: =D35*E35 -> 0.35
B36: 8.6 Relativos ao fornecimento | D36: =IF(Capa!$B$6=0,3,IF(Capa!$B$6=1,6,IF(Capa!$B$6=2,10,IF(Capa!$B$6=3,20,"")))) -> 3 | E36: =IF(Capa!$E$7<>ABS(YEAR(TODAY())-Capa!$J$3),0.05,'8.6'!B48) -> 0.05 | F36: =D36*E36 -> 0.15
B37: 8.7 Relativos a produtos e processos | D37: =IF(Capa!$B$6=0,9,IF(Capa!$B$6=1,18,IF(Capa!$B$6=2,40,IF(Capa!$B$6=3,80,"")))) -> 9 | E37: =IF(Capa!$E$7<>ABS(YEAR(TODAY())-Capa!$J$3),0.05,'8.7'!B39) -> 0.05 | F37: =D37*E37 -> 0.45
B38: Total Geral | D38: =D29+D30 -> 125 | E38: =F38/D38 -> 0.112064 | F38: =F29+F30 -> 14.008
